Workbook
Name IQ_CH: 110000
Name IQ_CQ: 5000
Name IQ_CY: 10000
Name IQ_DAILY: 500000
Name IQ_FH: 100000
Name IQ_FQ: 500
Name IQ_FY: 1000
Name IQ_LTM: 2000
Name IQ_MONTH: 15000
Name IQ_NTM: 6000
Name IQ_WEEK: 50000
Name IQ_YTD: 3000

Sheet Comparison of 2026 vs. 2025
C1: CAISO PUBLIC
C2: All values in $ million unless otherwise noted
C5: In the first year of the current model, the estimate for 2026 HV Base Transmission Revenue Requirement (TRR) is $130.3M higher than the forecasted 2026 HV Base TRR from the previous model.
C6: This difference grows by approximately 3% year-over-year and is due to an increase on average in HV Base TRR for the 5 largest PTOs.
C8: HV Base TRR | D8: 2025 | E8: =D8+1 -> 2026 | F8: =E8+1 -> 2027 | G8: =F8+1 -> 2028 | H8: =G8+1 -> 2029 | I8: =H8+1 -> 2030 | J8: =I8+1 -> 2031 | K8: =J8+1 -> 2032 | L8: =K8+1 -> 2033 | ... S8: =R8+1 -> 2040
C9: Current Model
C10: 5 Largest PTOs* | E10: =Existing!I221 -> 3071.2082 | F10: =Existing!J221 -> 3078.1218 | G10: =Existing!K221 -> 3091.4568 | H10: =Existing!L221 -> 3105.0586 | I10: =Existing!M221 -> 3118.9324 | J10: =Existing!N221 -> 3133.0836 | K10: =Existing!O221 -> 3147.5179 | L10: =Existing!P221 -> 3162.2408 | ... S10: =Existing!W221 -> 3273.8846
C11: Other PTOs | E11: =Existing!I222 -> 371.89839 | F11: =Existing!J222 -> 379.33635 | G11: =Existing!K222 -> 386.92308 | H11: =Existing!L222 -> 394.66154 | I11: =Existing!M222 -> 402.55477 | J11: =Existing!N222 -> 410.60587 | K11: =Existing!O222 -> 418.81799 | L11: =Existing!P222 -> 427.19435 | ... S11: =Existing!W222 -> 490.71202
C12: Total | E12: =SUM(E10:E11) -> 3443.1065 | F12: =SUM(F10:F11) -> 3457.4582 | G12: =SUM(G10:G11) -> 3478.3799 | H12: =SUM(H10:H11) -> 3499.7201 | I12: =SUM(I10:I11) -> 3521.4871 | J12: =SUM(J10:J11) -> 3543.6895 | K12: =SUM(K10:K11) -> 3566.3359 | L12: =SUM(L10:L11) -> 3589.4352 | ... S12: =SUM(S10:S11) -> 3764.5966
C14: Previous Model
C15: 5 Largest PTOs* | D15: 2911.0232 | E15: 2920.0386 | F15: 2929.2343 | G15: 2938.6139 | H15: 2948.1811 | I15: 2957.9397 | J15: 2967.8934 | K15: 2978.0462 | L15: 2988.402 | M15: 2998.965 | N15: 3009.7392 | O15: 3020.7289 | P15: 3031.9384 | Q15: 3043.3721 | R15: 3055.0345
C16: Other PTOS | D16: 385.05884 | E16: 392.76001 | F16: 400.61521 | G16: 408.62752 | H16: 416.80007 | I16: 425.13607 | J16: 433.63879 | K16: 442.31157 | L16: 451.1578 | M16: 460.18095 | N16: 469.38457 | O16: 478.77227 | P16: 488.34771 | Q16: 498.11466 | R16: 508.07696
C17: Total | D17: 3296.0821 | E17: 3312.7986 | F17: 3329.8495 | G17: 3347.2414 | H17: 3364.9812 | I17: 3383.0757 | J17: 3401.5322 | K17: 3420.3577 | L17: 3439.5598 | M17: 3459.1459 | N17: 3479.1238 | O17: 3499.5012 | P17: 3520.2861 | Q17: 3541.4868 | R17: 3563.1114
C19: Difference
C20: Subtotal | E20: =E10-E15 -> 151.16953 | F20: =F10-F15 -> 148.88749 | G20: =G10-G15 -> 152.84292 | H20: =H10-H15 -> 156.87745 | I20: =I10-I15 -> 160.99268 | J20: =J10-J15 -> 165.19022 | K20: =K10-K15 -> 169.4717 | L20: =L10-L15 -> 173.83881 | ... R20: =R10-R15 -> 201.93806
C21: Other PTOs | E21: =E11-E16 -> -20.861627 | F21: =F11-F16 -> -21.278859 | G21: =G11-G16 -> -21.704436 | H21: =H11-H16 -> -22.138525 | I21: =I11-I16 -> -22.581296 | J21: =J11-J16 -> -23.032922 | K21: =K11-K16 -> -23.49358 | L21: =L11-L16 -> -23.963452 | ... R21: =R11-R16 -> -26.986739
C22: Total | E22: =E12-E17 -> 130.3079 | F22: =F12-F17 -> 127.60863 | G22: =G12-G17 -> 131.13848 | H22: =H12-H17 -> 134.73893 | I22: =I12-I17 -> 138.41139 | J22: =J12-J17 -> 142.15729 | K22: =K12-K17 -> 145.97812 | L22: =L12-L17 -> 149.87536 | ... R22: =R12-R17 -> 174.95132
C23: *Includes PG&E, SDG&E, SCE, Trans Bay Cable, and DATC Path 15
C25: The most significant changes in the HV Base TRR for this model compared to 2025 are highlighted in the table below and also explored in more detail on the 'HV Base TRR Supplementary' Tab
C27: Break out of HV Base TRR for 5 largest PTOs
D28: Previous Model | E28: Current Model | F28: Difference
D29: 2026 Projection | E29: 2026 Actual | F29: (Current - Previous) | G29: % Change
C30: PG&E | D30: 1006.0977 | E30: =Existing!I171 -> 906.9043 | F30: =E30-D30 -> -99.193378 | G30: =F30/D30 -> -0.098592195
C31: SCE | D31: 1279.3803 | E31: =Existing!I181 -> 1414.7739 | F31: =E31-D31 -> 135.3937 | G31: =F31/D31 -> 0.10582757
C32: SDG&E | D32: 495.66411 | E32: =Existing!I191 -> 599.326 | F32: =E32-D32 -> 103.66189 | G32: =F32/D32 -> 0.20913738
C33: DATC Path 15 | D33: 18.593825 | E33: =Existing!I201 -> 24.788905 | F33: =E33-D33 -> 6.1950795 | G33: =F33/D33 -> 0.3331794
C34: Trans Bay Cable | D34: 126.05106 | E34: =Existing!I211 -> 125.415 | F34: =E34-D34 -> -0.63606051 | G34: =F34/D34 -> -0.0050460544
C35: Subtotal | D35: =SUM(D30:D34) -> 2925.7869 | E35: =SUM(E30:E34) -> 3071.2082 | F35: =E35-D35 -> 145.42123 | G35: =F35/D35 -> 0.049703289
C38: In addition to a higher starting HV Base TRR for the 5 largest PTOs, the current model also includes a greater increase from HV Transmission Revenue Balancing Account Adjustments (TRBAA) for these PTOs.
C39: Of these PTOs, PG&E saw the greatest increase in TRBAA on a dollar basis, totaling $108.3M and representing a 60% increase compared to the forecasted 2026 TRBAA from the previous model.
C41: Break out of HV TRBAA for 5 largest PTOs
D42: Previous Model | E42: Current Model | F42: Difference
D43: 2026 Projection | E43: 2026 Actual | F43: (Current - Previous) | G43: % Change
C44: PG&E | D44: -180.55356 | E44: =Existing!I41 -> -72.266228 | F44: =E44-D44 -> 108.28734 | G44: =F44/ABS(D44) -> 0.59975186
C45: SCE | D45: -211.54737 | E45: =Existing!I42 -> -170.89739 | F45: =E45-D45 -> 40.649979 | G45: =F45/ABS(D45) -> 0.19215545
C46: SDG&E | D46: -50.218996 | E46: =Existing!I43 -> -39.987951 | F46: =E46-D46 -> 10.231045 | G46: =F46/ABS(D46) -> 0.20372859
C47: DATC Path 15 | D47: 0.794428 | E47: =Existing!I50 -> 1.661538 | F47: =E47-D47 -> 0.86711 | G47: =F47/ABS(D47) -> 1.0914897
C48: Trans Bay Cable | D48: 3.869521 | E48: =Existing!I52 -> 8.704544 | F48: =E48-D48 -> 4.835023 | G48: =F48/ABS(D48) -> 1.2495146
C49: Subtotal | D49: =SUM(D44:D48) -> -437.65598 | E49: =SUM(E44:E48) -> -272.78548 | F49: =E49-D49 -> 164.87049 | G49: =F49/ABS(D49) -> 0.37671254
C52: In addition to a higher HV Base TRR, greater TRBAA increases, and increased new project spending, the overall TAC charges are affected by differing load growth assumptions.
C53: The previous model assumed a 2.18% Gross Load Growth, whereas this year's model assumes a 2.30% Gross Load Growth1 in order to align with CAISO's statewide energy demand baseline forecast.
C54: Although the Gross Load Growth rate is higher compared to 2025, the starting load value in the current model is lower than the 2025 forecasted load from the previous model. Therefore, the Gross Load forecast is lower than the forecast from the previous model over the course of the analysis.
C55: As a result, the current load forecast leads to a smaller denominator in the TAC Rate calculation for 2026 and beyond compared to the previous model.
C57: Gross Load (GWh) | D57: 2025 | E57: =D57+1 -> 2026 | F57: =E57+1 -> 2027 | G57: =F57+1 -> 2028 | H57: =G57+1 -> 2029 | I57: =H57+1 -> 2030 | J57: =I57+1 -> 2031 | K57: =J57+1 -> 2032 | L57: =K57+1 -> 2033 | ... S57: =R57+1 -> 2040
C58: Current Model | E58: =Existing!I146 -> 204108.77 | F58: =Existing!J146 -> 208803.27 | G58: =Existing!K146 -> 213605.75 | H58: =Existing!L146 -> 218518.68 | I58: =Existing!M146 -> 223544.61 | J58: =Existing!N146 -> 228686.14 | K58: =Existing!O146 -> 233945.92 | L58: =Existing!P146 -> 239326.68 | ... S58: =Existing!W146 -> 280621.24
C59: Previous Model | D59: 203217.79 | E59: 207650.09 | F59: 212179.07 | G59: 216806.82 | H59: 221535.51 | I59: 226367.33 | J59: 231304.54 | K59: 236349.43 | L59: 241504.35 | M59: 246771.71 | N59: 252153.95 | O59: 257653.58 | P59: 263273.16 | Q59: 269015.3 | R59: 274882.69
C60: Difference | E60: =E58-E59 -> -3541.3185 | F60: =F58-F59 -> -3375.7903 | G60: =G58-G59 -> -3201.0683 | H60: =H58-H59 -> -3016.8234 | I60: =I58-I59 -> -2822.7167 | J60: =J58-J59 -> -2618.3985 | K60: =K58-K59 -> -2403.5086 | L60: =L58-L59 -> -2177.676 | ... R60: =R58-R59 -> -570.62254
C63: In total, the increase in HV Base TRR, increase in TRBAA, and lower Gross Load Growth assumption contribute to higher TAC rates compared to the previous model.
C64: Assuming a discount rate of 8.5% commensurate with that assumed for new facilities, the 15-year levelized rates in the current model sit higher, but align, with those from the previous model.
C66: TAC Rate Forecast ($/MWh) | D66: 2025 | E66: =D66+1 -> 2026 | F66: =E66+1 -> 2027 | G66: =F66+1 -> 2028 | H66: =G66+1 -> 2029 | I66: =H66+1 -> 2030 | J66: =I66+1 -> 2031 | K66: =J66+1 -> 2032 | L66: =K66+1 -> 2033 | ... S66: =R66+1 -> 2040
C67: Current Model | E67: =Summary!I20 -> 15.816167 | F67: =Summary!J20 -> 16.215363 | G67: =Summary!K20 -> 18.052116 | H67: =Summary!L20 -> 20.435457 | I67: =Summary!M20 -> 21.974943 | J67: =Summary!N20 -> 23.241245 | K67: =Summary!O20 -> 24.475597 | L67: =Summary!P20 -> 25.436505 | ... S67: =Summary!W20 -> 22.586555
C68: Previous Model | D68: 14.869258 | E68: 15.109112 | F68: 15.583918 | G68: 17.15972 | H68: 18.822066 | I68: 19.206681 | J68: 19.462142 | K68: 19.717567 | L68: 20.452939 | M68: 21.221214 | N68: 21.21973 | O68: 21.004465 | P68: 20.484811 | Q68: 19.911409 | R68: 19.360131
C69: Difference | E69: =E67-E68 -> 0.70705493 | F69: =F67-F68 -> 0.6314451 | G69: =G67-G68 -> 0.89239592 | H69: =H67-H68 -> 1.6133915 | I69: =I67-I68 -> 2.7682622 | J69: =J67-J68 -> 3.7791027 | K69: =K67-K68 -> 4.75803 | L69: =L67-L68 -> 4.9835659 | ... R69: =R67-R68 -> 3.9159562
C71: Levelized Rate ($/MWh)
C72: Discount Rate (%) | D72: 0.085
C73: Number of Periods | D73: 15
C74: Current Model | D74: =-PMT($D$72,$D$73,NPV($D$72,E67:S67)) -> 21.567549
C75: Previous Model | D75: =-PMT($D$72,$D$73,NPV($D$72,D68:R68)) -> 18.250612
C78: In the previous model, a 2.00% Non-ISO Gross Capital Growth Rate was applied to forecast the growth rate of Gross Plant totals.
C79: The actual growth rate for Gross Plant totals between the previous model and the current model is 7.24%, which is notably higher than the 2.00% assumption.
C80: DATC Path 15's Gross Plant totals appear to be reverting back to the higher estimates seen between 2023-2024.
C81: Other PTOs are likely also reacting to to a changing inflationary environment over the last 3 years.
C82: Despite this difference, the average actual growth rate from 2024-2026 is 5.59%. This value is slightly closer to the 2.00% assumption but ultimately points to a potential continued YoY plant growth rate of greater than 2%.
C83: A look at historical Gross Plant totals for the 5 largest PTOs over the past 5 years is included to highlight the change in Gross Plant growth rates over time.
C84: We conclude that this assumption did contribute to the difference in TAC rates between the previous model and the current model but that the 2.00% value should be maintained in future models until a sustained period of high growth rates in Gross Plant totals is observed.
C86: Break out of Gross Plant totals for 5 largest PTOs
D87: Previous Model | F87: Current Model | J87: Older Model
D88: 2025 Actual | E88: 2026 Projection | F88: 2026 Actual | G88: Projected Growth | H88: Actual Growth | J88: 2024 Actual | K88: Avg. Actual Growth
C89: PG&E | D89: 6090.6778 | E89: 6212.4914 | F89: =Existing!I164 -> 6552.6953 | G89: =(E89-D89)/D89 -> 0.02 | H89: =(F89-D89)/D89 -> 0.075856506 | J89: 5662.2932 | K89: =AVERAGE((D89-J89)/J89,(F89-D89)/D89) -> 0.075756085
C90: SCE | D90: 11087.416 | E90: 11309.164 | F90: =Existing!I174 -> 11655.427 | G90: =(E90-D90)/D90 -> 0.02 | H90: =(F90-D90)/D90 -> 0.051230249 | J90: 10899.813 | K90: =AVERAGE((D90-J90)/J90,(F90-D90)/D90) -> 0.034220876
C91: SDG&E | D91: 4479.9594 | E91: 4569.5586 | F91: =Existing!I184 -> 5041.2801 | G91: =(E91-D91)/D91 -> 0.02 | H91: =(F91-D91)/D91 -> 0.12529593 | J91: 4250.2263 | K91: =AVERAGE((D91-J91)/J91,(F91-D91)/D91) -> 0.089673949
C92: DATC Path 15 | D92: 129.09338 | E92: 131.67525 | F92: =Existing!I194 -> 151.76605 | G92: =(E92-D92)/D92 -> 0.02 | H92: =(F92-D92)/D92 -> 0.17562999 | J92: 129.09338 | K92: =AVERAGE((D92-J92)/J92,(F92-D92)/D92) -> 0.087814994
C93: Trans Bay Cable | D93: 521.23327 | E93: 531.65793 | F93: =Existing!I204 -> 521.23327 | G93: =(E93-D93)/D93 -> 0.02 | H93: =(F93-D93)/D93 -> 0 | J93: 521.23327 | K93: =AVERAGE((D93-J93)/J93,(F93-D93)/D93) -> 0
C94: Subtotal | D94: =SUM(D89:D93) -> 22308.379 | E94: =SUM(E89:E93) -> 22754.547 | F94: =SUM(F89:F93) -> 23922.401 | G94: =(E94-D94)/D94 -> 0.02 | H94: =(F94-D94)/D94 -> 0.07235048 | J94: =SUM(J89:J93) -> 21462.66 | K94: =AVERAGE((D94-J94)/J94,(F94-D94)/D94) -> 0.05587736
D96: Historical
D97: 2022 Actual | E97: 2023 Actual | F97: 2024 Actual | G97: 2025 Actual | H97: 2026 Actual
C98: PG&E | D98: 5968.6202 | E98: 5708.2435 | F98: =J89 -> 5662.2932 | G98: =D89 -> 6090.6778 | H98: =F89 -> 6552.6953
C99: SCE | D99: 10080.617 | E99: 10659.135 | F99: =J90 -> 10899.813 | G99: =D90 -> 11087.416 | H99: =F90 -> 11655.427
C100: SDG&E | D100: 3942.542 | E100: 3942.542 | F100: =J91 -> 4250.2263 | G100: =D91 -> 4479.9594 | H100: =F91 -> 5041.2801
C101: DATC Path 15 | D101: 114.67966 | E101: 143.04942 | F101: =J92 -> 129.09338 | G101: =D92 -> 129.09338 | H101: =F92 -> 151.76605
C102: Trans Bay Cable | D102: 521.23327 | E102: 521.23327 | F102: =J93 -> 521.23327 | G102: =D93 -> 521.23327 | H102: =F93 -> 521.23327
C103: Subtotal | D103: =SUM(D98:D102) -> 20627.693 | E103: =SUM(E98:E102) -> 20974.203 | F103: =SUM(F98:F102) -> 21462.66 | G103: =SUM(G98:G102) -> 22308.379 | H103: =SUM(H98:H102) -> 23922.401 | I103: 3-Year Average
C104: Growth Rate | E104: =(E103-D103)/D103 -> 0.016798305 | F104: =(F103-E103)/E103 -> 0.023288458 | G104: =(G103-F103)/F103 -> 0.039404241 | H104: =(H103-G103)/G103 -> 0.07235048 | I104: =AVERAGE(F104:H104) -> 0.045014393
C106: The analysis below tracks how various components of the TAC rate have changed over time for all PTOs.
C107: The TAC rate components considered below include the HV Base TRR, HV TRBAA, and the HV Standby Credit.
C108: Compared to the previous model, one new projects is included: LS Power Grid.
C109: On average across all PTOs, the HV Base TRR increased by 5.26%, and the HV TRBAA credits decreased (became more positive) by 38.85% compared to the previous model.
C110: At the same time, the HV Standby Credits decreased (became less negative) by 3.15% compared to the previous model.
C111: Together, the changes in Base TRR, TRBAA, and Standby Credit resulted in an overall increase in the HV total for existing resources of 12.02% compared to the previous model.
C113: HV Base TRR
D114: 2019 | E114: 2020 | F114: 2021 | G114: 2022 | H114: 2023 | I114: 2024 | J114: 2025 | K114: 2026 | L114: % Growth (2025-2026)
C115: PG&E | D115: 735.156 | E115: 977.11395 | F115: 963.94174 | G115: 1206.3051 | H115: 1126.2255 | I115: 957.69792 | J115: 1001.0208 | K115: =Existing!I14 -> 906.9043 | L115: =IFERROR((K115-J115)/J115,0) -> -0.094020573
C116: SCE | D116: 1002.301 | E116: 929.23982 | F116: 1050.1653 | G116: 1351.5688 | H116: 1347.5303 | I116: 1061.8176 | J116: 1272.9244 | K116: =Existing!I15 -> 1414.7739 | L116: =IFERROR((K116-J116)/J116,0) -> 0.11143593
C117: SDG&E | D117: 530.419 | E117: 566.25067 | F117: 532.18452 | G117: 575.13609 | H117: 587.72299 | I117: 602.6091 | J117: 493.16296 | K117: =Existing!I16 -> 599.326 | L117: =IFERROR((K117-J117)/J117,0) -> 0.21526969
C118: Anaheim | D118: 30 | E118: 30 | F118: 33.197617 | G118: 32.2 | H118: 32.2 | I118: 32.2 | J118: 32.2 | K118: =Existing!I17 -> 32.2 | L118: =IFERROR((K118-J118)/J118,0) -> 0
C119: Azusa | D119: 1.216936 | E119: 1.165163 | F119: 1.197881 | G119: 1.230075 | H119: 1.230075 | I119: 1.385769 | J119: 1.30576 | K119: =Existing!I18 -> 1.066676 | L119: =IFERROR((K119-J119)/J119,0) -> -0.1830995
C120: Banning | D120: 0.902619 | E120: 0.825727 | F120: 0.818927 | G120: 0.798824 | H120: 0.852573 | I120: 0.971419 | J120: 0.90984 | K120: =Existing!I19 -> 0.729511 | L120: =IFERROR((K120-J120)/J120,0) -> -0.19819858
C121: Pasadena | D121: 15.168702 | E121: 16.13855 | F121: 16.13855 | G121: 16.13855 | H121: 16.13855 | I121: 16.13855 | J121: 16.13855 | K121: =Existing!I20 -> 16.13855 | L121: =IFERROR((K121-J121)/J121,0) -> 0
C122: Riverside | D122: 34.06787 | E122: 34.912491 | F122: 32.656489 | G122: 29.260727 | H122: 32.696628 | I122: 41.041952 | J122: 37.147399 | K122: =Existing!I21 -> 25.165197 | L122: =IFERROR((K122-J122)/J122,0) -> -0.3225583
C123: Vernon | D123: 2.915648 | E123: 3.130395 | F123: 1.973581 | G123: 3.249504 | H123: 0 | I123: 0 | J123: 0 | K123: =Existing!I22 -> 0 | L123: =IFERROR((K123-J123)/J123,0) -> 0
...

Sheet HV Base TRR Supplementary
C1: CAISO PUBLIC
C2: All values in $ million unless otherwise noted
C5: PG&E
C6: The decrease in PG&E's HV Base TRR between 2025 and 2026 is driven by decreases in several key categories.
C7: The greatest decreases from 2025 to 2026 are driven by the interest expenses on network upgrades and the depreciation rate adjustments
C8: A reduction in the cost of capital rate from 8.50% to 7.44% also serves to reduce the total return on capital
C9: These changes across the various categories are outlined in the following table:
C12: Break out of Select HV Base TRR Components
D13: 2025 | E13: 2026 | F13: Difference | G13: % Change
C14: Network Upgrade Interest Expense | D14: =6481277.4721373/1000000 -> 6.4812775 | E14: =240723.845519718/1000000 -> 0.24072385 | F14: =E14-D14 -> -6.2405536 | G14: =F14/D14 -> -0.96285858 | I14: TO21 Formula Model, Tab26-WholesaleTRRs, Line 202, HV only
C15: A&G Expense | D15: =66145633.1932239/1000000 -> 66.145633 | E15: =44437241.7493681/1000000 -> 44.437242 | F15: =E15-D15 -> -21.708391 | G15: =F15/D15 -> -0.32819085 | I15: TO21 Formula Model, Tab26-WholesaleTRRs, Line 201, HV only
C16: Depreciation Rate Adjustment | D16: =25207762.3804265/1000000 -> 25.207762 | E16: =769297.948250677/1000000 -> 0.76929795 | F16: =E16-D16 -> -24.438464 | G16: =F16/D16 -> -0.9694817 | I16: TO21 Formula Model, Tab26-WholesaleTRRs, Line 204, HV only
C17: Income Taxes | D17: =87910243.6864521/1000000 -> 87.910244 | E17: =73379868.7693214/1000000 -> 73.379869 | F17: =E17-D17 -> -14.530375 | G17: =F17/D17 -> -0.16528648 | I17: TO21 Formula Model, Tab26-WholesaleTRRs, Line 208, HV only
C18: Return on Capital | D18: =319209059.159294/1000000 -> 319.20906 | E18: =290307313.261933/1000000 -> 290.30731 | F18: =E18-D18 -> -28.901746 | G18: =F18/D18 -> -0.090541747 | I18: TO21 Formula Model, Tab26-WholesaleTRRs, Line 206, HV only
C19: Subtotal | D19: =SUM(D14:D18) -> 504.95398 | E19: =SUM(E14:E18) -> 409.13445 | F19: =E19-D19 -> -95.81953 | G19: =F19/D19 -> -0.18975894
C22: A less negative True-Up Adjustment1 as discussed in PG&E's draft Formula Rate Annual Update Filing is also included in this analysis
C23: The True-Up Adjustment arises from a shortfall or excess in revenue collected over the prior year.
C24: If the PTO collects excess revenue, the True-Up Adjustment will be negative, and the amount will be returned to customers.
C25: If the PTO collects a shortfall in revenue, the True-Up Adjustment will be positive, and the amount will be collected from customers.
C26: From 2025 to 2026, PG&E's True-Up Adjustment increased (became less negative) by $14.0M, as outlined in the following table:
C28: YoY Change in True-Up Adjustment
D29: 2025 | E29: 2026 | F29: Difference | G29: % Change
C30: True-Up Adjustment | D30: =-122214168.136137/1000000 -> -122.21417 | E30: =-108261990.721323/1000000 -> -108.26199 | F30: =E30-D30 -> 13.952177 | G30: =(E30 - D30) / ABS(D30) -> 0.1141617 | I30: TO21 Formula Model, Tab26-WholesaleTRRs, Line 216, HV only
C33: SCE
C34: The increase in SCE's HV Base TRR between 2025 and 2026 is driven by the increase in the True-Up Adjustment
C35: As discussed in SCE's draft Formula Rate Annual Update Filing,2 the company's True-Up Adjustment increased (became less negative) by $51.3M
C37: Break out of HV Base TRR Expenses
D38: 2025 | E38: 2026 | F38: Difference | G38: % Change
C39: True Up Adjustment | D39: =13247389.7789973/1000000 -> 13.24739 | E39: =64511621.4974007/1000000 -> 64.511621 | F39: =E39-D39 -> 51.264232 | G39: =(E39 - D39) / ABS(D39) -> 3.869761
C42: The True Up Adjustment arises from a shortfall or excess in revenue collected over the prior year.
C43: If the PTO collects excess revenue, the True Up Adjustment will be negative, and the amount will be returned to customers.
C44: If the PTO collects a shortfall in revenue, the True Up Adjustment will be positive, and the amount will be collected from customers.
C45: In the previous model, SCE had a shortfall in revenue leading to a positive True Up Adjustment (charge to customers) of $13.2M.
C46: In the current model, SCE experienced an even higher shortfall in revenue leading to a higher True Up Adjustment of $64.5M.
C47: Details of the True Up Adjustment are provided below:
C49: Break out of True Up Adjustment
D50: 2025 | E50: 2026 | F50: Difference | G50: % Change
C51: Shortfall or Excess Revenue in Prior Year | D51: =-121648458.993935/1000000 -> -121.64846 | E51: =70448685.6624879/1000000 -> 70.448686 | F51: =E51-D51 -> 192.09714 | G51: =IFERROR((E51-D51) / ABS(D51),0) -> 1.579117 | I51: TO2026 Annual Update, Attachment 1, Schedule 3 TrueUpAdjust, Line 26
C52: Previous Annual Update TU Adjustment | D52: =-133413458.797663/1000000 -> -133.41346 | E52: =13247389.7789973/1000000 -> 13.24739 | F52: =E52-D52 -> 146.66085 | G52: =IFERROR((E52-D52) / ABS(D52),0) -> 1.0992958 | I52: TO2026 Annual Update, Attachment 1, Schedule 3 TrueUpAdjust, Line 27
C53: TU Adjustment without Projected Interest | D53: =D51-D52 -> 11.765 | E53: =57201295.8834906/1000000 -> 57.201296 | F53: =E53-D53 -> 45.436296 | G53: =IFERROR((E53-D53) / ABS(D53),0) -> 3.8619887 | I53: TO2026 Annual Update, Attachment 1, Schedule 3 TrueUpAdjust, Line 28
C54: Projected Interest to Rate Year Mid-Point | D54: =1482389.97526968/1000000 -> 1.48239 | E54: =7310325.6139101/1000000 -> 7.3103256 | F54: =E54-D54 -> 5.8279356 | G54: =IFERROR((E54-D54) / ABS(D54),0) -> 3.9314457 | I54: TO2026 Annual Update, Attachment 1, Schedule 3 TrueUpAdjust, Line 29
C55: True Up Adjustment | D55: =SUM(D53:D54) -> 13.24739 | E55: =SUM(E53:E54) -> 64.511621 | F55: =E55-D55 -> 51.264232 | G55: =IFERROR((E55-D55) / ABS(D55),0) -> 3.869761
C58: DATC Path 15
C59: The main driver of the increase in DATC Path 15's Base TRR is an increase in O&M costs outlined in the table below:
C61: Break out of HV Base TRR Expenses
D62: 2025 | E62: 2026 | F62: Difference | G62: % Change
C63: Operations & Maintenance | D63: 2.2911299 | E63: 8.0424211 | F63: =E63-D63 -> 5.7512912 | G63: =(E63 - D63) / ABS(D63) -> 2.5102423 | I63: Docket ER25-2707, Exhibit No. VPA-0205, Tab BK, Line 13
B66: 1 | C66: PGE - TO2026 Draft Annual Update Filing Letter
B67: 2 | C67: SCE - TO2026 Draft Annual Update Filing Letter
B68: 3 | C68: DATC Path 15 Tariff Filing

Sheet Summary
A1: Summary | D1: CAISO PUBLIC
A2: ($ million)
F3: Reference | H3: 2025 | I3: =H3+1 -> 2026 | J3: =I3+1 -> 2027 | K3: =J3+1 -> 2028 | L3: =K3+1 -> 2029 | M3: =L3+1 -> 2030 | N3: =M3+1 -> 2031 | O3: =N3+1 -> 2032 | P3: =O3+1 -> 2033 | ... W3: =V3+1 -> 2040
A4: Line | E4: Column | H4: 0 | I4: 1 | J4: =I4+1 -> 2 | K4: =J4+1 -> 3 | L4: =K4+1 -> 4 | M4: =L4+1 -> 5 | N4: =M4+1 -> 6 | O4: =N4+1 -> 7 | P4: =O4+1 -> 8 | Q4: =P4+1 -> 9 | ... W4: =V4+1 -> 15
C6: HV Revenue Requirements
A7: 1 | D7: Existing Facilities | I7: =Existing!I119 -> 3185.3083 | J7: =Existing!J119 -> 3173.1983 | K7: =Existing!K119 -> 3193.9182 | L7: =Existing!L119 -> 3215.0544 | M7: =Existing!M119 -> 3236.6154 | N7: =Existing!N119 -> 3258.6097 | O7: =Existing!O119 -> 3281.0459 | P7: =Existing!P119 -> 3303.933 | ... W7: =Existing!W119 -> 3477.548
A8: =A7+1 -> 2 | D8: =Reliability!E1 -> Reliability | I8: =Reliability!I89 -> 21.277565 | J8: =Reliability!J89 -> 93.627995 | K8: =Reliability!K89 -> 350.24135 | L8: =Reliability!L89 -> 673.90672 | M8: =Reliability!M89 -> 855.4234 | N8: =Reliability!N89 -> 1034.5858 | O8: =Reliability!O89 -> 1163.5472 | P8: =Reliability!P89 -> 1276.9625 | ... W8: =Reliability!W89 -> 1301.1507
A9: =A8+1 -> 3 | D9: =WOD!E1 -> WOD | I9: =IFERROR(OFFSET(INDIRECT("'"&$D9&"'!G89"),0,MATCH(Summary!I$3,INDIRECT("'"&$D9&"'!$H$3:$W$3"),0)),H9) -> 0 | J9: =IFERROR(OFFSET(INDIRECT("'"&$D9&"'!G89"),0,MATCH(Summary!J$3,INDIRECT("'"&$D9&"'!$H$3:$W$3"),0)),I9) -> 0 | K9: =IFERROR(OFFSET(INDIRECT("'"&$D9&"'!G89"),0,MATCH(Summary!K$3,INDIRECT("'"&$D9&"'!$H$3:$W$3"),0)),J9) -> 0 | L9: =IFERROR(OFFSET(INDIRECT("'"&$D9&"'!G89"),0,MATCH(Summary!L$3,INDIRECT("'"&$D9&"'!$H$3:$W$3"),0)),K9) -> 0 | M9: =IFERROR(OFFSET(INDIRECT("'"&$D9&"'!G89"),0,MATCH(Summary!M$3,INDIRECT("'"&$D9&"'!$H$3:$W$3"),0)),L9) -> 0 | N9: =IFERROR(OFFSET(INDIRECT("'"&$D9&"'!G89"),0,MATCH(Summary!N$3,INDIRECT("'"&$D9&"'!$H$3:$W$3"),0)),M9) -> 0 | O9: =IFERROR(OFFSET(INDIRECT("'"&$D9&"'!G89"),0,MATCH(Summary!O$3,INDIRECT("'"&$D9&"'!$H$3:$W$3"),0)),N9) -> 0 | P9: =IFERROR(OFFSET(INDIRECT("'"&$D9&"'!G89"),0,MATCH(Summary!P$3,INDIRECT("'"&$D9&"'!$H$3:$W$3"),0)),O9) -> 0 | ... W9: =IFERROR(OFFSET(INDIRECT("'"&$D9&"'!G89"),0,MATCH(Summary!W$3,INDIRECT("'"&$D9&"'!$H$3:$W$3"),0)),V9) -> 0
A10: =A9+1 -> 4 | D10: ='2025-26 Policy and Econ'!E1 -> 2024-25 Policy and Econ | I10: ='2025-26 Policy and Econ'!I89 -> 21.632601 | J10: ='2025-26 Policy and Econ'!J89 -> 116.8343 | K10: ='2025-26 Policy and Econ'!K89 -> 306.68682 | L10: ='2025-26 Policy and Econ'!L89 -> 569.39716 | M10: ='2025-26 Policy and Econ'!M89 -> 811.06053 | N10: ='2025-26 Policy and Econ'!N89 -> 1012.7113 | O10: ='2025-26 Policy and Econ'!O89 -> 1272.5527 | P10: ='2025-26 Policy and Econ'!P89 -> 1498.1311 | ... W10: ='2025-26 Policy and Econ'!W89 -> 1552.3406
A11: =A10+1 -> 5 | D11: =ClrdoRvr!E1 -> ClrdoRvr | I11: =ClrdoRvr!I89 -> 0 | J11: =ClrdoRvr!J89 -> 0 | K11: =ClrdoRvr!K89 -> 0 | L11: =ClrdoRvr!L89 -> 0 | M11: =ClrdoRvr!M89 -> 0 | N11: =ClrdoRvr!N89 -> 0 | O11: =ClrdoRvr!O89 -> 0 | P11: =ClrdoRvr!P89 -> 0 | ... W11: =ClrdoRvr!W89 -> 0
A12: =A11+1 -> 6 | D12: ='Red Bluff 2AA Bank'!E1 -> Red Bluff 2nd 'AA' Bank | I12: ='Red Bluff 2AA Bank'!I89 -> 0 | J12: ='Red Bluff 2AA Bank'!J89 -> 0 | K12: ='Red Bluff 2AA Bank'!K89 -> 0 | L12: ='Red Bluff 2AA Bank'!L89 -> 0 | M12: ='Red Bluff 2AA Bank'!M89 -> 0 | N12: ='Red Bluff 2AA Bank'!N89 -> 0 | O12: ='Red Bluff 2AA Bank'!O89 -> 0 | P12: ='Red Bluff 2AA Bank'!P89 -> 0 | ... W12: ='Red Bluff 2AA Bank'!W89 -> 0
A13: =A12+1 -> 7 | D13: =Calcite!E1 -> Calcite | I13: =Calcite!I89 -> 0 | J13: =Calcite!J89 -> 2.160271 | K13: =Calcite!K89 -> 5.1894857 | L13: =Calcite!L89 -> 7.1708922 | M13: =Calcite!M89 -> 9.2808827 | N13: =Calcite!N89 -> 9.0438701 | O13: =Calcite!O89 -> 8.8202128 | P13: =Calcite!P89 -> 8.6075898 | ... W13: =Calcite!W89 -> 7.2279991
A14: =A13+1 -> 8 | D14: Total | I14: =SUM(I7:I13) -> 3228.2185 | J14: =SUM(J7:J13) -> 3385.8209 | K14: =SUM(K7:K13) -> 3856.0358 | L14: =SUM(L7:L13) -> 4465.5292 | M14: =SUM(M7:M13) -> 4912.3802 | N14: =SUM(N7:N13) -> 5314.9505 | O14: =SUM(O7:O13) -> 5725.966 | P14: =SUM(P7:P13) -> 6087.6342 | ... W14: =SUM(W7:W13) -> 6338.2673
A15: =A14+1 -> 9 | D15: Per Cent Increase | J15: =J14/I14-1 -> 0.048820245 | K15: =K14/J14-1 -> 0.13887767 | L15: =L14/K14-1 -> 0.15806216 | M15: =M14/L14-1 -> 0.10006676 | N15: =N14/M14-1 -> 0.081950163 | O15: =O14/N14-1 -> 0.077331941 | P15: =P14/O14-1 -> 0.063162834 | Q15: =Q14/P14-1 -> 0.043139954 | ... W15: =W14/V14-1 -> -0.0073053924
A17: =A15+1 -> 10 | C17: Gross Load (GWh) | I17: =Existing!I146 -> 204108.77 | J17: =Existing!J146 -> 208803.27 | K17: =Existing!K146 -> 213605.75 | L17: =Existing!L146 -> 218518.68 | M17: =Existing!M146 -> 223544.61 | N17: =Existing!N146 -> 228686.14 | O17: =Existing!O146 -> 233945.92 | P17: =Existing!P146 -> 239326.68 | ... W17: =Existing!W146 -> 280621.24
A18: =A17+1 -> 11 | D18: Per Cent Increase | J18: =J17/I17-1 -> 0.023 | K18: =K17/J17-1 -> 0.023 | L18: =L17/K17-1 -> 0.023 | M18: =M17/L17-1 -> 0.023 | N18: =N17/M17-1 -> 0.023 | O18: =O17/N17-1 -> 0.023 | P18: =P17/O17-1 -> 0.023 | Q18: =Q17/P17-1 -> 0.023 | ... W18: =W17/V17-1 -> 0.023
A20: =A18+1 -> 12 | C20: TAC Rate ($/MWh) | I20: =1000*I14/I17 -> 15.816167 | J20: =1000*J14/J17 -> 16.215363 | K20: =1000*K14/K17 -> 18.052116 | L20: =1000*L14/L17 -> 20.435457 | M20: =1000*M14/M17 -> 21.974943 | N20: =1000*N14/N17 -> 23.241245 | O20: =1000*O14/O17 -> 24.475597 | P20: =1000*P14/P17 -> 25.436505 | ... W20: =1000*W14/W17 -> 22.586555
A21: =A20+1 -> 13 | D21: Per Cent Increase | J21: =J20/I20-1 -> 0.025239731 | K21: =K20/J20-1 -> 0.1132724 | L21: =L20/K20-1 -> 0.13202557 | M21: =M20/L20-1 -> 0.075334074 | N21: =N20/M20-1 -> 0.057624792 | O21: =O20/N20-1 -> 0.053110402 | P21: =P20/O20-1 -> 0.039259857 | Q21: =Q20/P20-1 -> 0.01968715 | ... W21: =W20/V20-1 -> -0.02962404
A22: =A21+1 -> 14 | D22: Cumulative Per Cent Increase | J22: =J20/$I20-1 -> 0.025239731 | K22: =K20/$I20-1 -> 0.1413711 | L22: =L20/$I20-1 -> 0.29206127 | M22: =M20/$I20-1 -> 0.38939751 | N22: =N20/$I20-1 -> 0.46946125 | O22: =O20/$I20-1 -> 0.54750493 | P22: =P20/$I20-1 -> 0.60825975 | Q22: =Q20/$I20-1 -> 0.6399218 | ... W22: =W20/$I20-1 -> 0.42806756
D23: TAC Rate excluding existing facilities | I23: =1000*(I14-I7)/I17 -> 0.21023185 | J23: =1000*(J14-J7)/J17 -> 1.0182913 | K23: =1000*(K14-K7)/K17 -> 3.0997183 | L23: =1000*(L14-L7)/L17 -> 5.7225074 | M23: =1000*(M14-M7)/M17 -> 7.4963328 | N23: =1000*(N14-N7)/N17 -> 8.9919787 | O23: =1000*(O14-O7)/O17 -> 10.450792 | P23: =1000*(P14-P7)/P17 -> 11.631387 | ... W23: =1000*(W14-W7)/W17 -> 10.194236
C24: HV Gross Plant
A25: =A22+1 -> 15 | D25: =D7 -> Existing Facilities | I25: =Existing!I214 -> 23922.401 | J25: =Existing!J214 -> 24400.849 | K25: =Existing!K214 -> 24888.866 | L25: =Existing!L214 -> 25386.644 | M25: =Existing!M214 -> 25894.377 | N25: =Existing!N214 -> 26412.264 | O25: =Existing!O214 -> 26940.509 | P25: =Existing!P214 -> 27479.32 | ... W25: =Existing!W214 -> 31565.101
A26: =A25+1 -> 16 | D26: =D8 -> Reliability | I26: =Reliability!I$47 -> 164.80015 | J26: =Reliability!J$47 -> 679.73133 | K26: =Reliability!K$47 -> 2580.6392 | L26: =Reliability!L$47 -> 4690.3075 | M26: =Reliability!M$47 -> 6064.0449 | N26: =Reliability!N$47 -> 7375.5421 | O26: =Reliability!O$47 -> 8426.6924 | P26: =Reliability!P$47 -> 9361.3073 | ... W26: =Reliability!W$47 -> 11052.993
A27: =A26+1 -> 17 | D27: =D9 -> WOD | I27: =WOD!I$47 -> 0 | J27: =WOD!J$47 -> 0 | K27: =WOD!K$47 -> 0 | L27: =WOD!L$47 -> 0 | M27: =WOD!M$47 -> 0 | N27: =WOD!N$47 -> 0 | O27: =WOD!O$47 -> 0 | P27: =WOD!P$47 -> 0 | ... W27: =WOD!W$47 -> 0
A28: =A27+1 -> 18 | D28: =D10 -> 2024-25 Policy and Econ | I28: ='2025-26 Policy and Econ'!I$47 -> 167.55 | J28: ='2025-26 Policy and Econ'!J$47 -> 858.71184 | K28: ='2025-26 Policy and Econ'!K$47 -> 2194.8705 | L28: ='2025-26 Policy and Econ'!L$47 -> 4046.577 | M28: ='2025-26 Policy and Econ'!M$47 -> 5719.2949 | N28: ='2025-26 Policy and Econ'!N$47 -> 7251.4471 | O28: ='2025-26 Policy and Econ'!O$47 -> 9191.2075 | P28: ='2025-26 Policy and Econ'!P$47 -> 10871.163 | ... W28: ='2025-26 Policy and Econ'!W$47 -> 13052.798
A29: =A28+1 -> 19 | D29: =D11 -> ClrdoRvr | I29: =ClrdoRvr!I47 -> 0 | J29: =ClrdoRvr!J47 -> 0 | K29: =ClrdoRvr!K47 -> 0 | L29: =ClrdoRvr!L47 -> 0 | M29: =ClrdoRvr!M47 -> 0 | N29: =ClrdoRvr!N47 -> 0 | O29: =ClrdoRvr!O47 -> 0 | P29: =ClrdoRvr!P47 -> 0 | ... W29: =ClrdoRvr!W47 -> 0
A30: =A29+1 -> 20 | D30: =D12 -> Red Bluff 2nd 'AA' Bank | I30: ='Red Bluff 2AA Bank'!I$47 -> 0 | J30: ='Red Bluff 2AA Bank'!J$47 -> 0 | K30: ='Red Bluff 2AA Bank'!K$47 -> 0 | L30: ='Red Bluff 2AA Bank'!L$47 -> 0 | M30: ='Red Bluff 2AA Bank'!M$47 -> 0 | N30: ='Red Bluff 2AA Bank'!N$47 -> 0 | O30: ='Red Bluff 2AA Bank'!O$47 -> 0 | P30: ='Red Bluff 2AA Bank'!P$47 -> 0 | ... W30: ='Red Bluff 2AA Bank'!W$47 -> 0
A31: =A30+1 -> 21 | D31: =D13 -> Calcite | I31: =Calcite!I$47 -> 0 | J31: =Calcite!J$47 -> 16.731848 | K31: =Calcite!K$47 -> 35.580316 | L31: =Calcite!L$47 -> 51.349916 | M31: =Calcite!M$47 -> 65.002896 | N31: =Calcite!N$47 -> 65.002896 | O31: =Calcite!O$47 -> 65.002896 | P31: =Calcite!P$47 -> 65.002896 | ... W31: =Calcite!W$47 -> 65.002896
A32: =A31+1 -> 22 | D32: =D14 -> Total | I32: =SUM(I25:I31) -> 24254.752 | J32: =SUM(J25:J31) -> 25956.024 | K32: =SUM(K25:K31) -> 29699.956 | L32: =SUM(L25:L31) -> 34174.878 | M32: =SUM(M25:M31) -> 37742.719 | N32: =SUM(N25:N31) -> 41104.256 | O32: =SUM(O25:O31) -> 44623.412 | P32: =SUM(P25:P31) -> 47776.793 | ... W32: =SUM(W25:W31) -> 55735.895
A33: =A32+1 -> 23 | E33: Per Cent Increase | J33: =J32/I32-1 -> 0.070141839 | K33: =K32/J32-1 -> 0.14424135 | L33: =L32/K32-1 -> 0.15067099 | M33: =M32/L32-1 -> 0.10439953 | N33: =N32/M32-1 -> 0.089064516 | O33: =O32/N32-1 -> 0.085615366 | P33: =P32/O32-1 -> 0.0706665 | Q33: =Q32/P32-1 -> 0.055011634 | ... W33: =W32/V32-1 -> 0.011229273
C35: HV Rate Base
A36: =A33+1 -> 24 | D36: =D7 -> Existing Facilities | I36: =Existing!I215 -> 13948.438 | J36: =Existing!J215 -> 13733.252 | K36: =Existing!K215 -> 13513.762 | L36: =Existing!L215 -> 13289.882 | M36: =Existing!M215 -> 13061.525 | N36: =Existing!N215 -> 12828.601 | O36: =Existing!O215 -> 12591.018 | P36: =Existing!P215 -> 12348.683 | ... W36: =Existing!W215 -> 10511.068
A37: =A36+1 -> 25 | D37: =D8 -> Reliability | I37: =Reliability!I$80 -> 161.29849 | J37: =Reliability!J$80 -> 658.47252 | K37: =Reliability!K$80 -> 2491.2341 | L37: =Reliability!L$80 -> 4451.1389 | M37: =Reliability!M$80 -> 5608.9123 | N37: =Reliability!N$80 -> 6658.4155 | O37: =Reliability!O$80 -> 7410.2896 | P37: =Reliability!P$80 -> 8017.3819 | ... W37: =Reliability!W$80 -> 7151.7924
A38: =A37+1 -> 26 | D38: =D9 -> WOD | I38: =WOD!I$80 -> 0 | J38: =WOD!J$80 -> 0 | K38: =WOD!K$80 -> 0 | L38: =WOD!L$80 -> 0 | M38: =WOD!M$80 -> 0 | N38: =WOD!N$80 -> 0 | O38: =WOD!O$80 -> 0 | P38: =WOD!P$80 -> 0 | ... W38: =WOD!W$80 -> 0
A39: =A38+1 -> 27 | D39: =D10 -> 2024-25 Policy and Econ | I39: ='2025-26 Policy and Econ'!I$80 -> 163.98991 | J39: ='2025-26 Policy and Econ'!J$80 -> 833.53634 | K39: ='2025-26 Policy and Econ'!K$80 -> 2106.1521 | L39: ='2025-26 Policy and Econ'!L$80 -> 3829.924 | M39: ='2025-26 Policy and Econ'!M$80 -> 5306.4688 | N39: ='2025-26 Policy and Econ'!N$80 -> 6584.3692 | O39: ='2025-26 Policy and Econ'!O$80 -> 8208.7043 | P39: ='2025-26 Policy and Econ'!P$80 -> 9511.1293 | ... W39: ='2025-26 Policy and Econ'!W$80 -> 8618.2169
A40: =A39+1 -> 28 | D40: =D11 -> ClrdoRvr | I40: =ClrdoRvr!I$80 -> 0 | J40: =ClrdoRvr!J$80 -> 0 | K40: =ClrdoRvr!K$80 -> 0 | L40: =ClrdoRvr!L$80 -> 0 | M40: =ClrdoRvr!M$80 -> 0 | N40: =ClrdoRvr!N$80 -> 0 | O40: =ClrdoRvr!O$80 -> 0 | P40: =ClrdoRvr!P$80 -> 0 | ... W40: =ClrdoRvr!W$80 -> 0
A41: =A40+1 -> 29 | D41: =D12 -> Red Bluff 2nd 'AA' Bank | I41: ='Red Bluff 2AA Bank'!I$80 -> 0 | J41: ='Red Bluff 2AA Bank'!J$80 -> 0 | K41: ='Red Bluff 2AA Bank'!K$80 -> 0 | L41: ='Red Bluff 2AA Bank'!L$80 -> 0 | M41: ='Red Bluff 2AA Bank'!M$80 -> 0 | N41: ='Red Bluff 2AA Bank'!N$80 -> 0 | O41: ='Red Bluff 2AA Bank'!O$80 -> 0 | P41: ='Red Bluff 2AA Bank'!P$80 -> 0 | ... W41: ='Red Bluff 2AA Bank'!W$80 -> 0
A42: =A41+1 -> 30 | D42: =D13 -> Calcite | I42: =Calcite!I$80 -> 0 | J42: =Calcite!J$80 -> 16.376331 | K42: =Calcite!K$80 -> 34.132301 | L42: =Calcite!L$80 -> 48.131505 | M42: =Calcite!M$80 -> 59.480414 | N42: =Calcite!N$80 -> 57.002416 | O42: =Calcite!O$80 -> 54.644973 | P42: =Calcite!P$80 -> 52.386168 | ... W42: =Calcite!W$80 -> 37.445552
A43: =A42+1 -> 31 | D43: =D14 -> Total | I43: =SUM(I36:I42) -> 14273.726 | J43: =SUM(J36:J42) -> 15241.637 | K43: =SUM(K36:K42) -> 18145.28 | L43: =SUM(L36:L42) -> 21619.077 | M43: =SUM(M36:M42) -> 24036.387 | N43: =SUM(N36:N42) -> 26128.388 | O43: =SUM(O36:O42) -> 28264.657 | P43: =SUM(P36:P42) -> 29929.581 | ... W43: =SUM(W36:W42) -> 26318.523
A44: =A43+1 -> 32 | E44: Per Cent Increase | J44: =J43/I43-1 -> 0.067810655 | K44: =K43/J43-1 -> 0.19050732 | L44: =L43/K43-1 -> 0.19144353 | M44: =M43/L43-1 -> 0.11181374 | N44: =N43/M43-1 -> 0.087034762 | O44: =O43/N43-1 -> 0.08176046 | P44: =P43/O43-1 -> 0.058904798 | Q44: =Q43/P43-1 -> 0.035221671 | ... W44: =W43/V43-1 -> -0.039073249
C46: Operations and Maintenance Costs
A47: =A44+1 -> 33 | D47: =D7 -> Existing Facilities | I47: =Existing!I220 -> 1023.7069 | J47: =Existing!J220 -> 1044.1811 | K47: =Existing!K220 -> 1065.0647 | L47: =Existing!L220 -> 1086.366 | M47: =Existing!M220 -> 1108.0933 | N47: =Existing!N220 -> 1130.2552 | O47: =Existing!O220 -> 1152.8603 | P47: =Existing!P220 -> 1175.9175 | ... W47: =Existing!W220 -> 1350.7595
A48: =A47+1 -> 34 | D48: =D8 -> Reliability | I48: =Reliability!I88 -> 0 | J48: =Reliability!J88 -> 6.592006 | K48: =Reliability!K88 -> 20.729087 | L48: =Reliability!L88 -> 83.174742 | M48: =Reliability!M88 -> 107.1939 | N48: =Reliability!N88 -> 141.93161 | O48: =Reliability!O88 -> 164.6363 | P48: =Reliability!P88 -> 190.10898 | ... W48: =Reliability!W88 -> 264.07898
A49: =A48+1 -> 35 | D49: =D9 -> WOD | I49: =WOD!I88 -> 0 | J49: =WOD!J88 -> 0 | K49: =WOD!K88 -> 0 | L49: =WOD!L88 -> 0 | M49: =WOD!M88 -> 0 | N49: =WOD!N88 -> 0 | O49: =WOD!O88 -> 0 | P49: =WOD!P88 -> 0 | ... W49: =WOD!W88 -> 0
A50: =A49+1 -> 36 | D50: =D10 -> 2024-25 Policy and Econ | I50: ='2025-26 Policy and Econ'!I88 -> 0 | J50: ='2025-26 Policy and Econ'!J88 -> 6.702 | K50: ='2025-26 Policy and Econ'!K88 -> 27.780514 | L50: ='2025-26 Policy and Econ'!L88 -> 60.837998 | M50: ='2025-26 Policy and Econ'!M88 -> 103.62114 | N50: ='2025-26 Policy and Econ'!N88 -> 131.0359 | O50: ='2025-26 Policy and Econ'!O88 -> 169.60037 | P50: ='2025-26 Policy and Econ'!P88 -> 214.63904 | ... W50: ='2025-26 Policy and Econ'!W88 -> 309.28807
A51: =A50+1 -> 37 | D51: =D11 -> ClrdoRvr | I51: =ClrdoRvr!I88 -> 0 | J51: =ClrdoRvr!J88 -> 0 | K51: =ClrdoRvr!K88 -> 0 | L51: =ClrdoRvr!L88 -> 0 | M51: =ClrdoRvr!M88 -> 0 | N51: =ClrdoRvr!N88 -> 0 | O51: =ClrdoRvr!O88 -> 0 | P51: =ClrdoRvr!P88 -> 0 | ... W51: =ClrdoRvr!W88 -> 0
A52: =A51+1 -> 38 | D52: =D12 -> Red Bluff 2nd 'AA' Bank | I52: ='Red Bluff 2AA Bank'!I88 -> 0 | J52: ='Red Bluff 2AA Bank'!J88 -> 0 | K52: ='Red Bluff 2AA Bank'!K88 -> 0 | L52: ='Red Bluff 2AA Bank'!L88 -> 0 | M52: ='Red Bluff 2AA Bank'!M88 -> 0 | N52: ='Red Bluff 2AA Bank'!N88 -> 0 | O52: ='Red Bluff 2AA Bank'!O88 -> 0 | P52: ='Red Bluff 2AA Bank'!P88 -> 0 | ... W52: ='Red Bluff 2AA Bank'!W88 -> 0
A53: =A52+1 -> 39 | D53: =D13 -> Calcite | I53: =Calcite!I88 -> 0 | J53: =Calcite!J88 -> 0 | K53: =Calcite!K88 -> 0.66927393 | L53: =Calcite!L88 -> 0.76732419 | M53: =Calcite!M88 -> 1.3287899 | N53: =Calcite!N88 -> 1.3553657 | O53: =Calcite!O88 -> 1.382473 | P53: =Calcite!P88 -> 1.4101224 | ... W53: =Calcite!W88 -> 1.6197874
A54: =A53+1 -> 40 | D54: =D14 -> Total | I54: =SUM(I47:I53) -> 1023.7069 | J54: =SUM(J47:J53) -> 1057.4751 | K54: =SUM(K47:K53) -> 1114.2436 | L54: =SUM(L47:L53) -> 1231.146 | M54: =SUM(M47:M53) -> 1320.2371 | N54: =SUM(N47:N53) -> 1404.578 | O54: =SUM(O47:O53) -> 1488.4794 | P54: =SUM(P47:P53) -> 1582.0756 | ... W54: =SUM(W47:W53) -> 1925.7464
A55: =A54+1 -> 41 | E55: Per Cent Increase | J55: =J54/I54-1 -> 0.032986145 | K55: =K54/J54-1 -> 0.053683053 | L55: =L54/K54-1 -> 0.10491645 | M55: =M54/L54-1 -> 0.07236435 | N55: =N54/M54-1 -> 0.063883152 | O55: =O54/N54-1 -> 0.05973422 | P55: =P54/O54-1 -> 0.062880415 | Q55: =Q54/P54-1 -> 0.045761216 | ... W55: =W54/V54-1 -> 0.02

Sheet Existing
A1: January 1, 2025 ISO Access Charge Rate | F1: CAISO PUBLIC
A2: ($ million)
F3: Reference | H3: 2025 | I3: =H3+1 -> 2026 | J3: =I3+1 -> 2027 | K3: =J3+1 -> 2028 | L3: =K3+1 -> 2029 | M3: =L3+1 -> 2030 | N3: =M3+1 -> 2031 | O3: =N3+1 -> 2032 | P3: =O3+1 -> 2033 | ... W3: =V3+1 -> 2040
A4: Line | E4: Column | H4: 0 | I4: 1 | J4: =I4+1 -> 2 | K4: =J4+1 -> 3 | L4: =K4+1 -> 4 | M4: =L4+1 -> 5 | N4: =M4+1 -> 6 | O4: =N4+1 -> 7 | P4: =O4+1 -> 8 | Q4: =P4+1 -> 9 | ... W4: =V4+1 -> 15
C6: Forecast Assumptions:
A7: 1 | D7: Non-ISO Gross Capital Growth Rate | F7: 0.02 | J7: =$F7 -> 0.02 | K7: =$F7 -> 0.02 | L7: =$F7 -> 0.02 | M7: =$F7 -> 0.02 | N7: =$F7 -> 0.02 | O7: =$F7 -> 0.02 | P7: =$F7 -> 0.02 | Q7: =$F7 -> 0.02 | ... W7: =$F7 -> 0.02
A8: =A7+1 -> 2 | D8: O&M Escalation Rate (%) | F8: 0.02 | J8: =$F8 -> 0.02 | K8: =$F8 -> 0.02 | L8: =$F8 -> 0.02 | M8: =$F8 -> 0.02 | N8: =$F8 -> 0.02 | O8: =$F8 -> 0.02 | P8: =$F8 -> 0.02 | Q8: =$F8 -> 0.02 | ... W8: =$F8 -> 0.02
A9: =A8+1 -> 3 | D9: HV TRBAA Escalation | F9: 0 | J9: =$F9 -> 0 | K9: =$F9 -> 0 | L9: =$F9 -> 0 | M9: =$F9 -> 0 | N9: =$F9 -> 0 | O9: =$F9 -> 0 | P9: =$F9 -> 0 | Q9: =$F9 -> 0 | ... W9: =$F9 -> 0
A10: =A9+1 -> 4 | D10: HV Standby Credit Escalation | F10: 0.01 | J10: =$F10 -> 0.01 | K10: =$F10 -> 0.01 | L10: =$F10 -> 0.01 | M10: =$F10 -> 0.01 | N10: =$F10 -> 0.01 | O10: =$F10 -> 0.01 | P10: =$F10 -> 0.01 | Q10: =$F10 -> 0.01 | ... W10: =$F10 -> 0.01
A11: =A10+1 -> 5 | D11: Gross Load Growth | F11: 0.023 | J11: =$F11 -> 0.023 | K11: =$F11 -> 0.023 | L11: =$F11 -> 0.023 | M11: =$F11 -> 0.023 | N11: =$F11 -> 0.023 | O11: =$F11 -> 0.023 | P11: =$F11 -> 0.023 | Q11: =$F11 -> 0.023 | ... W11: =$F11 -> 0.023
C13: HV Base TRR
A14: =A11+1 -> 6 | D14: PG&E | I14: 906.9043 | K14: CAISO January 30, 2026 TAC Rates (updated as of February 20, 2026)
A15: =A14+1 -> 7 | D15: SCE | I15: 1414.7739 | K15: CAISO January 30, 2026 TAC Rates (updated as of February 20, 2026)
A16: =A15+1 -> 8 | D16: SDG&E | I16: 599.326 | K16: CAISO January 30, 2026 TAC Rates (updated as of February 20, 2026)
A17: =A16+1 -> 9 | D17: Anaheim | I17: 32.2 | K17: CAISO January 30, 2026 TAC Rates (updated as of February 20, 2026)
A18: =A17+1 -> 10 | D18: Azusa | I18: 1.066676 | K18: CAISO January 30, 2026 TAC Rates (updated as of February 20, 2026)
A19: =A18+1 -> 11 | D19: Banning | I19: 0.729511 | K19: CAISO January 30, 2026 TAC Rates (updated as of February 20, 2026)
A20: =A19+1 -> 12 | D20: Pasadena | I20: 16.13855 | K20: CAISO January 30, 2026 TAC Rates (updated as of February 20, 2026)
A21: =A20+1 -> 13 | D21: Riverside | I21: 25.165197 | K21: CAISO January 30, 2026 TAC Rates (updated as of February 20, 2026)
A22: =A21+1 -> 14 | D22: Vernon | I22: 0 | K22: CAISO January 30, 2026 TAC Rates (updated as of February 20, 2026)
A23: =A22+1 -> 15 | D23: DATC Path 15 | I23: 24.788905 | K23: CAISO January 30, 2026 TAC Rates (updated as of February 20, 2026)
A24: =A23+1 -> 16 | D24: Startrans IO | I24: 2.95 | K24: CAISO January 30, 2026 TAC Rates (updated as of February 20, 2026)
A25: =A24+1 -> 17 | D25: Trans Bay Cable | I25: 125.415 | K25: CAISO January 30, 2026 TAC Rates (updated as of February 20, 2026)
A26: =A25+1 -> 18 | D26: Citizens Sunrise | I26: 15.352924 | K26: CAISO January 30, 2026 TAC Rates (updated as of February 20, 2026)
... A37: =A36+1 -> 29 | D37: LS Power Grid | I37: 26.261655 | K37: CAISO January 30, 2026 TAC Rates (updated as of February 20, 2026)
A38: =A37+1 -> 30 | D38: Total | I38: =SUM(I14:I37) -> 3469.3682 | J38: =J223 -> 3457.4582 | K38: =K223 -> 3478.3799 | L38: =L223 -> 3499.7201 | M38: =M223 -> 3521.4871 | N38: =N223 -> 3543.6895 | O38: =O223 -> 3566.3359 | P38: =P223 -> 3589.4352 | Q38: =Q223 -> 3612.9965 | ... W38: =W223 -> 3764.5966
I39: =(I14+I15+I16+I23+I25)/I38 -> 0.88523558
C40: HV TRBAA
A41: =A38+1 -> 31 | D41: =D14 -> PG&E | I41: -72.266228 | K41: CAISO January 30, 2026 TAC Rates (updated as of February 20, 2026)
A42: =A41+1 -> 32 | D42: =D15 -> SCE | I42: -170.89739 | K42: CAISO January 30, 2026 TAC Rates (updated as of February 20, 2026)
A43: =A42+1 -> 33 | D43: =D16 -> SDG&E | I43: -39.987951 | K43: CAISO January 30, 2026 TAC Rates (updated as of February 20, 2026)
A44: =A43+1 -> 34 | D44: =D17 -> Anaheim | I44: -0.815588 | K44: CAISO January 30, 2026 TAC Rates (updated as of February 20, 2026)
A45: =A44+1 -> 35 | D45: =D18 -> Azusa | I45: -0.005042 | K45: CAISO January 30, 2026 TAC Rates (updated as of February 20, 2026)
A46: =A45+1 -> 36 | D46: =D19 -> Banning | I46: -0.038323 | K46: CAISO January 30, 2026 TAC Rates (updated as of February 20, 2026)
A47: =A46+1 -> 37 | D47: =D20 -> Pasadena | I47: -0.735004 | K47: CAISO January 30, 2026 TAC Rates (updated as of February 20, 2026)
A48: =A47+1 -> 38 | D48: =D21 -> Riverside | I48: -0.893931 | K48: CAISO January 30, 2026 TAC Rates (updated as of February 20, 2026)
A49: =A48+1 -> 39 | D49: =D22 -> Vernon | I49: 0 | K49: CAISO January 30, 2026 TAC Rates (updated as of February 20, 2026)
A50: =A49+1 -> 40 | D50: =D23 -> DATC Path 15 | I50: 1.661538 | K50: CAISO January 30, 2026 TAC Rates (updated as of February 20, 2026)
A51: =A50+1 -> 41 | D51: =D24 -> Startrans IO | I51: 0.098563 | K51: CAISO January 30, 2026 TAC Rates (updated as of February 20, 2026)
A52: =A51+1 -> 42 | D52: =D25 -> Trans Bay Cable | I52: 8.704544 | K52: CAISO January 30, 2026 TAC Rates (updated as of February 20, 2026)
A53: =A52+1 -> 43 | D53: =D26 -> Citizens Sunrise | I53: 0.824537 | K53: CAISO January 30, 2026 TAC Rates (updated as of February 20, 2026)
... A63: =A62+1 -> 53 | D63: =D36 -> Citizens S-Line | I63: 0.066196 | K63: CAISO January 30, 2026 TAC Rates (updated as of February 20, 2026)
A64: =A63+1 -> 54 | D64: LS Power Grid | I64: -0.054105 | K64: CAISO January 30, 2026 TAC Rates (updated as of February 20, 2026)
A65: =A64+1 -> 55 | D65: =D38 -> Total | I65: =SUM(I41:I64) -> -264.06493 | J65: =I65*(1+J9) -> -264.06493 | K65: =J65*(1+K9) -> -264.06493 | L65: =K65*(1+L9) -> -264.06493 | M65: =L65*(1+M9) -> -264.06493 | N65: =M65*(1+N9) -> -264.06493 | O65: =N65*(1+O9) -> -264.06493 | P65: =O65*(1+P9) -> -264.06493 | Q65: =P65*(1+Q9) -> -264.06493 | ... W65: =V65*(1+W9) -> -264.06493
C67: HV Standby Credit
A68: =A65+1 -> 56 | D68: =D14 -> PG&E | I68: -2.90862 | K68: CAISO January 30, 2026 TAC Rates (updated as of February 20, 2026)
A69: =A68+1 -> 57 | D69: =D15 -> SCE | I69: -10.990415 | K69: CAISO January 30, 2026 TAC Rates (updated as of February 20, 2026)
A70: =A69+1 -> 58 | D70: =D16 -> SDG&E | I70: -6.095905 | K70: CAISO January 30, 2026 TAC Rates (updated as of February 20, 2026)
A71: =A70+1 -> 59 | D71: =D17 -> Anaheim | I71: 0 | K71: CAISO January 30, 2026 TAC Rates (updated as of February 20, 2026)
A72: =A71+1 -> 60 | D72: =D18 -> Azusa | I72: 0 | K72: CAISO January 30, 2026 TAC Rates (updated as of February 20, 2026)
A73: =A72+1 -> 61 | D73: =D19 -> Banning | I73: 0 | K73: CAISO January 30, 2026 TAC Rates (updated as of February 20, 2026)
A74: =A73+1 -> 62 | D74: =D20 -> Pasadena | I74: 0 | K74: CAISO January 30, 2026 TAC Rates (updated as of February 20, 2026)
A75: =A74+1 -> 63 | D75: =D21 -> Riverside | I75: 0 | K75: CAISO January 30, 2026 TAC Rates (updated as of February 20, 2026)
A76: =A75+1 -> 64 | D76: =D22 -> Vernon | I76: 0 | K76: CAISO January 30, 2026 TAC Rates (updated as of February 20, 2026)
A77: =A76+1 -> 65 | D77: =D23 -> DATC Path 15 | I77: 0 | K77: CAISO January 30, 2026 TAC Rates (updated as of February 20, 2026)
A78: =A77+1 -> 66 | D78: =D24 -> Startrans IO | I78: 0 | K78: CAISO January 30, 2026 TAC Rates (updated as of February 20, 2026)
A79: =A78+1 -> 67 | D79: =D25 -> Trans Bay Cable | I79: 0 | K79: CAISO January 30, 2026 TAC Rates (updated as of February 20, 2026)
A80: =A79+1 -> 68 | D80: =D26 -> Citizens Sunrise | I80: 0 | K80: CAISO January 30, 2026 TAC Rates (updated as of February 20, 2026)
... A90: =A89+1 -> 78 | D90: =D36 -> Citizens S-Line | I90: 0 | K90: CAISO January 30, 2026 TAC Rates (updated as of February 20, 2026)
A91: =A90+1 -> 79 | D91: LS Power Grid | I91: 0 | K91: CAISO January 30, 2026 TAC Rates (updated as of February 20, 2026)
A92: =A91+1 -> 80 | D92: =D38 -> Total | I92: =SUM(I68:I90) -> -19.99494 | J92: =I92*(1+J10) -> -20.194889 | K92: =J92*(1+K10) -> -20.396838 | L92: =K92*(1+L10) -> -20.600807 | M92: =L92*(1+M10) -> -20.806815 | N92: =M92*(1+N10) -> -21.014883 | O92: =N92*(1+O10) -> -21.225032 | P92: =O92*(1+P10) -> -21.437282 | Q92: =P92*(1+Q10) -> -21.651655 | ... W92: =V92*(1+W10) -> -22.983668
C94: HV Total
A95: =A92+1 -> 81 | D95: =D14 -> PG&E | I95: =I14+I41+I68 -> 831.72945
A96: =A95+1 -> 82 | D96: =D15 -> SCE | I96: =I15+I42+I69 -> 1232.8861
A97: =A96+1 -> 83 | D97: =D16 -> SDG&E | I97: =I16+I43+I70 -> 553.24215
A98: =A97+1 -> 84 | D98: =D17 -> Anaheim | I98: =I17+I44+I71 -> 31.384412
A99: =A98+1 -> 85 | D99: =D18 -> Azusa | I99: =I18+I45+I72 -> 1.061634
A100: =A99+1 -> 86 | D100: =D19 -> Banning | I100: =I19+I46+I73 -> 0.691188
A101: =A100+1 -> 87 | D101: =D20 -> Pasadena | I101: =I20+I47+I74 -> 15.403546
A102: =A101+1 -> 88 | D102: =D21 -> Riverside | I102: =I21+I48+I75 -> 24.271266
A103: =A102+1 -> 89 | D103: =D22 -> Vernon | I103: =I22+I49+I76 -> 0
A104: =A103+1 -> 90 | D104: =D23 -> DATC Path 15 | I104: =I23+I50+I77 -> 26.450443
A105: =A104+1 -> 91 | D105: =D24 -> Startrans IO | I105: =I24+I51+I78 -> 3.048563
A106: =A105+1 -> 92 | D106: =D25 -> Trans Bay Cable | I106: =I25+I52+I79 -> 134.11954
A107: =A106+1 -> 93 | D107: =D26 -> Citizens Sunrise | I107: =I26+I53+I80 -> 16.177461
A108: =A107+1 -> 94 | D108: =D27 -> Colton | I108: 1.316595
A109: =A108+1 -> 95 | D109: =D28 -> GLW | I109: =I28+I55+I82 -> 96.736548
A110: =A109+1 -> 96 | D110: =D29 -> MCCT | I110: =I29+I56+I83 -> 0
A111: =A110+1 -> 97 | D111: =D30 -> CSPT | I111: =I30+I57+I84 -> 4.604776
A112: =A111+1 -> 98 | D112: =D31 -> HZWT | I112: =I31+I58+I85 -> 25.912534
A113: =A112+1 -> 99 | D113: =D32 -> DSLK | I113: =I32+I59+I86 -> 22.503643
A114: =A113+1 -> 100 | D114: =D33 -> Morongo Trans. | I114: =I33+I60+I87 -> 48.058599
A115: =A114+1 -> 101 | D115: =D34 -> VEA | I115: =I34+I61+I88 -> 0
A116: =A115+1 -> 102 | D116: =D35 -> DCRT | I116: =I35+I62+I89 -> 84.534989
A117: =A116+1 -> 103 | D117: =D36 -> Citizens S-Line | I117: =I36+I63+I90 -> 5.153116
A118: =A117+1 -> 104 | D118: LS Power Grid | I118: =I37+I64+I91 -> 26.20755
A119: =A118+1 -> 105 | D119: =D38 -> Total | I119: =I38+I65+I92 -> 3185.3083 | J119: =J38+J65+J92 -> 3173.1983 | K119: =K38+K65+K92 -> 3193.9182 | L119: =L38+L65+L92 -> 3215.0544 | M119: =M38+M65+M92 -> 3236.6154 | N119: =N38+N65+N92 -> 3258.6097 | O119: =O38+O65+O92 -> 3281.0459 | P119: =P38+P65+P92 -> 3303.933 | ... W119: =W38+W65+W92 -> 3477.548
C121: Gross Load (GWh)
A122: =A119+1 -> 106 | D122: =D14 -> PG&E | I122: 89114.579 | K122: CAISO January 30, 2026 TAC Rates (updated as of February 20, 2026)
A123: =A122+1 -> 107 | D123: =D15 -> SCE | I123: 89178.8 | K123: CAISO January 30, 2026 TAC Rates (updated as of February 20, 2026)
A124: =A123+1 -> 108 | D124: =D16 -> SDG&E | I124: 19047.571 | K124: CAISO January 30, 2026 TAC Rates (updated as of February 20, 2026)
A125: =A124+1 -> 109 | D125: =D17 -> Anaheim | I125: 2202.042 | K125: CAISO January 30, 2026 TAC Rates (updated as of February 20, 2026)
A126: =A125+1 -> 110 | D126: =D18 -> Azusa | I126: 257.416 | K126: CAISO January 30, 2026 TAC Rates (updated as of February 20, 2026)
A127: =A126+1 -> 111 | D127: =D19 -> Banning | I127: 144.652 | K127: CAISO January 30, 2026 TAC Rates (updated as of February 20, 2026)
A128: =A127+1 -> 112 | D128: =D20 -> Pasadena | I128: 1065.579 | K128: CAISO January 30, 2026 TAC Rates (updated as of February 20, 2026)
A129: =A128+1 -> 113 | D129: =D21 -> Riverside | I129: 2180.985 | K129: CAISO January 30, 2026 TAC Rates (updated as of February 20, 2026)
A130: =A129+1 -> 114 | D130: =D22 -> Vernon | I130: 0 | K130: CAISO January 30, 2026 TAC Rates (updated as of February 20, 2026)
A131: =A130+1 -> 115 | D131: =D23 -> DATC Path 15 | I131: 0 | K131: CAISO January 30, 2026 TAC Rates (updated as of February 20, 2026)
A132: =A131+1 -> 116 | D132: =D24 -> Startrans IO | I132: 0 | K132: CAISO January 30, 2026 TAC Rates (updated as of February 20, 2026)
A133: =A132+1 -> 117 | D133: =D25 -> Trans Bay Cable | I133: 0 | K133: CAISO January 30, 2026 TAC Rates (updated as of February 20, 2026)
...

Sheet Reliability
A1: Project: | E1: Reliability | F1: CAISO PUBLIC
A2: ($ million)
F3: Reference | H3: =Existing!H3 -> 2025 | I3: =Existing!I3 -> 2026 | J3: =Existing!J3 -> 2027 | K3: =Existing!K3 -> 2028 | L3: =Existing!L3 -> 2029 | M3: =Existing!M3 -> 2030 | N3: =Existing!N3 -> 2031 | O3: =Existing!O3 -> 2032 | ... W3: =Existing!W3 -> 2040
A4: Line | E4: Column | H4: 0 | I4: 1 | J4: =I4+1 -> 2 | K4: =J4+1 -> 3 | L4: =K4+1 -> 4 | M4: =L4+1 -> 5 | N4: =M4+1 -> 6 | O4: =N4+1 -> 7 | P4: =O4+1 -> 8 | Q4: =P4+1 -> 9 | ... W4: =V4+1 -> 15
C6: Forecast Assumptions:
A7: 1 | D7: In-Service Year (yyyy) | F7: 2020
A8: =A7+1 -> 2 | D8: Capital Expenditures (nominal $ millions) | H8: 0 | I8: 329.6003 | J8: 700.26205 | K8: 3101.5537 | L8: 1117.783 | M8: 1629.6918 | N8: 993.30267 | O8: 1108.9979 | P8: 760.23192 | Q8: 827.23 | R8: 280.32 | S8: 66.31 | T8: 70.71 | U8: 67 | V8: 0 | W8: 0
A10: =A8+1 -> 3 | D10: CWIP Carrying Cost (IDC or AFUDC) | F10: AFUDC
A11: =A10+1 -> 4 | D11: CWIP in Rate Base (Y or N) | F11: Y
A13: =A11+1 -> 5 | D13: Depreciation Rate (%) | F13: 0.025 | H13: =$F13 -> 0.025 | I13: =$F13 -> 0.025 | J13: =$F13 -> 0.025 | K13: =$F13 -> 0.025 | L13: =$F13 -> 0.025 | M13: =$F13 -> 0.025 | N13: =$F13 -> 0.025 | O13: =$F13 -> 0.025 | ... W13: =$F13 -> 0.025
A15: =A13+1 -> 6 | D15: Debt (% of Capital) | F15: 0.5 | I15: =$F15 -> 0.5 | J15: =$F15 -> 0.5 | K15: =$F15 -> 0.5 | L15: =$F15 -> 0.5 | M15: =$F15 -> 0.5 | N15: =$F15 -> 0.5 | O15: =$F15 -> 0.5 | P15: =$F15 -> 0.5 | ... W15: =$F15 -> 0.5
A16: =A15+1 -> 7 | D16: Cost of Debt (%) | F16: 0.06 | I16: =$F16 -> 0.06 | J16: =$F16 -> 0.06 | K16: =$F16 -> 0.06 | L16: =$F16 -> 0.06 | M16: =$F16 -> 0.06 | N16: =$F16 -> 0.06 | O16: =$F16 -> 0.06 | P16: =$F16 -> 0.06 | ... W16: =$F16 -> 0.06
A18: =A16+1 -> 8 | D18: Equity (% of Capital) | I18: =1-I15 -> 0.5 | J18: =1-J15 -> 0.5 | K18: =1-K15 -> 0.5 | L18: =1-L15 -> 0.5 | M18: =1-M15 -> 0.5 | N18: =1-N15 -> 0.5 | O18: =1-O15 -> 0.5 | P18: =1-P15 -> 0.5 | ... W18: =1-W15 -> 0.5
A19: =A18+1 -> 9 | D19: Cost of Equity (%) | F19: 0.11 | I19: =$F19 -> 0.11 | J19: =$F19 -> 0.11 | K19: =$F19 -> 0.11 | L19: =$F19 -> 0.11 | M19: =$F19 -> 0.11 | N19: =$F19 -> 0.11 | O19: =$F19 -> 0.11 | P19: =$F19 -> 0.11 | ... W19: =$F19 -> 0.11
A21: =A19+1 -> 10 | D21: Average Return Rate | I21: =I15*I16+I18*I19 -> 0.085 | J21: =J15*J16+J18*J19 -> 0.085 | K21: =K15*K16+K18*K19 -> 0.085 | L21: =L15*L16+L18*L19 -> 0.085 | M21: =M15*M16+M18*M19 -> 0.085 | N21: =N15*N16+N18*N19 -> 0.085 | O21: =O15*O16+O18*O19 -> 0.085 | P21: =P15*P16+P18*P19 -> 0.085 | ... W21: =W15*W16+W18*W19 -> 0.085
A23: =A21+1 -> 11 | D23: Federal Income Tax (MACRS 15-year) | I23: 0.05 | J23: =MAX(0.1*(1-SUM($I23:I23)),(1-SUM($I23:I23))/(16.5-J4)) -> 0.095 | K23: =MAX(0.1*(1-SUM($I23:J23)),(1-SUM($I23:J23))/(16.5-K4)) -> 0.0855 | L23: =MAX(0.1*(1-SUM($I23:K23)),(1-SUM($I23:K23))/(16.5-L4)) -> 0.07695 | M23: =MAX(0.1*(1-SUM($I23:L23)),(1-SUM($I23:L23))/(16.5-M4)) -> 0.069255 | N23: =MAX(0.1*(1-SUM($I23:M23)),(1-SUM($I23:M23))/(16.5-N4)) -> 0.0623295 | O23: =MAX(0.1*(1-SUM($I23:N23)),(1-SUM($I23:N23))/(16.5-O4)) -> 0.059049 | P23: =MAX(0.1*(1-SUM($I23:O23)),(1-SUM($I23:O23))/(16.5-P4)) -> 0.059049 | Q23: =MAX(0.1*(1-SUM($I23:P23)),(1-SUM($I23:P23))/(16.5-Q4)) -> 0.059049 | ... W23: =MAX(0.1*(1-SUM($I23:V23)),(1-SUM($I23:V23))/(16.5-W4)) -> 0.059049 | X23: =MAX(0.1*(1-SUM($I23:W23)),(1-SUM($I23:W23))/0.5)/2 -> 0.0295245
A24: =A23+1 -> 12 | D24: Deferred Federal Income Tax (Y or N) | F24: Y
A25: =A24+1 -> 13 | D25: Federal Income Tax Rate (%) | F25: 0.21 | H25: =$F25 -> 0.21 | I25: =$F25 -> 0.21 | J25: =$F25 -> 0.21 | K25: =$F25 -> 0.21 | L25: =$F25 -> 0.21 | M25: =$F25 -> 0.21 | N25: =$F25 -> 0.21 | O25: =$F25 -> 0.21 | ... W25: =$F25 -> 0.21
A27: =A25+1 -> 14 | D27: State Income Tax Declining Balance (%) | F27: 2
A28: =A27+1 -> 15 | D28: Deferred State Income Tax (Y or N) | F28: Y
A29: =A28+1 -> 16 | D29: State Income Tax Rate | F29: 0.0884 | H29: =$F29 -> 0.0884 | I29: =$F29 -> 0.0884 | J29: =$F29 -> 0.0884 | K29: =$F29 -> 0.0884 | L29: =$F29 -> 0.0884 | M29: =$F29 -> 0.0884 | N29: =$F29 -> 0.0884 | O29: =$F29 -> 0.0884 | ... W29: =$F29 -> 0.0884
A31: =A29+1 -> 17 | D31: O&M (% of Capital Additions) | F31: 0.02 | I31: =$F31 -> 0.02 | J31: =$F31 -> 0.02 | K31: =$F31 -> 0.02 | L31: =$F31 -> 0.02 | M31: =$F31 -> 0.02 | N31: =$F31 -> 0.02 | O31: =$F31 -> 0.02 | P31: =$F31 -> 0.02 | ... W31: =$F31 -> 0.02
A32: =A31+1 -> 18 | D32: O&M Escalation Rate (%) | F32: 0.02 | I32: =$F32 -> 0.02 | J32: =$F32 -> 0.02 | K32: =$F32 -> 0.02 | L32: =$F32 -> 0.02 | M32: =$F32 -> 0.02 | N32: =$F32 -> 0.02 | O32: =$F32 -> 0.02 | P32: =$F32 -> 0.02 | ... W32: =$F32 -> 0.02
C34: Construction Work in Progress
A35: =A32+1 -> 19 | D35: Opening Balance | H35: 0 | I35: =H39 -> 0 | J35: =I39 -> 0 | K35: =J39 -> 0 | L35: =K39 -> 0 | M35: =L39 -> 0 | N35: =M39 -> 0 | O35: =N39 -> 0 | P35: =O39 -> 0 | ... W35: =V39 -> 0
A36: =A35+1 -> 20 | D36: Capital Expenditures | H36: =H8 -> 0 | I36: =I8 -> 329.6003 | J36: =J8 -> 700.26205 | K36: =K8 -> 3101.5537 | L36: =L8 -> 1117.783 | M36: =M8 -> 1629.6918 | N36: =N8 -> 993.30267 | O36: =O8 -> 1108.9979 | ... W36: =W8 -> 0
A37: =A36+1 -> 21 | D37: =IF(F11="Y","N/A (CWIP in Rate Base)", IF(F10="IDC","Interest During Construction","AFUDC")) -> N/A (CWIP in Rate Base) | H37: =($F11="N")*((H3<$F7)*(H16*($F10="IDC")+H21*($F10="AFUDC"))*(H35+0.5*H36)+(H3>=$F7)*0.5*H35*(H16*($F10="IDC")+H21*($F10="AFUDC"))/(1+0.5*(H16*($F10="IDC")+H21*($F10="AFUDC")))) -> 0 | I37: =($F11="N")*((I3<$F7)*(I16*($F10="IDC")+I21*($F10="AFUDC"))*(I35+0.5*I36)+(I3>=$F7)*0.5*I35*(I16*($F10="IDC")+I21*($F10="AFUDC"))/(1+0.5*(I16*($F10="IDC")+I21*($F10="AFUDC")))) -> 0 | J37: =($F11="N")*((J3<$F7)*(J16*($F10="IDC")+J21*($F10="AFUDC"))*(J35+0.5*J36)+(J3>=$F7)*0.5*J35*(J16*($F10="IDC")+J21*($F10="AFUDC"))/(1+0.5*(J16*($F10="IDC")+J21*($F10="AFUDC")))) -> 0 | K37: =($F11="N")*((K3<$F7)*(K16*($F10="IDC")+K21*($F10="AFUDC"))*(K35+0.5*K36)+(K3>=$F7)*0.5*K35*(K16*($F10="IDC")+K21*($F10="AFUDC"))/(1+0.5*(K16*($F10="IDC")+K21*($F10="AFUDC")))) -> 0 | L37: =($F11="N")*((L3<$F7)*(L16*($F10="IDC")+L21*($F10="AFUDC"))*(L35+0.5*L36)+(L3>=$F7)*0.5*L35*(L16*($F10="IDC")+L21*($F10="AFUDC"))/(1+0.5*(L16*($F10="IDC")+L21*($F10="AFUDC")))) -> 0 | M37: =($F11="N")*((M3<$F7)*(M16*($F10="IDC")+M21*($F10="AFUDC"))*(M35+0.5*M36)+(M3>=$F7)*0.5*M35*(M16*($F10="IDC")+M21*($F10="AFUDC"))/(1+0.5*(M16*($F10="IDC")+M21*($F10="AFUDC")))) -> 0 | N37: =($F11="N")*((N3<$F7)*(N16*($F10="IDC")+N21*($F10="AFUDC"))*(N35+0.5*N36)+(N3>=$F7)*0.5*N35*(N16*($F10="IDC")+N21*($F10="AFUDC"))/(1+0.5*(N16*($F10="IDC")+N21*($F10="AFUDC")))) -> 0 | O37: =($F11="N")*((O3<$F7)*(O16*($F10="IDC")+O21*($F10="AFUDC"))*(O35+0.5*O36)+(O3>=$F7)*0.5*O35*(O16*($F10="IDC")+O21*($F10="AFUDC"))/(1+0.5*(O16*($F10="IDC")+O21*($F10="AFUDC")))) -> 0 | ... W37: =($F11="N")*((W3<$F7)*(W16*($F10="IDC")+W21*($F10="AFUDC"))*(W35+0.5*W36)+(W3>=$F7)*0.5*W35*(W16*($F10="IDC")+W21*($F10="AFUDC"))/(1+0.5*(W16*($F10="IDC")+W21*($F10="AFUDC")))) -> 0
A38: =A37+1 -> 22 | D38: Capital Additions | H38: =IF(H3>=$F7,-SUM(H35:H37),0) -> 0 | I38: =IF(I3>=$F7,-SUM(I35:I37),0) -> -329.6003 | J38: =IF(J3>=$F7,-SUM(J35:J37),0) -> -700.26205 | K38: =IF(K3>=$F7,-SUM(K35:K37),0) -> -3101.5537 | L38: =IF(L3>=$F7,-SUM(L35:L37),0) -> -1117.783 | M38: =IF(M3>=$F7,-SUM(M35:M37),0) -> -1629.6918 | N38: =IF(N3>=$F7,-SUM(N35:N37),0) -> -993.30267 | O38: =IF(O3>=$F7,-SUM(O35:O37),0) -> -1108.9979 | ... W38: =IF(W3>=$F7,-SUM(W35:W37),0) -> 0
A39: =A38+1 -> 23 | D39: Closing Balance | H39: =SUM(H35:H38) -> 0 | I39: =SUM(I35:I38) -> 0 | J39: =SUM(J35:J38) -> 0 | K39: =SUM(K35:K38) -> 0 | L39: =SUM(L35:L38) -> 0 | M39: =SUM(M35:M38) -> 0 | N39: =SUM(N35:N38) -> 0 | O39: =SUM(O35:O38) -> 0 | ... W39: =SUM(W35:W38) -> 0
A40: =A39+1 -> 24 | D40: Mid-Year Balance | H40: =(H35+H39)/2 -> 0 | I40: =(I35+I39)/2 -> 0 | J40: =(J35+J39)/2 -> 0 | K40: =(K35+K39)/2 -> 0 | L40: =(L35+L39)/2 -> 0 | M40: =(M35+M39)/2 -> 0 | N40: =(N35+N39)/2 -> 0 | O40: =(O35+O39)/2 -> 0 | ... W40: =(W35+W39)/2 -> 0
C42: Gross Plant
A43: =A40+1 -> 25 | D43: Opening Balance | H43: 0 | I43: =H46 -> 0 | J43: =I46 -> 329.6003 | K43: =J46 -> 1029.8623 | L43: =K46 -> 4131.416 | M43: =L46 -> 5249.199 | N43: =M46 -> 6878.8908 | O43: =N46 -> 7872.1935 | P43: =O46 -> 8981.1914 | ... W43: =V46 -> 11052.993
A44: =A43+1 -> 26 | D44: Capital Additions | H44: =-H38 -> 0 | I44: =-I38 -> 329.6003 | J44: =-J38 -> 700.26205 | K44: =-K38 -> 3101.5537 | L44: =-L38 -> 1117.783 | M44: =-M38 -> 1629.6918 | N44: =-N38 -> 993.30267 | O44: =-O38 -> 1108.9979 | ... W44: =-W38 -> 0
A45: =A44+1 -> 27 | D45: Retirements | H45: =IF((H43+H44)>(H50+H51),0,-(H43+H44)) -> 0 | I45: =IF((I43+I44)>(I50+I51),0,-(I43+I44)) -> 0 | J45: =IF((J43+J44)>(J50+J51),0,-(J43+J44)) -> 0 | K45: =IF((K43+K44)>(K50+K51),0,-(K43+K44)) -> 0 | L45: =IF((L43+L44)>(L50+L51),0,-(L43+L44)) -> 0 | M45: =IF((M43+M44)>(M50+M51),0,-(M43+M44)) -> 0 | N45: =IF((N43+N44)>(N50+N51),0,-(N43+N44)) -> 0 | O45: =IF((O43+O44)>(O50+O51),0,-(O43+O44)) -> 0 | ... W45: =IF((W43+W44)>(W50+W51),0,-(W43+W44)) -> 0
A46: =A45+1 -> 28 | D46: Closing Balance | H46: =SUM(H43:H45) -> 0 | I46: =SUM(I43:I45) -> 329.6003 | J46: =SUM(J43:J45) -> 1029.8623 | K46: =SUM(K43:K45) -> 4131.416 | L46: =SUM(L43:L45) -> 5249.199 | M46: =SUM(M43:M45) -> 6878.8908 | N46: =SUM(N43:N45) -> 7872.1935 | O46: =SUM(O43:O45) -> 8981.1914 | ... W46: =SUM(W43:W45) -> 11052.993
A47: =A46+1 -> 29 | D47: Mid-Year Balance | H47: =(H43+H46)/2 -> 0 | I47: =(I43+I46)/2 -> 164.80015 | J47: =(J43+J46)/2 -> 679.73133 | K47: =(K43+K46)/2 -> 2580.6392 | L47: =(L43+L46)/2 -> 4690.3075 | M47: =(M43+M46)/2 -> 6064.0449 | N47: =(N43+N46)/2 -> 7375.5421 | O47: =(O43+O46)/2 -> 8426.6924 | ... W47: =(W43+W46)/2 -> 11052.993
C49: Accumulated Depreciation
A50: =A47+1 -> 30 | D50: Opening Balance | H50: 0 | I50: =H53 -> 0 | J50: =I53 -> 4.1200038 | K50: =J53 -> 21.113287 | L50: =K53 -> 85.629266 | M50: =L53 -> 202.88695 | N50: =M53 -> 354.48808 | O50: =N53 -> 538.87663 | P50: =O53 -> 749.54394 | ... W50: =V53 -> 2602.8042
A51: =A50+1 -> 31 | D51: Depreciation | H51: =MAX(H13*(H43+0.5*H44),0) -> 0 | I51: =MAX(I13*(I43+0.5*I44),0) -> 4.1200038 | J51: =MIN(J13*(J43+0.5*J44),J43+J44-I53) -> 16.993283 | K51: =MIN(K13*(K43+0.5*K44),K43+K44-J53) -> 64.51598 | L51: =MIN(L13*(L43+0.5*L44),L43+L44-K53) -> 117.25769 | M51: =MIN(M13*(M43+0.5*M44),M43+M44-L53) -> 151.60112 | N51: =MIN(N13*(N43+0.5*N44),N43+N44-M53) -> 184.38855 | O51: =MIN(O13*(O43+0.5*O44),O43+O44-N53) -> 210.66731 | P51: =MIN(P13*(P43+0.5*P44),P43+P44-O53) -> 234.03268 | Q51: =MIN(Q13*(Q43+0.5*Q44),Q43+Q44-P53) -> 253.87596 | ... W51: =MIN(W13*(W43+0.5*W44),W43+W44-V53) -> 276.32483
A52: =A51+1 -> 32 | D52: Retirements | H52: =H45 -> 0 | I52: =I45 -> 0 | J52: =J45 -> 0 | K52: =K45 -> 0 | L52: =L45 -> 0 | M52: =M45 -> 0 | N52: =N45 -> 0 | O52: =O45 -> 0 | ... W52: =W45 -> 0
A53: =A52+1 -> 33 | D53: Closing Balance | H53: =SUM(H50:H52) -> 0 | I53: =SUM(I50:I52) -> 4.1200038 | J53: =SUM(J50:J52) -> 21.113287 | K53: =SUM(K50:K52) -> 85.629266 | L53: =SUM(L50:L52) -> 202.88695 | M53: =SUM(M50:M52) -> 354.48808 | N53: =SUM(N50:N52) -> 538.87663 | O53: =SUM(O50:O52) -> 749.54394 | ... W53: =SUM(W50:W52) -> 2879.1291
A54: =A53+1 -> 34 | D54: Mid-Year Balance | H54: =(H50+H53)/2 -> 0 | I54: =(I50+I53)/2 -> 2.0600019 | J54: =(J50+J53)/2 -> 12.616645 | K54: =(K50+K53)/2 -> 53.371277 | L54: =(L50+L53)/2 -> 144.25811 | M54: =(M50+M53)/2 -> 278.68751 | N54: =(N50+N53)/2 -> 446.68235 | O54: =(O50+O53)/2 -> 644.21028 | ... W54: =(W50+W53)/2 -> 2740.9667
C56: Depreciation - Federal Income Tax
A57: =A54+1 -> 35 | D57: Opening Balance | H57: 0 | I57: =H60 -> 0 | J57: =I60 -> 313.12029 | K57: =J60 -> 947.0572 | L57: =K60 -> 3798.8275 | M57: =L60 -> 4480.8385 | N57: =M60 -> 5580.9619 | O57: =N60 -> 5966.5033 | P57: =O60 -> 6422.4278 | ... W57: =V60 -> 3650.212
A58: =A57+1 -> 36 | D58: Capital Additions | H58: =-H38 -> 0 | I58: =-I38 -> 329.6003 | J58: =-J38 -> 700.26205 | K58: =-K38 -> 3101.5537 | L58: =-L38 -> 1117.783 | M58: =-M38 -> 1629.6918 | N58: =-N38 -> 993.30267 | O58: =-O38 -> 1108.9979 | ... W58: =-W38 -> 0
A59: =A58+1 -> 37 | D59: Depreciation - Federal Income Tax | H59: =-I23*H58 -> 0 | I59: =-I23*I58-H58*J23 -> -16.480015 | J59: =-I23*J58-J23*I58-H58*K23 -> -66.325131 | K59: =-I23*K58-J23*J58-K23*I58-H58*L23 -> -249.7834 | L59: =-I23*L58-J23*K58-K23*J58-L23*I58-H58*M23 -> -435.77189 | M59: =-I23*M58-J23*L58-K23*K58-L23*J58-M23*I58-H58*N23 -> -529.56844 | N59: =-I23*N58-J23*M58-K23*L58-L23*K58-M23*J58-N23*I58-H58*O23 -> -607.76132 | O59: =-I23*O58-J23*N58-K23*M58-L23*L58-M23*K58-N23*J58-O23*I58-H58*P23 -> -653.07335 | P59: =-I23*P58-J23*O58-K23*N58-L23*M58-M23*L58-N23*K58-O23*J58-P23*I58-H58*Q23 -> -685.24125 | Q59: =-I23*Q58-J23*P58-K23*O58-L23*N58-M23*M58-N23*L58-O23*K58-P23*J58-Q23*I58-H58*R23 -> -711.32864 | R59: =-I23*R58-J23*Q58-K23*P58-L23*O58-M23*N58-N23*M58-O23*L58-P23*K58-Q23*J58-R23*I58-H58*S23 -> -723.26907 | S59: =-I23*S58-J23*R58-K23*Q58-L23*P58-M23*O58-N23*N58-O23*M58-P23*L58-Q23*K58-R23*J58-S23*I58-H58*T23 -> -704.08124 | T59: =-I23*T58-J23*S58-K23*R58-L23*Q58-M23*P58-N23*O58-O23*N58-P23*M58-Q23*L58-R23*K58-S23*J58-T23*I58-H58*U23 -> -684.07596 | U59: =-I23*U58-J23*T58-K23*S58-L23*R58-M23*Q58-N23*P58-O23*O58-P23*N58-Q23*M58-R23*L58-S23*K58-T23*J58-U23*I58-H58*V23 -> -672.31264 | V59: =-I23*V58-J23*U58-K23*T58-L23*S58-M23*R58-N23*Q58-O23*P58-P23*O58-Q23*N58-R23*M58-S23*L58-T23*K58-U23*J58-V23*I58-H58*W23 -> -663.70896 | W59: =-I23*W58-J23*V58-K23*U58-L23*T58-M23*S58-N23*R58-O23*Q58-P23*P58-Q23*O58-R23*N58-S23*M58-T23*L58-U23*K58-V23*J58-W23*I58-H58*X23 -> -657.30255
A60: =A59+1 -> 38 | D60: Closing Balance | H60: =SUM(H57:H59) -> 0 | I60: =SUM(I57:I59) -> 313.12029 | J60: =SUM(J57:J59) -> 947.0572 | K60: =SUM(K57:K59) -> 3798.8275 | L60: =SUM(L57:L59) -> 4480.8385 | M60: =SUM(M57:M59) -> 5580.9619 | N60: =SUM(N57:N59) -> 5966.5033 | O60: =SUM(O57:O59) -> 6422.4278 | ... W60: =SUM(W57:W59) -> 2992.9094
C62: Depreciation - State Income Tax
A63: =A60+1 -> 39 | D63: Opening Balance | H63: 0 | I63: =H66 -> 0 | J63: =I66 -> 321.36029 | K63: =J66 -> 988.04777 | L63: =K66 -> 3962.6602 | M63: =L66 -> 4854.3656 | N63: =M66 -> 6200.5968 | O63: =N66 -> 6859.0371 | P63: =O66 -> 7597.3582 | ... W63: =V66 -> 6876.805
A64: =A63+1 -> 40 | D64: Capital Additions | H64: =-H38 -> 0 | I64: =-I38 -> 329.6003 | J64: =-J38 -> 700.26205 | K64: =-K38 -> 3101.5537 | L64: =-L38 -> 1117.783 | M64: =-M38 -> 1629.6918 | N64: =-N38 -> 993.30267 | O64: =-O38 -> 1108.9979 | ... W64: =-W38 -> 0
A65: =A64+1 -> 41 | D65: Depreciation - State Income Tax | H65: =-H13*$F27*(H63+0.5*H64) -> 0 | I65: =-I13*$F27*(I63+0.5*I64) -> -8.2400076 | J65: =-J13*$F27*(J63+0.5*J64) -> -33.574566 | K65: =-K13*$F27*(K63+0.5*K64) -> -126.94123 | L65: =-L13*$F27*(L63+0.5*L64) -> -226.07758 | M65: =-M13*$F27*(M63+0.5*M64) -> -283.46057 | N65: =-N13*$F27*(N63+0.5*N64) -> -334.86241 | O65: =-O13*$F27*(O63+0.5*O64) -> -370.6768 | ... W65: =-W13*$F27*(W63+0.5*W64) -> -343.84025
A66: =A65+1 -> 42 | D66: Closing Balance | H66: =SUM(H63:H65) -> 0 | I66: =SUM(I63:I65) -> 321.36029 | J66: =SUM(J63:J65) -> 988.04777 | K66: =SUM(K63:K65) -> 3962.6602 | L66: =SUM(L63:L65) -> 4854.3656 | M66: =SUM(M63:M65) -> 6200.5968 | N66: =SUM(N63:N65) -> 6859.0371 | O66: =SUM(O63:O65) -> 7597.3582 | ... W66: =SUM(W63:W65) -> 6532.9648
C68: Deferred Income Taxes
A69: =A66+1 -> 43 | D69: Opening Balance | H69: 0 | I69: =H72 -> 0 | J69: =I72 -> 2.883327 | K69: =J72 -> 14.400985 | L69: =K72 -> 57.666674 | M69: =L72 -> 132.1542 | N69: =M72 -> 220.73588 | O69: =N72 -> 320.15265 | P69: =O72 -> 424.23234 | ... W69: =V72 -> 1117.874
A70: =A69+1 -> 44 | D70: Deferred Income Taxes - Federal | H70: =($F24="Y")*H25*(-H59-H51-H71) -> 0 | I70: =($F24="Y")*I25*(-I59-I51-I71) -> 2.5191186 | J70: =($F24="Y")*J25*(-J59-J51-J71) -> 10.051873 | K70: =($F24="Y")*K25*(-K59-K51-K71) -> 37.747297 | L70: =($F24="Y")*L25*(-L59-L51-L71) -> 64.867851 | M70: =($F24="Y")*M25*(-M59-M51-M71) -> 76.925299 | N70: =($F24="Y")*N25*(-N59-N51-N71) -> 86.114885 | O70: =($F24="Y")*O25*(-O59-O51-O71) -> 89.934852 | ... W70: =($F24="Y")*W25*(-W59-W51-W71) -> 78.751964
A71: =A70+1 -> 45 | D71: Deferred Income Taxes - State | H71: =($F28="Y")*H29*(-H65-H51) -> 0 | I71: =($F28="Y")*I29*(-I65-I51) -> 0.36420833 | J71: =($F28="Y")*J29*(-J65-J51) -> 1.4657854 | K71: =($F28="Y")*K29*(-K65-K51) -> 5.5183922 | L71: =($F28="Y")*L29*(-L65-L51) -> 9.6196789 | M71: =($F28="Y")*M29*(-M65-M51) -> 11.656376 | N71: =($F28="Y")*N29*(-N65-N51) -> 13.301889 | O71: =($F28="Y")*O29*(-O65-O51) -> 14.144839 | ... W71: =($F28="Y")*W29*(-W65-W51) -> 5.968363
A72: =A71+1 -> 46 | D72: Closing Balance | H72: =SUM(H69:H71) -> 0 | I72: =SUM(I69:I71) -> 2.883327 | J72: =SUM(J69:J71) -> 14.400985 | K72: =SUM(K69:K71) -> 57.666674 | L72: =SUM(L69:L71) -> 132.1542 | M72: =SUM(M69:M71) -> 220.73588 | N72: =SUM(N69:N71) -> 320.15265 | O72: =SUM(O69:O71) -> 424.23234 | ... W72: =SUM(W69:W71) -> 1202.5944
A73: =A72+1 -> 47 | D73: Mid-Year Balance | H73: =(H69+H72)/2 -> 0 | I73: =(I69+I72)/2 -> 1.4416635 | J73: =(J69+J72)/2 -> 8.6421562 | K73: =(K69+K72)/2 -> 36.03383 | L73: =(L69+L72)/2 -> 94.910439 | M73: =(M69+M72)/2 -> 176.44504 | N73: =(N69+N72)/2 -> 270.44427 | O73: =(O69+O72)/2 -> 372.1925 | ... W73: =(W69+W72)/2 -> 1160.2342
C75: Mid-Year Rate Base
A76: =A73+1 -> 48 | D76: Gross Property | H76: =H47 -> 0 | I76: =I47 -> 164.80015 | J76: =J47 -> 679.73133 | K76: =K47 -> 2580.6392 | L76: =L47 -> 4690.3075 | M76: =M47 -> 6064.0449 | N76: =N47 -> 7375.5421 | O76: =O47 -> 8426.6924 | ... W76: =W47 -> 11052.993
A77: =A76+1 -> 49 | D77: Accumulated Depreciation | H77: =-H54 -> 0 | I77: =-I54 -> -2.0600019 | J77: =-J54 -> -12.616645 | K77: =-K54 -> -53.371277 | L77: =-L54 -> -144.25811 | M77: =-M54 -> -278.68751 | N77: =-N54 -> -446.68235 | O77: =-O54 -> -644.21028 | ... W77: =-W54 -> -2740.9667
A78: =A77+1 -> 50 | D78: CWIP in Rate Base | H78: =($F11="Y")*H40 -> 0 | I78: =($F11="Y")*I40 -> 0 | J78: =($F11="Y")*J40 -> 0 | K78: =($F11="Y")*K40 -> 0 | L78: =($F11="Y")*L40 -> 0 | M78: =($F11="Y")*M40 -> 0 | N78: =($F11="Y")*N40 -> 0 | O78: =($F11="Y")*O40 -> 0 | ... W78: =($F11="Y")*W40 -> 0
A79: =A78+1 -> 51 | D79: Deferred Income Tax Account | H79: =-H73 -> 0 | I79: =-I73 -> -1.4416635 | J79: =-J73 -> -8.6421562 | K79: =-K73 -> -36.03383 | L79: =-L73 -> -94.910439 | M79: =-M73 -> -176.44504 | N79: =-N73 -> -270.44427 | O79: =-O73 -> -372.1925 | ... W79: =-W73 -> -1160.2342
A80: =A79+1 -> 52 | D80: Total | H80: =SUM(H76:H79) -> 0 | I80: =SUM(I76:I79) -> 161.29849 | J80: =SUM(J76:J79) -> 658.47252 | K80: =SUM(K76:K79) -> 2491.2341 | L80: =SUM(L76:L79) -> 4451.1389 | M80: =SUM(M76:M79) -> 5608.9123 | N80: =SUM(N76:N79) -> 6658.4155 | O80: =SUM(O76:O79) -> 7410.2896 | ... W80: =SUM(W76:W79) -> 7151.7924
C82: Revenue Requirements
A83: =A80+1 -> 53 | D83: Amortization | I83: =I51 -> 4.1200038 | J83: =J51 -> 16.993283 | K83: =K51 -> 64.51598 | L83: =L51 -> 117.25769 | M83: =M51 -> 151.60112 | N83: =N51 -> 184.38855 | O83: =O51 -> 210.66731 | P83: =P51 -> 234.03268 | ... W83: =W51 -> 276.32483
A84: =A83+1 -> 54 | D84: Cost of Debt | I84: =I15*I16*I80 -> 4.8389546 | J84: =J15*J16*J80 -> 19.754176 | K84: =K15*K16*K80 -> 74.737022 | L84: =L15*L16*L80 -> 133.53417 | M84: =M15*M16*M80 -> 168.26737 | N84: =N15*N16*N80 -> 199.75247 | O84: =O15*O16*O80 -> 222.30869 | P84: =P15*P16*P80 -> 240.52146 | ... W84: =W15*W16*W80 -> 214.55377
A85: =A84+1 -> 55 | D85: Cost of Equity | I85: =I18*I19*I80 -> 8.8714167 | J85: =J18*J19*J80 -> 36.215989 | K85: =K18*K19*K80 -> 137.01787 | L85: =L18*L19*L80 -> 244.81264 | M85: =M18*M19*M80 -> 308.49018 | N85: =N18*N19*N80 -> 366.21285 | O85: =O18*O19*O80 -> 407.56593 | P85: =P18*P19*P80 -> 440.956 | ... W85: =W18*W19*W80 -> 393.34858
A86: =A85+1 -> 56 | D86: Income Taxes - Federal | I86: =IF($F24="Y",I85*I25/(1-I25),I85*I25/(1-I25)+(I51+I59)*I25) -> 2.3582247 | J86: =IF($F24="Y",J85*J25/(1-J25),J85*J25/(1-J25)+(J51+J59)*J25) -> 9.627035 | K86: =IF($F24="Y",K85*K25/(1-K25),K85*K25/(1-K25)+(K51+K59)*K25) -> 36.422473 | L86: =IF($F24="Y",L85*L25/(1-L25),L85*L25/(1-L25)+(L51+L59)*L25) -> 65.076778 | M86: =IF($F24="Y",M85*M25/(1-M25),M85*M25/(1-M25)+(M51+M59)*M25) -> 82.003718 | N86: =IF($F24="Y",N85*N25/(1-N25),N85*N25/(1-N25)+(N51+N59)*N25) -> 97.347721 | O86: =IF($F24="Y",O85*O25/(1-O25),O85*O25/(1-O25)+(O51+O59)*O25) -> 108.34031 | P86: =IF($F24="Y",P85*P25/(1-P25),P85*P25/(1-P25)+(P51+P59)*P25) -> 117.21615 | ... W86: =IF($F24="Y",W85*W25/(1-W25),W85*W25/(1-W25)+(W51+W59)*W25) -> 104.56102
A87: =A86+1 -> 57 | D87: Income Taxes - State | I87: =IF($F28="Y",(I85+I86)*I29/(1-I29),(I85+I86)*I29/(1-I29)+(I51+I65)*I29) -> 1.0889648 | J87: =IF($F28="Y",(J85+J86)*J29/(1-J29),(J85+J86)*J29/(1-J29)+(J51+J65)*J29) -> 4.445506 | K87: =IF($F28="Y",(K85+K86)*K29/(1-K29),(K85+K86)*K29/(1-K29)+(K51+K65)*K29) -> 16.818919 | L87: =IF($F28="Y",(L85+L86)*L29/(1-L29),(L85+L86)*L29/(1-L29)+(L51+L65)*L29) -> 30.050707 | M87: =IF($F28="Y",(M85+M86)*M29/(1-M29),(M85+M86)*M29/(1-M29)+(M51+M65)*M29) -> 37.867113 | N87: =IF($F28="Y",(N85+N86)*N29/(1-N29),(N85+N86)*N29/(1-N29)+(N51+N65)*N29) -> 44.952561 | O87: =IF($F28="Y",(O85+O86)*O29/(1-O29),(O85+O86)*O29/(1-O29)+(O51+O65)*O29) -> 50.028644 | P87: =IF($F28="Y",(P85+P86)*P29/(1-P29),(P85+P86)*P29/(1-P29)+(P51+P65)*P29) -> 54.127269 | ... W87: =IF($F28="Y",(W85+W86)*W29/(1-W29),(W85+W86)*W29/(1-W29)+(W51+W65)*W29) -> 48.283467
A88: =A87+1 -> 58 | D88: Operations & Maintenance | I88: =(I80>0)*(H88*(1+I32)+(H44+H45)*I31) -> 0 | J88: =(J80>0)*(I88*(1+J32)+(I44+I45)*J31) -> 6.592006 | K88: =(K80>0)*(J88*(1+K32)+J44*K31) -> 20.729087 | L88: =(L80>0)*(K88*(1+L32)+K44*L31) -> 83.174742 | M88: =(M80>0)*(L88*(1+M32)+L44*M31) -> 107.1939 | N88: =(N80>0)*(M88*(1+N32)+M44*N31) -> 141.93161 | O88: =(O80>0)*(N88*(1+O32)+N44*O31) -> 164.6363 | P88: =(P80>0)*(O88*(1+P32)+O44*P31) -> 190.10898 | Q88: =(Q80>0)*(P88*(1+Q32)+P44*Q31) -> 209.1158 | R88: =(R80>0)*(Q88*(1+R32)+Q44*R31) -> 229.84271 | ... W88: =(W80>0)*(V88*(1+W32)+V44*W31) -> 264.07898
A89: =A88+1 -> 59 | D89: Total | I89: =SUM(I83:I88) -> 21.277565 | J89: =SUM(J83:J88) -> 93.627995 | K89: =SUM(K83:K88) -> 350.24135 | L89: =SUM(L83:L88) -> 673.90672 | M89: =SUM(M83:M88) -> 855.4234 | N89: =SUM(N83:N88) -> 1034.5858 | O89: =SUM(O83:O88) -> 1163.5472 | P89: =SUM(P83:P88) -> 1276.9625 | ... W89: =SUM(W83:W88) -> 1301.1507
C91: Link
A92: =A89+1 -> 60 | D92: CAISO 2024-2025 Transmission Plan High Voltage Transmission Access Charge Capital Costs | K92: https://www.caiso.com/documents/2024-2025-transmission-access-charge-high-voltage-capital-cost-estimates.xlsx

Sheet 2025-26 Policy and Econ
A1: Project: | E1: 2024-25 Policy and Econ | F1: CAISO PUBLIC
A2: ($ million)
F3: Reference | H3: =Existing!H3 -> 2025 | I3: =Existing!I3 -> 2026 | J3: =Existing!J3 -> 2027 | K3: =Existing!K3 -> 2028 | L3: =Existing!L3 -> 2029 | M3: =Existing!M3 -> 2030 | N3: =Existing!N3 -> 2031 | O3: =Existing!O3 -> 2032 | ... W3: =Existing!W3 -> 2040
A4: Line | E4: Column | H4: 0 | I4: 1 | J4: =I4+1 -> 2 | K4: =J4+1 -> 3 | L4: =K4+1 -> 4 | M4: =L4+1 -> 5 | N4: =M4+1 -> 6 | O4: =N4+1 -> 7 | P4: =O4+1 -> 8 | Q4: =P4+1 -> 9 | ... W4: =V4+1 -> 15
C6: Forecast Assumptions:
A7: 1 | D7: In-Service Year (yyyy) | F7: 2020
A8: =A7+1 -> 2 | D8: Capital Expenditures (nominal $ millions) | H8: 0 | I8: 335.1 | J8: 1047.2237 | K8: 1625.0937 | L8: 2078.3192 | M8: 1267.1165 | N8: 1797.1879 | O8: 2082.3328 | P8: 1277.5777 | Q8: 1292.3465 | R8: 250.5 | S8: 0 | T8: 0 | U8: 0 | V8: 0 | W8: 0
A10: =A8+1 -> 3 | D10: CWIP Carrying Cost (IDC or AFUDC) | F10: AFUDC
A11: =A10+1 -> 4 | D11: CWIP in Rate Base (Y or N) | F11: Y
A13: =A11+1 -> 5 | D13: Depreciation Rate (%) | F13: 0.025 | H13: =$F13 -> 0.025 | I13: =$F13 -> 0.025 | J13: =$F13 -> 0.025 | K13: =$F13 -> 0.025 | L13: =$F13 -> 0.025 | M13: =$F13 -> 0.025 | N13: =$F13 -> 0.025 | O13: =$F13 -> 0.025 | ... W13: =$F13 -> 0.025
A15: =A13+1 -> 6 | D15: Debt (% of Capital) | F15: 0.5 | I15: =$F15 -> 0.5 | J15: =$F15 -> 0.5 | K15: =$F15 -> 0.5 | L15: =$F15 -> 0.5 | M15: =$F15 -> 0.5 | N15: =$F15 -> 0.5 | O15: =$F15 -> 0.5 | P15: =$F15 -> 0.5 | ... W15: =$F15 -> 0.5
A16: =A15+1 -> 7 | D16: Cost of Debt (%) | F16: 0.06 | I16: =$F16 -> 0.06 | J16: =$F16 -> 0.06 | K16: =$F16 -> 0.06 | L16: =$F16 -> 0.06 | M16: =$F16 -> 0.06 | N16: =$F16 -> 0.06 | O16: =$F16 -> 0.06 | P16: =$F16 -> 0.06 | ... W16: =$F16 -> 0.06
A18: =A16+1 -> 8 | D18: Equity (% of Capital) | I18: =1-I15 -> 0.5 | J18: =1-J15 -> 0.5 | K18: =1-K15 -> 0.5 | L18: =1-L15 -> 0.5 | M18: =1-M15 -> 0.5 | N18: =1-N15 -> 0.5 | O18: =1-O15 -> 0.5 | P18: =1-P15 -> 0.5 | ... W18: =1-W15 -> 0.5
A19: =A18+1 -> 9 | D19: Cost of Equity (%) | F19: 0.11 | I19: =$F19 -> 0.11 | J19: =$F19 -> 0.11 | K19: =$F19 -> 0.11 | L19: =$F19 -> 0.11 | M19: =$F19 -> 0.11 | N19: =$F19 -> 0.11 | O19: =$F19 -> 0.11 | P19: =$F19 -> 0.11 | ... W19: =$F19 -> 0.11
A21: =A19+1 -> 10 | D21: Average Return Rate | I21: =I15*I16+I18*I19 -> 0.085 | J21: =J15*J16+J18*J19 -> 0.085 | K21: =K15*K16+K18*K19 -> 0.085 | L21: =L15*L16+L18*L19 -> 0.085 | M21: =M15*M16+M18*M19 -> 0.085 | N21: =N15*N16+N18*N19 -> 0.085 | O21: =O15*O16+O18*O19 -> 0.085 | P21: =P15*P16+P18*P19 -> 0.085 | ... W21: =W15*W16+W18*W19 -> 0.085
A23: =A21+1 -> 11 | D23: Federal Income Tax (MACRS 15-year) | I23: 0.05 | J23: =MAX(0.1*(1-SUM($I23:I23)),(1-SUM($I23:I23))/(16.5-J4)) -> 0.095 | K23: =MAX(0.1*(1-SUM($I23:J23)),(1-SUM($I23:J23))/(16.5-K4)) -> 0.0855 | L23: =MAX(0.1*(1-SUM($I23:K23)),(1-SUM($I23:K23))/(16.5-L4)) -> 0.07695 | M23: =MAX(0.1*(1-SUM($I23:L23)),(1-SUM($I23:L23))/(16.5-M4)) -> 0.069255 | N23: =MAX(0.1*(1-SUM($I23:M23)),(1-SUM($I23:M23))/(16.5-N4)) -> 0.0623295 | O23: =MAX(0.1*(1-SUM($I23:N23)),(1-SUM($I23:N23))/(16.5-O4)) -> 0.059049 | P23: =MAX(0.1*(1-SUM($I23:O23)),(1-SUM($I23:O23))/(16.5-P4)) -> 0.059049 | Q23: =MAX(0.1*(1-SUM($I23:P23)),(1-SUM($I23:P23))/(16.5-Q4)) -> 0.059049 | ... W23: =MAX(0.1*(1-SUM($I23:V23)),(1-SUM($I23:V23))/(16.5-W4)) -> 0.059049 | X23: =MAX(0.1*(1-SUM($I23:W23)),(1-SUM($I23:W23))/0.5)/2 -> 0.0295245
A24: =A23+1 -> 12 | D24: Deferred Federal Income Tax (Y or N) | F24: Y
A25: =A24+1 -> 13 | D25: Federal Income Tax Rate (%) | F25: 0.21 | H25: =$F25 -> 0.21 | I25: =$F25 -> 0.21 | J25: =$F25 -> 0.21 | K25: =$F25 -> 0.21 | L25: =$F25 -> 0.21 | M25: =$F25 -> 0.21 | N25: =$F25 -> 0.21 | O25: =$F25 -> 0.21 | ... W25: =$F25 -> 0.21
A27: =A25+1 -> 14 | D27: State Income Tax Declining Balance (%) | F27: 2
A28: =A27+1 -> 15 | D28: Deferred State Income Tax (Y or N) | F28: Y
A29: =A28+1 -> 16 | D29: State Income Tax Rate | F29: 0.0884 | H29: =$F29 -> 0.0884 | I29: =$F29 -> 0.0884 | J29: =$F29 -> 0.0884 | K29: =$F29 -> 0.0884 | L29: =$F29 -> 0.0884 | M29: =$F29 -> 0.0884 | N29: =$F29 -> 0.0884 | O29: =$F29 -> 0.0884 | ... W29: =$F29 -> 0.0884
A31: =A29+1 -> 17 | D31: O&M (% of Capital Additions) | F31: 0.02 | I31: =$F31 -> 0.02 | J31: =$F31 -> 0.02 | K31: =$F31 -> 0.02 | L31: =$F31 -> 0.02 | M31: =$F31 -> 0.02 | N31: =$F31 -> 0.02 | O31: =$F31 -> 0.02 | P31: =$F31 -> 0.02 | ... W31: =$F31 -> 0.02
A32: =A31+1 -> 18 | D32: O&M Escalation Rate (%) | F32: 0.02 | I32: =$F32 -> 0.02 | J32: =$F32 -> 0.02 | K32: =$F32 -> 0.02 | L32: =$F32 -> 0.02 | M32: =$F32 -> 0.02 | N32: =$F32 -> 0.02 | O32: =$F32 -> 0.02 | P32: =$F32 -> 0.02 | ... W32: =$F32 -> 0.02
C34: Construction Work in Progress
A35: =A32+1 -> 19 | D35: Opening Balance | H35: 0 | I35: =H39 -> 0 | J35: =I39 -> 0 | K35: =J39 -> 0 | L35: =K39 -> 0 | M35: =L39 -> 0 | N35: =M39 -> 0 | O35: =N39 -> 0 | P35: =O39 -> 0 | ... W35: =V39 -> 0
A36: =A35+1 -> 20 | D36: Capital Expenditures | H36: =H8 -> 0 | I36: =I8 -> 335.1 | J36: =J8 -> 1047.2237 | K36: =K8 -> 1625.0937 | L36: =L8 -> 2078.3192 | M36: =M8 -> 1267.1165 | N36: =N8 -> 1797.1879 | O36: =O8 -> 2082.3328 | ... W36: =W8 -> 0
A37: =A36+1 -> 21 | D37: =IF(F11="Y","N/A (CWIP in Rate Base)", IF(F10="IDC","Interest During Construction","AFUDC")) -> N/A (CWIP in Rate Base) | H37: =($F11="N")*((H3<$F7)*(H16*($F10="IDC")+H21*($F10="AFUDC"))*(H35+0.5*H36)+(H3>=$F7)*0.5*H35*(H16*($F10="IDC")+H21*($F10="AFUDC"))/(1+0.5*(H16*($F10="IDC")+H21*($F10="AFUDC")))) -> 0 | I37: =($F11="N")*((I3<$F7)*(I16*($F10="IDC")+I21*($F10="AFUDC"))*(I35+0.5*I36)+(I3>=$F7)*0.5*I35*(I16*($F10="IDC")+I21*($F10="AFUDC"))/(1+0.5*(I16*($F10="IDC")+I21*($F10="AFUDC")))) -> 0 | J37: =($F11="N")*((J3<$F7)*(J16*($F10="IDC")+J21*($F10="AFUDC"))*(J35+0.5*J36)+(J3>=$F7)*0.5*J35*(J16*($F10="IDC")+J21*($F10="AFUDC"))/(1+0.5*(J16*($F10="IDC")+J21*($F10="AFUDC")))) -> 0 | K37: =($F11="N")*((K3<$F7)*(K16*($F10="IDC")+K21*($F10="AFUDC"))*(K35+0.5*K36)+(K3>=$F7)*0.5*K35*(K16*($F10="IDC")+K21*($F10="AFUDC"))/(1+0.5*(K16*($F10="IDC")+K21*($F10="AFUDC")))) -> 0 | L37: =($F11="N")*((L3<$F7)*(L16*($F10="IDC")+L21*($F10="AFUDC"))*(L35+0.5*L36)+(L3>=$F7)*0.5*L35*(L16*($F10="IDC")+L21*($F10="AFUDC"))/(1+0.5*(L16*($F10="IDC")+L21*($F10="AFUDC")))) -> 0 | M37: =($F11="N")*((M3<$F7)*(M16*($F10="IDC")+M21*($F10="AFUDC"))*(M35+0.5*M36)+(M3>=$F7)*0.5*M35*(M16*($F10="IDC")+M21*($F10="AFUDC"))/(1+0.5*(M16*($F10="IDC")+M21*($F10="AFUDC")))) -> 0 | N37: =($F11="N")*((N3<$F7)*(N16*($F10="IDC")+N21*($F10="AFUDC"))*(N35+0.5*N36)+(N3>=$F7)*0.5*N35*(N16*($F10="IDC")+N21*($F10="AFUDC"))/(1+0.5*(N16*($F10="IDC")+N21*($F10="AFUDC")))) -> 0 | O37: =($F11="N")*((O3<$F7)*(O16*($F10="IDC")+O21*($F10="AFUDC"))*(O35+0.5*O36)+(O3>=$F7)*0.5*O35*(O16*($F10="IDC")+O21*($F10="AFUDC"))/(1+0.5*(O16*($F10="IDC")+O21*($F10="AFUDC")))) -> 0 | ... W37: =($F11="N")*((W3<$F7)*(W16*($F10="IDC")+W21*($F10="AFUDC"))*(W35+0.5*W36)+(W3>=$F7)*0.5*W35*(W16*($F10="IDC")+W21*($F10="AFUDC"))/(1+0.5*(W16*($F10="IDC")+W21*($F10="AFUDC")))) -> 0
A38: =A37+1 -> 22 | D38: Capital Additions | H38: =IF(H3>=$F7,-SUM(H35:H37),0) -> 0 | I38: =IF(I3>=$F7,-SUM(I35:I37),0) -> -335.1 | J38: =IF(J3>=$F7,-SUM(J35:J37),0) -> -1047.2237 | K38: =IF(K3>=$F7,-SUM(K35:K37),0) -> -1625.0937 | L38: =IF(L3>=$F7,-SUM(L35:L37),0) -> -2078.3192 | M38: =IF(M3>=$F7,-SUM(M35:M37),0) -> -1267.1165 | N38: =IF(N3>=$F7,-SUM(N35:N37),0) -> -1797.1879 | O38: =IF(O3>=$F7,-SUM(O35:O37),0) -> -2082.3328 | ... W38: =IF(W3>=$F7,-SUM(W35:W37),0) -> 0
A39: =A38+1 -> 23 | D39: Closing Balance | H39: =SUM(H35:H38) -> 0 | I39: =SUM(I35:I38) -> 0 | J39: =SUM(J35:J38) -> 0 | K39: =SUM(K35:K38) -> 0 | L39: =SUM(L35:L38) -> 0 | M39: =SUM(M35:M38) -> 0 | N39: =SUM(N35:N38) -> 0 | O39: =SUM(O35:O38) -> 0 | ... W39: =SUM(W35:W38) -> 0
A40: =A39+1 -> 24 | D40: Mid-Year Balance | H40: =(H35+H39)/2 -> 0 | I40: =(I35+I39)/2 -> 0 | J40: =(J35+J39)/2 -> 0 | K40: =(K35+K39)/2 -> 0 | L40: =(L35+L39)/2 -> 0 | M40: =(M35+M39)/2 -> 0 | N40: =(N35+N39)/2 -> 0 | O40: =(O35+O39)/2 -> 0 | ... W40: =(W35+W39)/2 -> 0
C42: Gross Plant
A43: =A40+1 -> 25 | D43: Opening Balance | H43: 0 | I43: =H46 -> 0 | J43: =I46 -> 335.1 | K43: =J46 -> 1382.3237 | L43: =K46 -> 3007.4174 | M43: =L46 -> 5085.7366 | N43: =M46 -> 6352.8531 | O43: =N46 -> 8150.0411 | P43: =O46 -> 10232.374 | ... W43: =V46 -> 13052.798
A44: =A43+1 -> 26 | D44: Capital Additions | H44: =-H38 -> 0 | I44: =-I38 -> 335.1 | J44: =-J38 -> 1047.2237 | K44: =-K38 -> 1625.0937 | L44: =-L38 -> 2078.3192 | M44: =-M38 -> 1267.1165 | N44: =-N38 -> 1797.1879 | O44: =-O38 -> 2082.3328 | ... W44: =-W38 -> 0
A45: =A44+1 -> 27 | D45: Retirements | H45: =IF((H43+H44)>(H50+H51),0,-(H43+H44)) -> 0 | I45: =IF((I43+I44)>(I50+I51),0,-(I43+I44)) -> 0 | J45: =IF((J43+J44)>(J50+J51),0,-(J43+J44)) -> 0 | K45: =IF((K43+K44)>(K50+K51),0,-(K43+K44)) -> 0 | L45: =IF((L43+L44)>(L50+L51),0,-(L43+L44)) -> 0 | M45: =IF((M43+M44)>(M50+M51),0,-(M43+M44)) -> 0 | N45: =IF((N43+N44)>(N50+N51),0,-(N43+N44)) -> 0 | O45: =IF((O43+O44)>(O50+O51),0,-(O43+O44)) -> 0 | ... W45: =IF((W43+W44)>(W50+W51),0,-(W43+W44)) -> 0
A46: =A45+1 -> 28 | D46: Closing Balance | H46: =SUM(H43:H45) -> 0 | I46: =SUM(I43:I45) -> 335.1 | J46: =SUM(J43:J45) -> 1382.3237 | K46: =SUM(K43:K45) -> 3007.4174 | L46: =SUM(L43:L45) -> 5085.7366 | M46: =SUM(M43:M45) -> 6352.8531 | N46: =SUM(N43:N45) -> 8150.0411 | O46: =SUM(O43:O45) -> 10232.374 | ... W46: =SUM(W43:W45) -> 13052.798
A47: =A46+1 -> 29 | D47: Mid-Year Balance | H47: =(H43+H46)/2 -> 0 | I47: =(I43+I46)/2 -> 167.55 | J47: =(J43+J46)/2 -> 858.71184 | K47: =(K43+K46)/2 -> 2194.8705 | L47: =(L43+L46)/2 -> 4046.577 | M47: =(M43+M46)/2 -> 5719.2949 | N47: =(N43+N46)/2 -> 7251.4471 | O47: =(O43+O46)/2 -> 9191.2075 | ... W47: =(W43+W46)/2 -> 13052.798
C49: Accumulated Depreciation
A50: =A47+1 -> 30 | D50: Opening Balance | H50: 0 | I50: =H53 -> 0 | J50: =I53 -> 4.18875 | K50: =J53 -> 25.656546 | L50: =K53 -> 80.528309 | M50: =L53 -> 181.69273 | N50: =M53 -> 324.67511 | O50: =N53 -> 505.96128 | P50: =O53 -> 735.74147 | ... W50: =V53 -> 2939.8922
A51: =A50+1 -> 31 | D51: Depreciation | H51: =MAX(H13*(H43+0.5*H44),0) -> 0 | I51: =MAX(I13*(I43+0.5*I44),0) -> 4.18875 | J51: =MIN(J13*(J43+0.5*J44),J43+J44-I53) -> 21.467796 | K51: =MIN(K13*(K43+0.5*K44),K43+K44-J53) -> 54.871764 | L51: =MIN(L13*(L43+0.5*L44),L43+L44-K53) -> 101.16443 | M51: =MIN(M13*(M43+0.5*M44),M43+M44-L53) -> 142.98237 | N51: =MIN(N13*(N43+0.5*N44),N43+N44-M53) -> 181.28618 | O51: =MIN(O13*(O43+0.5*O44),O43+O44-N53) -> 229.78019 | P51: =MIN(P13*(P43+0.5*P44),P43+P44-O53) -> 271.77907 | Q51: =MIN(Q13*(Q43+0.5*Q44),Q43+Q44-P53) -> 303.90312 | ... W51: =MIN(W13*(W43+0.5*W44),W43+W44-V53) -> 326.31995
A52: =A51+1 -> 32 | D52: Retirements | H52: =H45 -> 0 | I52: =I45 -> 0 | J52: =J45 -> 0 | K52: =K45 -> 0 | L52: =L45 -> 0 | M52: =M45 -> 0 | N52: =N45 -> 0 | O52: =O45 -> 0 | ... W52: =W45 -> 0
A53: =A52+1 -> 33 | D53: Closing Balance | H53: =SUM(H50:H52) -> 0 | I53: =SUM(I50:I52) -> 4.18875 | J53: =SUM(J50:J52) -> 25.656546 | K53: =SUM(K50:K52) -> 80.528309 | L53: =SUM(L50:L52) -> 181.69273 | M53: =SUM(M50:M52) -> 324.67511 | N53: =SUM(N50:N52) -> 505.96128 | O53: =SUM(O50:O52) -> 735.74147 | ... W53: =SUM(W50:W52) -> 3266.2121
A54: =A53+1 -> 34 | D54: Mid-Year Balance | H54: =(H50+H53)/2 -> 0 | I54: =(I50+I53)/2 -> 2.094375 | J54: =(J50+J53)/2 -> 14.922648 | K54: =(K50+K53)/2 -> 53.092428 | L54: =(L50+L53)/2 -> 131.11052 | M54: =(M50+M53)/2 -> 253.18392 | N54: =(N50+N53)/2 -> 415.31819 | O54: =(O50+O53)/2 -> 620.85138 | ... W54: =(W50+W53)/2 -> 3103.0521
C56: Depreciation - Federal Income Tax
A57: =A54+1 -> 35 | D57: Opening Balance | H57: 0 | I57: =H60 -> 0 | J57: =I60 -> 318.345 | K57: =J60 -> 1281.373 | L57: =K60 -> 2697.0747 | M57: =L60 -> 4401.7705 | N57: =M60 -> 5165.3541 | O57: =N60 -> 6356.1473 | P57: =O60 -> 7697.7594 | ... W57: =V60 -> 4618.2342
A58: =A57+1 -> 36 | D58: Capital Additions | H58: =-H38 -> 0 | I58: =-I38 -> 335.1 | J58: =-J38 -> 1047.2237 | K58: =-K38 -> 1625.0937 | L58: =-L38 -> 2078.3192 | M58: =-M38 -> 1267.1165 | N58: =-N38 -> 1797.1879 | O58: =-O38 -> 2082.3328 | ... W58: =-W38 -> 0
A59: =A58+1 -> 37 | D59: Depreciation - Federal Income Tax | H59: =-I23*H58 -> 0 | I59: =-I23*I58-H58*J23 -> -16.755 | J59: =-I23*J58-J23*I58-H58*K23 -> -84.195684 | K59: =-I23*K58-J23*J58-K23*I58-H58*L23 -> -209.39199 | L59: =-I23*L58-J23*K58-K23*J58-L23*I58-H58*M23 -> -373.62343 | M59: =-I23*M58-J23*L58-K23*K58-L23*J58-M23*I58-H58*N23 -> -503.53288 | N59: =-I23*N58-J23*M58-K23*L58-L23*K58-M23*J58-N23*I58-H58*O23 -> -606.39481 | O59: =-I23*O58-J23*N58-K23*M58-L23*L58-M23*K58-N23*J58-O23*I58-H58*P23 -> -740.72073 | P59: =-I23*P58-J23*O58-K23*N58-L23*M58-M23*L58-N23*K58-O23*J58-P23*I58-H58*Q23 -> -839.71479 | Q59: =-I23*Q58-J23*P58-K23*O58-L23*N58-M23*M58-N23*L58-O23*K58-P23*J58-Q23*I58-H58*R23 -> -897.20001 | R59: =-I23*R58-J23*Q58-K23*P58-L23*O58-M23*N58-N23*M58-O23*L58-P23*K58-Q23*J58-R23*I58-H58*S23 -> -908.51697 | S59: =-I23*S58-J23*R58-K23*Q58-L23*P58-M23*O58-N23*N58-O23*M58-P23*L58-Q23*K58-R23*J58-S23*I58-H58*T23 -> -863.96214 | T59: =-I23*T58-J23*S58-K23*R58-L23*Q58-M23*P58-N23*O58-O23*N58-P23*M58-Q23*L58-R23*K58-S23*J58-T23*I58-H58*U23 -> -820.38499 | U59: =-I23*U58-J23*T58-K23*S58-L23*R58-M23*Q58-N23*P58-O23*O58-P23*N58-Q23*M58-R23*L58-S23*K58-T23*J58-U23*I58-H58*V23 -> -792.61966 | V59: =-I23*V58-J23*U58-K23*T58-L23*S58-M23*R58-N23*Q58-O23*P58-P23*O58-Q23*N58-R23*M58-S23*L58-T23*K58-U23*J58-V23*I58-H58*W23 -> -777.55082 | W59: =-I23*W58-J23*V58-K23*U58-L23*T58-M23*S58-N23*R58-O23*Q58-P23*P58-Q23*O58-R23*N58-S23*M58-T23*L58-U23*K58-V23*J58-W23*I58-H58*X23 -> -771.57644
A60: =A59+1 -> 38 | D60: Closing Balance | H60: =SUM(H57:H59) -> 0 | I60: =SUM(I57:I59) -> 318.345 | J60: =SUM(J57:J59) -> 1281.373 | K60: =SUM(K57:K59) -> 2697.0747 | L60: =SUM(L57:L59) -> 4401.7705 | M60: =SUM(M57:M59) -> 5165.3541 | N60: =SUM(N57:N59) -> 6356.1473 | O60: =SUM(O57:O59) -> 7697.7594 | ... W60: =SUM(W57:W59) -> 3846.6577
C62: Depreciation - State Income Tax
A63: =A60+1 -> 39 | D63: Opening Balance | H63: 0 | I63: =H66 -> 0 | J63: =I66 -> 326.7225 | K63: =J66 -> 1331.4295 | L63: =K66 -> 2849.3244 | M63: =L66 -> 4733.2194 | N63: =M66 -> 5731.997 | O63: =N66 -> 7197.6554 | P63: =O66 -> 8868.0471 | ... W63: =V66 -> 8282.4729
A64: =A63+1 -> 40 | D64: Capital Additions | H64: =-H38 -> 0 | I64: =-I38 -> 335.1 | J64: =-J38 -> 1047.2237 | K64: =-K38 -> 1625.0937 | L64: =-L38 -> 2078.3192 | M64: =-M38 -> 1267.1165 | N64: =-N38 -> 1797.1879 | O64: =-O38 -> 2082.3328 | ... W64: =-W38 -> 0
A65: =A64+1 -> 41 | D65: Depreciation - State Income Tax | H65: =-H13*$F27*(H63+0.5*H64) -> 0 | I65: =-I13*$F27*(I63+0.5*I64) -> -8.3775 | J65: =-J13*$F27*(J63+0.5*J64) -> -42.516717 | K65: =-K13*$F27*(K63+0.5*K64) -> -107.19882 | L65: =-L13*$F27*(L63+0.5*L64) -> -194.4242 | M65: =-M13*$F27*(M63+0.5*M64) -> -268.33888 | N65: =-N13*$F27*(N63+0.5*N64) -> -331.52955 | O65: =-O13*$F27*(O63+0.5*O64) -> -411.94109 | ... W65: =-W13*$F27*(W63+0.5*W64) -> -414.12364
A66: =A65+1 -> 42 | D66: Closing Balance | H66: =SUM(H63:H65) -> 0 | I66: =SUM(I63:I65) -> 326.7225 | J66: =SUM(J63:J65) -> 1331.4295 | K66: =SUM(K63:K65) -> 2849.3244 | L66: =SUM(L63:L65) -> 4733.2194 | M66: =SUM(M63:M65) -> 5731.997 | N66: =SUM(N63:N65) -> 7197.6554 | O66: =SUM(O63:O65) -> 8868.0471 | ... W66: =SUM(W63:W65) -> 7868.3492
C68: Deferred Income Taxes
A69: =A66+1 -> 43 | D69: Opening Balance | H69: 0 | I69: =H72 -> 0 | J69: =I72 -> 2.931438 | K69: =J72 -> 17.574267 | L69: =K72 -> 53.677826 | M69: =L72 -> 117.40711 | N69: =M72 -> 201.87711 | O69: =N72 -> 301.64232 | P69: =O72 -> 421.66122 | ... W69: =V72 -> 1281.7112
A70: =A69+1 -> 44 | D70: Deferred Income Taxes - Federal | H70: =($F24="Y")*H25*(-H59-H51-H71) -> 0 | I70: =($F24="Y")*I25*(-I59-I51-I71) -> 2.5611525 | J70: =($F24="Y")*J25*(-J59-J51-J71) -> 12.782104 | K70: =($F24="Y")*K25*(-K59-K51-K71) -> 31.477847 | L70: =($F24="Y")*L25*(-L59-L51-L71) -> 55.485117 | M70: =($F24="Y")*M25*(-M59-M51-M71) -> 73.388488 | N70: =($F24="Y")*N25*(-N59-N51-N71) -> 86.483695 | O70: =($F24="Y")*O25*(-O59-O51-O71) -> 103.91588 | ... W70: =($F24="Y")*W25*(-W59-W51-W71) -> 91.873875
A71: =A70+1 -> 45 | D71: Deferred Income Taxes - State | H71: =($F28="Y")*H29*(-H65-H51) -> 0 | I71: =($F28="Y")*I29*(-I65-I51) -> 0.3702855 | J71: =($F28="Y")*J29*(-J65-J51) -> 1.8607246 | K71: =($F28="Y")*K29*(-K65-K51) -> 4.6257115 | L71: =($F28="Y")*L29*(-L65-L51) -> 8.244164 | M71: =($F28="Y")*M29*(-M65-M51) -> 11.081515 | N71: =($F28="Y")*N29*(-N65-N51) -> 13.281514 | O71: =($F28="Y")*O29*(-O65-O51) -> 16.103024 | ... W71: =($F28="Y")*W29*(-W65-W51) -> 7.7618463
A72: =A71+1 -> 46 | D72: Closing Balance | H72: =SUM(H69:H71) -> 0 | I72: =SUM(I69:I71) -> 2.931438 | J72: =SUM(J69:J71) -> 17.574267 | K72: =SUM(K69:K71) -> 53.677826 | L72: =SUM(L69:L71) -> 117.40711 | M72: =SUM(M69:M71) -> 201.87711 | N72: =SUM(N69:N71) -> 301.64232 | O72: =SUM(O69:O71) -> 421.66122 | ... W72: =SUM(W69:W71) -> 1381.3469
A73: =A72+1 -> 47 | D73: Mid-Year Balance | H73: =(H69+H72)/2 -> 0 | I73: =(I69+I72)/2 -> 1.465719 | J73: =(J69+J72)/2 -> 10.252852 | K73: =(K69+K72)/2 -> 35.626046 | L73: =(L69+L72)/2 -> 85.542466 | M73: =(M69+M72)/2 -> 159.64211 | N73: =(N69+N72)/2 -> 251.75971 | O73: =(O69+O72)/2 -> 361.65177 | ... W73: =(W69+W72)/2 -> 1331.529
C75: Mid-Year Rate Base
A76: =A73+1 -> 48 | D76: Gross Property | H76: =H47 -> 0 | I76: =I47 -> 167.55 | J76: =J47 -> 858.71184 | K76: =K47 -> 2194.8705 | L76: =L47 -> 4046.577 | M76: =M47 -> 5719.2949 | N76: =N47 -> 7251.4471 | O76: =O47 -> 9191.2075 | ... W76: =W47 -> 13052.798
A77: =A76+1 -> 49 | D77: Accumulated Depreciation | H77: =-H54 -> 0 | I77: =-I54 -> -2.094375 | J77: =-J54 -> -14.922648 | K77: =-K54 -> -53.092428 | L77: =-L54 -> -131.11052 | M77: =-M54 -> -253.18392 | N77: =-N54 -> -415.31819 | O77: =-O54 -> -620.85138 | ... W77: =-W54 -> -3103.0521
A78: =A77+1 -> 50 | D78: CWIP in Rate Base | H78: =($F11="Y")*H40 -> 0 | I78: =($F11="Y")*I40 -> 0 | J78: =($F11="Y")*J40 -> 0 | K78: =($F11="Y")*K40 -> 0 | L78: =($F11="Y")*L40 -> 0 | M78: =($F11="Y")*M40 -> 0 | N78: =($F11="Y")*N40 -> 0 | O78: =($F11="Y")*O40 -> 0 | ... W78: =($F11="Y")*W40 -> 0
A79: =A78+1 -> 51 | D79: Deferred Income Tax Account | H79: =-H73 -> 0 | I79: =-I73 -> -1.465719 | J79: =-J73 -> -10.252852 | K79: =-K73 -> -35.626046 | L79: =-L73 -> -85.542466 | M79: =-M73 -> -159.64211 | N79: =-N73 -> -251.75971 | O79: =-O73 -> -361.65177 | ... W79: =-W73 -> -1331.529
A80: =A79+1 -> 52 | D80: Total | H80: =SUM(H76:H79) -> 0 | I80: =SUM(I76:I79) -> 163.98991 | J80: =SUM(J76:J79) -> 833.53634 | K80: =SUM(K76:K79) -> 2106.1521 | L80: =SUM(L76:L79) -> 3829.924 | M80: =SUM(M76:M79) -> 5306.4688 | N80: =SUM(N76:N79) -> 6584.3692 | O80: =SUM(O76:O79) -> 8208.7043 | ... W80: =SUM(W76:W79) -> 8618.2169
C82: Revenue Requirements
A83: =A80+1 -> 53 | D83: Amortization | I83: =I51 -> 4.18875 | J83: =J51 -> 21.467796 | K83: =K51 -> 54.871764 | L83: =L51 -> 101.16443 | M83: =M51 -> 142.98237 | N83: =N51 -> 181.28618 | O83: =O51 -> 229.78019 | P83: =P51 -> 271.77907 | ... W83: =W51 -> 326.31995
A84: =A83+1 -> 54 | D84: Cost of Debt | I84: =I15*I16*I80 -> 4.9196972 | J84: =J15*J16*J80 -> 25.00609 | K84: =K15*K16*K80 -> 63.184562 | L84: =L15*L16*L80 -> 114.89772 | M84: =M15*M16*M80 -> 159.19407 | N84: =N15*N16*N80 -> 197.53108 | O84: =O15*O16*O80 -> 246.26113 | P84: =P15*P16*P80 -> 285.33388 | ... W84: =W15*W16*W80 -> 258.54651
A85: =A84+1 -> 55 | D85: Cost of Equity | I85: =I18*I19*I80 -> 9.0194448 | J85: =J18*J19*J80 -> 45.844499 | K85: =K18*K19*K80 -> 115.83836 | L85: =L18*L19*L80 -> 210.64582 | M85: =M18*M19*M80 -> 291.85579 | N85: =N18*N19*N80 -> 362.14031 | O85: =O18*O19*O80 -> 451.47874 | P85: =P18*P19*P80 -> 523.11211 | ... W85: =W18*W19*W80 -> 474.00193
A86: =A85+1 -> 56 | D86: Income Taxes - Federal | I86: =IF($F24="Y",I85*I25/(1-I25),I85*I25/(1-I25)+(I51+I59)*I25) -> 2.3975739 | J86: =IF($F24="Y",J85*J25/(1-J25),J85*J25/(1-J25)+(J51+J59)*J25) -> 12.186512 | K86: =IF($F24="Y",K85*K25/(1-K25),K85*K25/(1-K25)+(K51+K59)*K25) -> 30.792476 | L86: =IF($F24="Y",L85*L25/(1-L25),L85*L25/(1-L25)+(L51+L59)*L25) -> 55.994459 | M86: =IF($F24="Y",M85*M25/(1-M25),M85*M25/(1-M25)+(M51+M59)*M25) -> 77.581918 | N86: =IF($F24="Y",N85*N25/(1-N25),N85*N25/(1-N25)+(N51+N59)*N25) -> 96.265144 | O86: =IF($F24="Y",O85*O25/(1-O25),O85*O25/(1-O25)+(O51+O59)*O25) -> 120.01334 | P86: =IF($F24="Y",P85*P25/(1-P25),P85*P25/(1-P25)+(P51+P59)*P25) -> 139.05512 | ... W86: =IF($F24="Y",W85*W25/(1-W25),W85*W25/(1-W25)+(W51+W59)*W25) -> 126.00051
A87: =A86+1 -> 57 | D87: Income Taxes - State | I87: =IF($F28="Y",(I85+I86)*I29/(1-I29),(I85+I86)*I29/(1-I29)+(I51+I65)*I29) -> 1.1071352 | J87: =IF($F28="Y",(J85+J86)*J29/(1-J29),(J85+J86)*J29/(1-J29)+(J51+J65)*J29) -> 5.6274039 | K87: =IF($F28="Y",(K85+K86)*K29/(1-K29),(K85+K86)*K29/(1-K29)+(K51+K65)*K29) -> 14.219138 | L87: =IF($F28="Y",(L85+L86)*L29/(1-L29),(L85+L86)*L29/(1-L29)+(L51+L65)*L29) -> 25.856736 | M87: =IF($F28="Y",(M85+M86)*M29/(1-M29),(M85+M86)*M29/(1-M29)+(M51+M65)*M29) -> 35.825245 | N87: =IF($F28="Y",(N85+N86)*N29/(1-N29),(N85+N86)*N29/(1-N29)+(N51+N65)*N29) -> 44.452657 | O87: =IF($F28="Y",(O85+O86)*O29/(1-O29),(O85+O86)*O29/(1-O29)+(O51+O65)*O29) -> 55.418933 | P87: =IF($F28="Y",(P85+P86)*P29/(1-P29),(P85+P86)*P29/(1-P29)+(P51+P65)*P29) -> 64.211916 | ... W87: =IF($F28="Y",(W85+W86)*W29/(1-W29),(W85+W86)*W29/(1-W29)+(W51+W65)*W29) -> 58.183651
A88: =A87+1 -> 58 | D88: Operations & Maintenance | I88: =(I80>0)*(H88*(1+I32)+(H44+H45)*I31) -> 0 | J88: =(J80>0)*(I88*(1+J32)+(I44+I45)*J31) -> 6.702 | K88: =(K80>0)*(J88*(1+K32)+J44*K31) -> 27.780514 | L88: =(L80>0)*(K88*(1+L32)+K44*L31) -> 60.837998 | M88: =(M80>0)*(L88*(1+M32)+L44*M31) -> 103.62114 | N88: =(N80>0)*(M88*(1+N32)+M44*N31) -> 131.0359 | O88: =(O80>0)*(N88*(1+O32)+N44*O31) -> 169.60037 | P88: =(P80>0)*(O88*(1+P32)+O44*P31) -> 214.63904 | Q88: =(Q80>0)*(P88*(1+Q32)+P44*Q31) -> 244.48337 | R88: =(R80>0)*(Q88*(1+R32)+Q44*R31) -> 275.21997 | ... W88: =(W80>0)*(V88*(1+W32)+V44*W31) -> 309.28807
A89: =A88+1 -> 59 | D89: Total | I89: =SUM(I83:I88) -> 21.632601 | J89: =SUM(J83:J88) -> 116.8343 | K89: =SUM(K83:K88) -> 306.68682 | L89: =SUM(L83:L88) -> 569.39716 | M89: =SUM(M83:M88) -> 811.06053 | N89: =SUM(N83:N88) -> 1012.7113 | O89: =SUM(O83:O88) -> 1272.5527 | P89: =SUM(P83:P88) -> 1498.1311 | ... W89: =SUM(W83:W88) -> 1552.3406
C91: Link
A92: =A89+1 -> 60 | D92: CAISO 2024-2025 Transmission Plan High Voltage Transmission Access Charge Capital Costs | K92: https://www.caiso.com/documents/2024-2025-transmission-access-charge-high-voltage-capital-cost-estimates.xlsx

Sheet WOD
A1: Project: | E1: WOD | F1: CAISO PUBLIC
A2: ($ million)
F3: Reference | H3: =Existing!H3 -> 2025 | I3: =Existing!I3 -> 2026 | J3: =Existing!J3 -> 2027 | K3: =Existing!K3 -> 2028 | L3: =Existing!L3 -> 2029 | M3: =Existing!M3 -> 2030 | N3: =Existing!N3 -> 2031 | O3: =Existing!O3 -> 2032 | ... W3: =Existing!W3 -> 2040
A4: Line | E4: Column | H4: 0 | I4: 1 | J4: =I4+1 -> 2 | K4: =J4+1 -> 3 | L4: =K4+1 -> 4 | M4: =L4+1 -> 5 | N4: =M4+1 -> 6 | O4: =N4+1 -> 7 | P4: =O4+1 -> 8 | Q4: =P4+1 -> 9 | ... W4: =V4+1 -> 15
C6: Forecast Assumptions:
A7: 1 | D7: In-Service Year (yyyy) | F7: 2022
A8: =A7+1 -> 2 | D8: Capital Expenditures (nominal $ millions) | H8: 0 | I8: 0 | J8: 0 | K8: 0 | L8: 0 | M8: 0 | N8: 0 | O8: 0 | P8: 0 | Q8: 0 | R8: 0 | S8: 0 | T8: 0 | U8: 0 | V8: 0 | W8: 0
A10: =A8+1 -> 3 | D10: CWIP Carrying Cost (IDC or AFUDC) | F10: AFUDC
A11: =A10+1 -> 4 | D11: CWIP in Rate Base (Y or N) | F11: Y
A13: =A11+1 -> 5 | D13: Depreciation Rate (%) | F13: 0.025 | H13: =$F13 -> 0.025 | I13: =$F13 -> 0.025 | J13: =$F13 -> 0.025 | K13: =$F13 -> 0.025 | L13: =$F13 -> 0.025 | M13: =$F13 -> 0.025 | N13: =$F13 -> 0.025 | O13: =$F13 -> 0.025 | ... W13: =$F13 -> 0.025
A15: =A13+1 -> 6 | D15: Debt (% of Capital) | F15: 0.5 | I15: =$F15 -> 0.5 | J15: =$F15 -> 0.5 | K15: =$F15 -> 0.5 | L15: =$F15 -> 0.5 | M15: =$F15 -> 0.5 | N15: =$F15 -> 0.5 | O15: =$F15 -> 0.5 | P15: =$F15 -> 0.5 | ... W15: =$F15 -> 0.5
A16: =A15+1 -> 7 | D16: Cost of Debt (%) | F16: 0.06 | I16: =$F16 -> 0.06 | J16: =$F16 -> 0.06 | K16: =$F16 -> 0.06 | L16: =$F16 -> 0.06 | M16: =$F16 -> 0.06 | N16: =$F16 -> 0.06 | O16: =$F16 -> 0.06 | P16: =$F16 -> 0.06 | ... W16: =$F16 -> 0.06
A18: =A16+1 -> 8 | D18: Equity (% of Capital) | I18: =1-I15 -> 0.5 | J18: =1-J15 -> 0.5 | K18: =1-K15 -> 0.5 | L18: =1-L15 -> 0.5 | M18: =1-M15 -> 0.5 | N18: =1-N15 -> 0.5 | O18: =1-O15 -> 0.5 | P18: =1-P15 -> 0.5 | ... W18: =1-W15 -> 0.5
A19: =A18+1 -> 9 | D19: Cost of Equity (%) | F19: 0.11 | I19: =$F19 -> 0.11 | J19: =$F19 -> 0.11 | K19: =$F19 -> 0.11 | L19: =$F19 -> 0.11 | M19: =$F19 -> 0.11 | N19: =$F19 -> 0.11 | O19: =$F19 -> 0.11 | P19: =$F19 -> 0.11 | ... W19: =$F19 -> 0.11
A21: =A19+1 -> 10 | D21: Average Return Rate | I21: =I15*I16+I18*I19 -> 0.085 | J21: =J15*J16+J18*J19 -> 0.085 | K21: =K15*K16+K18*K19 -> 0.085 | L21: =L15*L16+L18*L19 -> 0.085 | M21: =M15*M16+M18*M19 -> 0.085 | N21: =N15*N16+N18*N19 -> 0.085 | O21: =O15*O16+O18*O19 -> 0.085 | P21: =P15*P16+P18*P19 -> 0.085 | ... W21: =W15*W16+W18*W19 -> 0.085
A23: =A21+1 -> 11 | D23: Federal Income Tax (MACRS 15-year) | I23: 0.05 | J23: =MAX(0.1*(1-SUM($I23:I23)),(1-SUM($I23:I23))/(16.5-J4)) -> 0.095 | K23: =MAX(0.1*(1-SUM($I23:J23)),(1-SUM($I23:J23))/(16.5-K4)) -> 0.0855 | L23: =MAX(0.1*(1-SUM($I23:K23)),(1-SUM($I23:K23))/(16.5-L4)) -> 0.07695 | M23: =MAX(0.1*(1-SUM($I23:L23)),(1-SUM($I23:L23))/(16.5-M4)) -> 0.069255 | N23: =MAX(0.1*(1-SUM($I23:M23)),(1-SUM($I23:M23))/(16.5-N4)) -> 0.0623295 | O23: =MAX(0.1*(1-SUM($I23:N23)),(1-SUM($I23:N23))/(16.5-O4)) -> 0.059049 | P23: =MAX(0.1*(1-SUM($I23:O23)),(1-SUM($I23:O23))/(16.5-P4)) -> 0.059049 | Q23: =MAX(0.1*(1-SUM($I23:P23)),(1-SUM($I23:P23))/(16.5-Q4)) -> 0.059049 | ... W23: =MAX(0.1*(1-SUM($I23:V23)),(1-SUM($I23:V23))/(16.5-W4)) -> 0.059049 | X23: =MAX(0.1*(1-SUM($I23:W23)),(1-SUM($I23:W23))/0.5)/2 -> 0.0295245
A24: =A23+1 -> 12 | D24: Deferred Federal Income Tax (Y or N) | F24: Y
A25: =A24+1 -> 13 | D25: Federal Income Tax Rate (%) | F25: 0.21 | H25: =$F25 -> 0.21 | I25: =$F25 -> 0.21 | J25: =$F25 -> 0.21 | K25: =$F25 -> 0.21 | L25: =$F25 -> 0.21 | M25: =$F25 -> 0.21 | N25: =$F25 -> 0.21 | O25: =$F25 -> 0.21 | ... W25: =$F25 -> 0.21
A27: =A25+1 -> 14 | D27: State Income Tax Declining Balance (%) | F27: 2
A28: =A27+1 -> 15 | D28: Deferred State Income Tax (Y or N) | F28: Y
A29: =A28+1 -> 16 | D29: State Income Tax Rate | F29: 0.0884 | H29: =$F29 -> 0.0884 | I29: =$F29 -> 0.0884 | J29: =$F29 -> 0.0884 | K29: =$F29 -> 0.0884 | L29: =$F29 -> 0.0884 | M29: =$F29 -> 0.0884 | N29: =$F29 -> 0.0884 | O29: =$F29 -> 0.0884 | ... W29: =$F29 -> 0.0884
A31: =A29+1 -> 17 | D31: O&M (% of Capital Additions) | F31: 0.02 | I31: =$F31 -> 0.02 | J31: =$F31 -> 0.02 | K31: =$F31 -> 0.02 | L31: =$F31 -> 0.02 | M31: =$F31 -> 0.02 | N31: =$F31 -> 0.02 | O31: =$F31 -> 0.02 | P31: =$F31 -> 0.02 | ... W31: =$F31 -> 0.02
A32: =A31+1 -> 18 | D32: O&M Escalation Rate (%) | F32: 0.02 | I32: =$F32 -> 0.02 | J32: =$F32 -> 0.02 | K32: =$F32 -> 0.02 | L32: =$F32 -> 0.02 | M32: =$F32 -> 0.02 | N32: =$F32 -> 0.02 | O32: =$F32 -> 0.02 | P32: =$F32 -> 0.02 | ... W32: =$F32 -> 0.02
C34: Construction Work in Progress
A35: =A32+1 -> 19 | D35: Opening Balance | H35: 0 | I35: =H39 -> 0 | J35: =I39 -> 0 | K35: =J39 -> 0 | L35: =K39 -> 0 | M35: =L39 -> 0 | N35: =M39 -> 0 | O35: =N39 -> 0 | P35: =O39 -> 0 | ... W35: =V39 -> 0
A36: =A35+1 -> 20 | D36: Capital Expenditures | H36: =H8 -> 0 | I36: =I8 -> 0 | J36: =J8 -> 0 | K36: =K8 -> 0 | L36: =L8 -> 0 | M36: =M8 -> 0 | N36: =N8 -> 0 | O36: =O8 -> 0 | ... W36: =W8 -> 0
A37: =A36+1 -> 21 | D37: =IF(F11="Y","N/A (CWIP in Rate Base)", IF(F10="IDC","Interest During Construction","AFUDC")) -> N/A (CWIP in Rate Base) | H37: =($F11="N")*((H3<$F7)*(H16*($F10="IDC")+H21*($F10="AFUDC"))*(H35+0.5*H36)+(H3>=$F7)*0.5*H35*(H16*($F10="IDC")+H21*($F10="AFUDC"))/(1+0.5*(H16*($F10="IDC")+H21*($F10="AFUDC")))) -> 0 | I37: =($F11="N")*((I3<$F7)*(I16*($F10="IDC")+I21*($F10="AFUDC"))*(I35+0.5*I36)+(I3>=$F7)*0.5*I35*(I16*($F10="IDC")+I21*($F10="AFUDC"))/(1+0.5*(I16*($F10="IDC")+I21*($F10="AFUDC")))) -> 0 | J37: =($F11="N")*((J3<$F7)*(J16*($F10="IDC")+J21*($F10="AFUDC"))*(J35+0.5*J36)+(J3>=$F7)*0.5*J35*(J16*($F10="IDC")+J21*($F10="AFUDC"))/(1+0.5*(J16*($F10="IDC")+J21*($F10="AFUDC")))) -> 0 | K37: =($F11="N")*((K3<$F7)*(K16*($F10="IDC")+K21*($F10="AFUDC"))*(K35+0.5*K36)+(K3>=$F7)*0.5*K35*(K16*($F10="IDC")+K21*($F10="AFUDC"))/(1+0.5*(K16*($F10="IDC")+K21*($F10="AFUDC")))) -> 0 | L37: =($F11="N")*((L3<$F7)*(L16*($F10="IDC")+L21*($F10="AFUDC"))*(L35+0.5*L36)+(L3>=$F7)*0.5*L35*(L16*($F10="IDC")+L21*($F10="AFUDC"))/(1+0.5*(L16*($F10="IDC")+L21*($F10="AFUDC")))) -> 0 | M37: =($F11="N")*((M3<$F7)*(M16*($F10="IDC")+M21*($F10="AFUDC"))*(M35+0.5*M36)+(M3>=$F7)*0.5*M35*(M16*($F10="IDC")+M21*($F10="AFUDC"))/(1+0.5*(M16*($F10="IDC")+M21*($F10="AFUDC")))) -> 0 | N37: =($F11="N")*((N3<$F7)*(N16*($F10="IDC")+N21*($F10="AFUDC"))*(N35+0.5*N36)+(N3>=$F7)*0.5*N35*(N16*($F10="IDC")+N21*($F10="AFUDC"))/(1+0.5*(N16*($F10="IDC")+N21*($F10="AFUDC")))) -> 0 | O37: =($F11="N")*((O3<$F7)*(O16*($F10="IDC")+O21*($F10="AFUDC"))*(O35+0.5*O36)+(O3>=$F7)*0.5*O35*(O16*($F10="IDC")+O21*($F10="AFUDC"))/(1+0.5*(O16*($F10="IDC")+O21*($F10="AFUDC")))) -> 0 | ... W37: =($F11="N")*((W3<$F7)*(W16*($F10="IDC")+W21*($F10="AFUDC"))*(W35+0.5*W36)+(W3>=$F7)*0.5*W35*(W16*($F10="IDC")+W21*($F10="AFUDC"))/(1+0.5*(W16*($F10="IDC")+W21*($F10="AFUDC")))) -> 0
A38: =A37+1 -> 22 | D38: Capital Additions | H38: =IF(H3>=$F7,-SUM(H35:H37),0) -> 0 | I38: =IF(I3>=$F7,-SUM(I35:I37),0) -> 0 | J38: =IF(J3>=$F7,-SUM(J35:J37),0) -> 0 | K38: =IF(K3>=$F7,-SUM(K35:K37),0) -> 0 | L38: =IF(L3>=$F7,-SUM(L35:L37),0) -> 0 | M38: =IF(M3>=$F7,-SUM(M35:M37),0) -> 0 | N38: =IF(N3>=$F7,-SUM(N35:N37),0) -> 0 | O38: =IF(O3>=$F7,-SUM(O35:O37),0) -> 0 | ... W38: =IF(W3>=$F7,-SUM(W35:W37),0) -> 0
A39: =A38+1 -> 23 | D39: Closing Balance | H39: =SUM(H35:H38) -> 0 | I39: =SUM(I35:I38) -> 0 | J39: =SUM(J35:J38) -> 0 | K39: =SUM(K35:K38) -> 0 | L39: =SUM(L35:L38) -> 0 | M39: =SUM(M35:M38) -> 0 | N39: =SUM(N35:N38) -> 0 | O39: =SUM(O35:O38) -> 0 | ... W39: =SUM(W35:W38) -> 0
A40: =A39+1 -> 24 | D40: Mid-Year Balance | H40: =(H35+H39)/2 -> 0 | I40: =(I35+I39)/2 -> 0 | J40: =(J35+J39)/2 -> 0 | K40: =(K35+K39)/2 -> 0 | L40: =(L35+L39)/2 -> 0 | M40: =(M35+M39)/2 -> 0 | N40: =(N35+N39)/2 -> 0 | O40: =(O35+O39)/2 -> 0 | ... W40: =(W35+W39)/2 -> 0
C42: Gross Plant
A43: =A40+1 -> 25 | D43: Opening Balance | H43: 0 | I43: =H46 -> 0 | J43: =I46 -> 0 | K43: =J46 -> 0 | L43: =K46 -> 0 | M43: =L46 -> 0 | N43: =M46 -> 0 | O43: =N46 -> 0 | P43: =O46 -> 0 | ... W43: =V46 -> 0
A44: =A43+1 -> 26 | D44: Capital Additions | H44: =-H38 -> 0 | I44: =-I38 -> 0 | J44: =-J38 -> 0 | K44: =-K38 -> 0 | L44: =-L38 -> 0 | M44: =-M38 -> 0 | N44: =-N38 -> 0 | O44: =-O38 -> 0 | ... W44: =-W38 -> 0
A45: =A44+1 -> 27 | D45: Retirements | H45: =IF((H43+H44)>(H50+H51),0,-(H43+H44)) -> 0 | I45: =IF((I43+I44)>(I50+I51),0,-(I43+I44)) -> 0 | J45: =IF((J43+J44)>(J50+J51),0,-(J43+J44)) -> 0 | K45: =IF((K43+K44)>(K50+K51),0,-(K43+K44)) -> 0 | L45: =IF((L43+L44)>(L50+L51),0,-(L43+L44)) -> 0 | M45: =IF((M43+M44)>(M50+M51),0,-(M43+M44)) -> 0 | N45: =IF((N43+N44)>(N50+N51),0,-(N43+N44)) -> 0 | O45: =IF((O43+O44)>(O50+O51),0,-(O43+O44)) -> 0 | ... W45: =IF((W43+W44)>(W50+W51),0,-(W43+W44)) -> 0
A46: =A45+1 -> 28 | D46: Closing Balance | H46: =SUM(H43:H45) -> 0 | I46: =SUM(I43:I45) -> 0 | J46: =SUM(J43:J45) -> 0 | K46: =SUM(K43:K45) -> 0 | L46: =SUM(L43:L45) -> 0 | M46: =SUM(M43:M45) -> 0 | N46: =SUM(N43:N45) -> 0 | O46: =SUM(O43:O45) -> 0 | ... W46: =SUM(W43:W45) -> 0
A47: =A46+1 -> 29 | D47: Mid-Year Balance | H47: =(H43+H46)/2 -> 0 | I47: =(I43+I46)/2 -> 0 | J47: =(J43+J46)/2 -> 0 | K47: =(K43+K46)/2 -> 0 | L47: =(L43+L46)/2 -> 0 | M47: =(M43+M46)/2 -> 0 | N47: =(N43+N46)/2 -> 0 | O47: =(O43+O46)/2 -> 0 | ... W47: =(W43+W46)/2 -> 0
C49: Accumulated Depreciation
A50: =A47+1 -> 30 | D50: Opening Balance | H50: 0 | I50: =H53 -> 0 | J50: =I53 -> 0 | K50: =J53 -> 0 | L50: =K53 -> 0 | M50: =L53 -> 0 | N50: =M53 -> 0 | O50: =N53 -> 0 | P50: =O53 -> 0 | ... W50: =V53 -> 0
A51: =A50+1 -> 31 | D51: Depreciation | H51: =MAX(H13*(H43+0.5*H44),0) -> 0 | I51: =MAX(I13*(I43+0.5*I44),0) -> 0 | J51: =MIN(J13*(J43+0.5*J44),J43+J44-I53) -> 0 | K51: =MIN(K13*(K43+0.5*K44),K43+K44-J53) -> 0 | L51: =MIN(L13*(L43+0.5*L44),L43+L44-K53) -> 0 | M51: =MIN(M13*(M43+0.5*M44),M43+M44-L53) -> 0 | N51: =MIN(N13*(N43+0.5*N44),N43+N44-M53) -> 0 | O51: =MIN(O13*(O43+0.5*O44),O43+O44-N53) -> 0 | P51: =MIN(P13*(P43+0.5*P44),P43+P44-O53) -> 0 | Q51: =MIN(Q13*(Q43+0.5*Q44),Q43+Q44-P53) -> 0 | ... W51: =MIN(W13*(W43+0.5*W44),W43+W44-V53) -> 0
A52: =A51+1 -> 32 | D52: Retirements | H52: =H45 -> 0 | I52: =I45 -> 0 | J52: =J45 -> 0 | K52: =K45 -> 0 | L52: =L45 -> 0 | M52: =M45 -> 0 | N52: =N45 -> 0 | O52: =O45 -> 0 | ... W52: =W45 -> 0
A53: =A52+1 -> 33 | D53: Closing Balance | H53: =SUM(H50:H52) -> 0 | I53: =SUM(I50:I52) -> 0 | J53: =SUM(J50:J52) -> 0 | K53: =SUM(K50:K52) -> 0 | L53: =SUM(L50:L52) -> 0 | M53: =SUM(M50:M52) -> 0 | N53: =SUM(N50:N52) -> 0 | O53: =SUM(O50:O52) -> 0 | ... W53: =SUM(W50:W52) -> 0
A54: =A53+1 -> 34 | D54: Mid-Year Balance | H54: =(H50+H53)/2 -> 0 | I54: =(I50+I53)/2 -> 0 | J54: =(J50+J53)/2 -> 0 | K54: =(K50+K53)/2 -> 0 | L54: =(L50+L53)/2 -> 0 | M54: =(M50+M53)/2 -> 0 | N54: =(N50+N53)/2 -> 0 | O54: =(O50+O53)/2 -> 0 | ... W54: =(W50+W53)/2 -> 0
C56: Depreciation - Federal Income Tax
A57: =A54+1 -> 35 | D57: Opening Balance | H57: 0 | I57: =H60 -> 0 | J57: =I60 -> 0 | K57: =J60 -> 0 | L57: =K60 -> 0 | M57: =L60 -> 0 | N57: =M60 -> 0 | O57: =N60 -> 0 | P57: =O60 -> 0 | ... W57: =V60 -> 0
A58: =A57+1 -> 36 | D58: Capital Additions | H58: =-H38 -> 0 | I58: =-I38 -> 0 | J58: =-J38 -> 0 | K58: =-K38 -> 0 | L58: =-L38 -> 0 | M58: =-M38 -> 0 | N58: =-N38 -> 0 | O58: =-O38 -> 0 | ... W58: =-W38 -> 0
A59: =A58+1 -> 37 | D59: Depreciation - Federal Income Tax | H59: =-I23*H58 -> 0 | I59: =-I23*I58-H58*J23 -> 0 | J59: =-I23*J58-J23*I58-H58*K23 -> 0 | K59: =-I23*K58-J23*J58-K23*I58-H58*L23 -> 0 | L59: =-I23*L58-J23*K58-K23*J58-L23*I58-H58*M23 -> 0 | M59: =-I23*M58-J23*L58-K23*K58-L23*J58-M23*I58-H58*N23 -> 0 | N59: =-I23*N58-J23*M58-K23*L58-L23*K58-M23*J58-N23*I58-H58*O23 -> 0 | O59: =-I23*O58-J23*N58-K23*M58-L23*L58-M23*K58-N23*J58-O23*I58-H58*P23 -> 0 | P59: =-I23*P58-J23*O58-K23*N58-L23*M58-M23*L58-N23*K58-O23*J58-P23*I58-H58*Q23 -> 0 | Q59: =-I23*Q58-J23*P58-K23*O58-L23*N58-M23*M58-N23*L58-O23*K58-P23*J58-Q23*I58-H58*R23 -> 0 | R59: =-I23*R58-J23*Q58-K23*P58-L23*O58-M23*N58-N23*M58-O23*L58-P23*K58-Q23*J58-R23*I58-H58*S23 -> 0 | S59: =-I23*S58-J23*R58-K23*Q58-L23*P58-M23*O58-N23*N58-O23*M58-P23*L58-Q23*K58-R23*J58-S23*I58-H58*T23 -> 0 | T59: =-I23*T58-J23*S58-K23*R58-L23*Q58-M23*P58-N23*O58-O23*N58-P23*M58-Q23*L58-R23*K58-S23*J58-T23*I58-H58*U23 -> 0 | U59: =-I23*U58-J23*T58-K23*S58-L23*R58-M23*Q58-N23*P58-O23*O58-P23*N58-Q23*M58-R23*L58-S23*K58-T23*J58-U23*I58-H58*V23 -> 0 | V59: =-I23*V58-J23*U58-K23*T58-L23*S58-M23*R58-N23*Q58-O23*P58-P23*O58-Q23*N58-R23*M58-S23*L58-T23*K58-U23*J58-V23*I58-H58*W23 -> 0 | W59: =-I23*W58-J23*V58-K23*U58-L23*T58-M23*S58-N23*R58-O23*Q58-P23*P58-Q23*O58-R23*N58-S23*M58-T23*L58-U23*K58-V23*J58-W23*I58-H58*X23 -> 0
A60: =A59+1 -> 38 | D60: Closing Balance | H60: =SUM(H57:H59) -> 0 | I60: =SUM(I57:I59) -> 0 | J60: =SUM(J57:J59) -> 0 | K60: =SUM(K57:K59) -> 0 | L60: =SUM(L57:L59) -> 0 | M60: =SUM(M57:M59) -> 0 | N60: =SUM(N57:N59) -> 0 | O60: =SUM(O57:O59) -> 0 | ... W60: =SUM(W57:W59) -> 0
C62: Depreciation - State Income Tax
A63: =A60+1 -> 39 | D63: Opening Balance | H63: 0 | I63: =H66 -> 0 | J63: =I66 -> 0 | K63: =J66 -> 0 | L63: =K66 -> 0 | M63: =L66 -> 0 | N63: =M66 -> 0 | O63: =N66 -> 0 | P63: =O66 -> 0 | ... W63: =V66 -> 0
A64: =A63+1 -> 40 | D64: Capital Additions | H64: =-H38 -> 0 | I64: =-I38 -> 0 | J64: =-J38 -> 0 | K64: =-K38 -> 0 | L64: =-L38 -> 0 | M64: =-M38 -> 0 | N64: =-N38 -> 0 | O64: =-O38 -> 0 | ... W64: =-W38 -> 0
A65: =A64+1 -> 41 | D65: Depreciation - State Income Tax | H65: =-H13*$F27*(H63+0.5*H64) -> 0 | I65: =-I13*$F27*(I63+0.5*I64) -> 0 | J65: =-J13*$F27*(J63+0.5*J64) -> 0 | K65: =-K13*$F27*(K63+0.5*K64) -> 0 | L65: =-L13*$F27*(L63+0.5*L64) -> 0 | M65: =-M13*$F27*(M63+0.5*M64) -> 0 | N65: =-N13*$F27*(N63+0.5*N64) -> 0 | O65: =-O13*$F27*(O63+0.5*O64) -> 0 | ... W65: =-W13*$F27*(W63+0.5*W64) -> 0
A66: =A65+1 -> 42 | D66: Closing Balance | H66: =SUM(H63:H65) -> 0 | I66: =SUM(I63:I65) -> 0 | J66: =SUM(J63:J65) -> 0 | K66: =SUM(K63:K65) -> 0 | L66: =SUM(L63:L65) -> 0 | M66: =SUM(M63:M65) -> 0 | N66: =SUM(N63:N65) -> 0 | O66: =SUM(O63:O65) -> 0 | ... W66: =SUM(W63:W65) -> 0
C68: Deferred Income Taxes
A69: =A66+1 -> 43 | D69: Opening Balance | H69: 0 | I69: =H72 -> 0 | J69: =I72 -> 0 | K69: =J72 -> 0 | L69: =K72 -> 0 | M69: =L72 -> 0 | N69: =M72 -> 0 | O69: =N72 -> 0 | P69: =O72 -> 0 | ... W69: =V72 -> 0
A70: =A69+1 -> 44 | D70: Deferred Income Taxes - Federal | H70: =($F24="Y")*H25*(-H59-H51-H71) -> 0 | I70: =($F24="Y")*I25*(-I59-I51-I71) -> 0 | J70: =($F24="Y")*J25*(-J59-J51-J71) -> 0 | K70: =($F24="Y")*K25*(-K59-K51-K71) -> 0 | L70: =($F24="Y")*L25*(-L59-L51-L71) -> 0 | M70: =($F24="Y")*M25*(-M59-M51-M71) -> 0 | N70: =($F24="Y")*N25*(-N59-N51-N71) -> 0 | O70: =($F24="Y")*O25*(-O59-O51-O71) -> 0 | ... W70: =($F24="Y")*W25*(-W59-W51-W71) -> 0
A71: =A70+1 -> 45 | D71: Deferred Income Taxes - State | H71: =($F28="Y")*H29*(-H65-H51) -> 0 | I71: =($F28="Y")*I29*(-I65-I51) -> 0 | J71: =($F28="Y")*J29*(-J65-J51) -> 0 | K71: =($F28="Y")*K29*(-K65-K51) -> 0 | L71: =($F28="Y")*L29*(-L65-L51) -> 0 | M71: =($F28="Y")*M29*(-M65-M51) -> 0 | N71: =($F28="Y")*N29*(-N65-N51) -> 0 | O71: =($F28="Y")*O29*(-O65-O51) -> 0 | ... W71: =($F28="Y")*W29*(-W65-W51) -> 0
A72: =A71+1 -> 46 | D72: Closing Balance | H72: =SUM(H69:H71) -> 0 | I72: =SUM(I69:I71) -> 0 | J72: =SUM(J69:J71) -> 0 | K72: =SUM(K69:K71) -> 0 | L72: =SUM(L69:L71) -> 0 | M72: =SUM(M69:M71) -> 0 | N72: =SUM(N69:N71) -> 0 | O72: =SUM(O69:O71) -> 0 | ... W72: =SUM(W69:W71) -> 0
A73: =A72+1 -> 47 | D73: Mid-Year Balance | H73: =(H69+H72)/2 -> 0 | I73: =(I69+I72)/2 -> 0 | J73: =(J69+J72)/2 -> 0 | K73: =(K69+K72)/2 -> 0 | L73: =(L69+L72)/2 -> 0 | M73: =(M69+M72)/2 -> 0 | N73: =(N69+N72)/2 -> 0 | O73: =(O69+O72)/2 -> 0 | ... W73: =(W69+W72)/2 -> 0
C75: Mid-Year Rate Base
A76: =A73+1 -> 48 | D76: Gross Property | H76: =H47 -> 0 | I76: =I47 -> 0 | J76: =J47 -> 0 | K76: =K47 -> 0 | L76: =L47 -> 0 | M76: =M47 -> 0 | N76: =N47 -> 0 | O76: =O47 -> 0 | ... W76: =W47 -> 0
A77: =A76+1 -> 49 | D77: Accumulated Depreciation | H77: =-H54 -> 0 | I77: =-I54 -> 0 | J77: =-J54 -> 0 | K77: =-K54 -> 0 | L77: =-L54 -> 0 | M77: =-M54 -> 0 | N77: =-N54 -> 0 | O77: =-O54 -> 0 | ... W77: =-W54 -> 0
A78: =A77+1 -> 50 | D78: CWIP in Rate Base | H78: =($F11="Y")*H40 -> 0 | I78: =($F11="Y")*I40 -> 0 | J78: =($F11="Y")*J40 -> 0 | K78: =($F11="Y")*K40 -> 0 | L78: =($F11="Y")*L40 -> 0 | M78: =($F11="Y")*M40 -> 0 | N78: =($F11="Y")*N40 -> 0 | O78: =($F11="Y")*O40 -> 0 | ... W78: =($F11="Y")*W40 -> 0
A79: =A78+1 -> 51 | D79: Deferred Income Tax Account | H79: =-H73 -> 0 | I79: =-I73 -> 0 | J79: =-J73 -> 0 | K79: =-K73 -> 0 | L79: =-L73 -> 0 | M79: =-M73 -> 0 | N79: =-N73 -> 0 | O79: =-O73 -> 0 | ... W79: =-W73 -> 0
A80: =A79+1 -> 52 | D80: Total | H80: =SUM(H76:H79) -> 0 | I80: =SUM(I76:I79) -> 0 | J80: =SUM(J76:J79) -> 0 | K80: =SUM(K76:K79) -> 0 | L80: =SUM(L76:L79) -> 0 | M80: =SUM(M76:M79) -> 0 | N80: =SUM(N76:N79) -> 0 | O80: =SUM(O76:O79) -> 0 | ... W80: =SUM(W76:W79) -> 0
C82: Revenue Requirements
A83: =A80+1 -> 53 | D83: Amortization | I83: =I51 -> 0 | J83: =J51 -> 0 | K83: =K51 -> 0 | L83: =L51 -> 0 | M83: =M51 -> 0 | N83: =N51 -> 0 | O83: =O51 -> 0 | P83: =P51 -> 0 | ... W83: =W51 -> 0
A84: =A83+1 -> 54 | D84: Cost of Debt | I84: =I15*I16*I80 -> 0 | J84: =J15*J16*J80 -> 0 | K84: =K15*K16*K80 -> 0 | L84: =L15*L16*L80 -> 0 | M84: =M15*M16*M80 -> 0 | N84: =N15*N16*N80 -> 0 | O84: =O15*O16*O80 -> 0 | P84: =P15*P16*P80 -> 0 | ... W84: =W15*W16*W80 -> 0
A85: =A84+1 -> 55 | D85: Cost of Equity | I85: =I18*I19*I80 -> 0 | J85: =J18*J19*J80 -> 0 | K85: =K18*K19*K80 -> 0 | L85: =L18*L19*L80 -> 0 | M85: =M18*M19*M80 -> 0 | N85: =N18*N19*N80 -> 0 | O85: =O18*O19*O80 -> 0 | P85: =P18*P19*P80 -> 0 | ... W85: =W18*W19*W80 -> 0
A86: =A85+1 -> 56 | D86: Income Taxes - Federal | I86: =IF($F24="Y",I85*I25/(1-I25),I85*I25/(1-I25)+(I51+I59)*I25) -> 0 | J86: =IF($F24="Y",J85*J25/(1-J25),J85*J25/(1-J25)+(J51+J59)*J25) -> 0 | K86: =IF($F24="Y",K85*K25/(1-K25),K85*K25/(1-K25)+(K51+K59)*K25) -> 0 | L86: =IF($F24="Y",L85*L25/(1-L25),L85*L25/(1-L25)+(L51+L59)*L25) -> 0 | M86: =IF($F24="Y",M85*M25/(1-M25),M85*M25/(1-M25)+(M51+M59)*M25) -> 0 | N86: =IF($F24="Y",N85*N25/(1-N25),N85*N25/(1-N25)+(N51+N59)*N25) -> 0 | O86: =IF($F24="Y",O85*O25/(1-O25),O85*O25/(1-O25)+(O51+O59)*O25) -> 0 | P86: =IF($F24="Y",P85*P25/(1-P25),P85*P25/(1-P25)+(P51+P59)*P25) -> 0 | ... W86: =IF($F24="Y",W85*W25/(1-W25),W85*W25/(1-W25)+(W51+W59)*W25) -> 0
A87: =A86+1 -> 57 | D87: Income Taxes - State | I87: =IF($F28="Y",(I85+I86)*I29/(1-I29),(I85+I86)*I29/(1-I29)+(I51+I65)*I29) -> 0 | J87: =IF($F28="Y",(J85+J86)*J29/(1-J29),(J85+J86)*J29/(1-J29)+(J51+J65)*J29) -> 0 | K87: =IF($F28="Y",(K85+K86)*K29/(1-K29),(K85+K86)*K29/(1-K29)+(K51+K65)*K29) -> 0 | L87: =IF($F28="Y",(L85+L86)*L29/(1-L29),(L85+L86)*L29/(1-L29)+(L51+L65)*L29) -> 0 | M87: =IF($F28="Y",(M85+M86)*M29/(1-M29),(M85+M86)*M29/(1-M29)+(M51+M65)*M29) -> 0 | N87: =IF($F28="Y",(N85+N86)*N29/(1-N29),(N85+N86)*N29/(1-N29)+(N51+N65)*N29) -> 0 | O87: =IF($F28="Y",(O85+O86)*O29/(1-O29),(O85+O86)*O29/(1-O29)+(O51+O65)*O29) -> 0 | P87: =IF($F28="Y",(P85+P86)*P29/(1-P29),(P85+P86)*P29/(1-P29)+(P51+P65)*P29) -> 0 | ... W87: =IF($F28="Y",(W85+W86)*W29/(1-W29),(W85+W86)*W29/(1-W29)+(W51+W65)*W29) -> 0
A88: =A87+1 -> 58 | D88: Operations & Maintenance | I88: =(I80>0)*(H88*(1+I32)+(H44+H45)*I31) -> 0 | J88: =(J80>0)*(I88*(1+J32)+(I44+I45)*J31) -> 0 | K88: =(K80>0)*(J88*(1+K32)+J44*K31) -> 0 | L88: =(L80>0)*(K88*(1+L32)+K44*L31) -> 0 | M88: =(M80>0)*(L88*(1+M32)+L44*M31) -> 0 | N88: =(N80>0)*(M88*(1+N32)+M44*N31) -> 0 | O88: =(O80>0)*(N88*(1+O32)+N44*O31) -> 0 | P88: =(P80>0)*(O88*(1+P32)+O44*P31) -> 0 | Q88: =(Q80>0)*(P88*(1+Q32)+P44*Q31) -> 0 | R88: =(R80>0)*(Q88*(1+R32)+Q44*R31) -> 0 | ... W88: =(W80>0)*(V88*(1+W32)+V44*W31) -> 0
A89: =A88+1 -> 59 | D89: Total | I89: =SUM(I83:I88) -> 0 | J89: =SUM(J83:J88) -> 0 | K89: =SUM(K83:K88) -> 0 | L89: =SUM(L83:L88) -> 0 | M89: =SUM(M83:M88) -> 0 | N89: =SUM(N83:N88) -> 0 | O89: =SUM(O83:O88) -> 0 | P89: =SUM(P83:P88) -> 0 | ... W89: =SUM(W83:W88) -> 0

Sheet ClrdoRvr
A1: Project: | E1: ClrdoRvr | F1: CAISO PUBLIC
A2: ($ million)
F3: Reference | H3: =Existing!H3 -> 2025 | I3: =Existing!I3 -> 2026 | J3: =Existing!J3 -> 2027 | K3: =Existing!K3 -> 2028 | L3: =Existing!L3 -> 2029 | M3: =Existing!M3 -> 2030 | N3: =Existing!N3 -> 2031 | O3: =Existing!O3 -> 2032 | ... W3: =Existing!W3 -> 2040
A4: Line | E4: Column | H4: 0 | I4: 1 | J4: =I4+1 -> 2 | K4: =J4+1 -> 3 | L4: =K4+1 -> 4 | M4: =L4+1 -> 5 | N4: =M4+1 -> 6 | O4: =N4+1 -> 7 | P4: =O4+1 -> 8 | Q4: =P4+1 -> 9 | ... W4: =V4+1 -> 15
C6: Forecast Assumptions:
A7: 1 | D7: In-Service Year (yyyy) | F7: 2022
A8: =A7+1 -> 2 | D8: Capital Expenditures (nominal $ millions) | I8: 0 | J8: 0 | K8: 0 | L8: 0 | M8: 0 | N8: 0 | O8: 0 | P8: 0 | Q8: 0 | R8: 0 | S8: 0 | T8: 0 | U8: 0 | V8: 0 | W8: 0
A10: =A8+1 -> 3 | D10: CWIP Carrying Cost (IDC or AFUDC) | F10: AFUDC
A11: =A10+1 -> 4 | D11: CWIP in Rate Base (Y or N) | F11: Y
A13: =A11+1 -> 5 | D13: Depreciation Rate (%) | F13: 0.025 | I13: =$F13 -> 0.025 | J13: =$F13 -> 0.025 | K13: =$F13 -> 0.025 | L13: =$F13 -> 0.025 | M13: =$F13 -> 0.025 | N13: =$F13 -> 0.025 | O13: =$F13 -> 0.025 | P13: =$F13 -> 0.025 | ... W13: =$F13 -> 0.025
A15: =A13+1 -> 6 | D15: Debt (% of Capital) | F15: 0.5 | I15: =$F15 -> 0.5 | J15: =$F15 -> 0.5 | K15: =$F15 -> 0.5 | L15: =$F15 -> 0.5 | M15: =$F15 -> 0.5 | N15: =$F15 -> 0.5 | O15: =$F15 -> 0.5 | P15: =$F15 -> 0.5 | ... W15: =$F15 -> 0.5
A16: =A15+1 -> 7 | D16: Cost of Debt (%) | F16: 0.06 | I16: =$F16 -> 0.06 | J16: =$F16 -> 0.06 | K16: =$F16 -> 0.06 | L16: =$F16 -> 0.06 | M16: =$F16 -> 0.06 | N16: =$F16 -> 0.06 | O16: =$F16 -> 0.06 | P16: =$F16 -> 0.06 | ... W16: =$F16 -> 0.06
A18: =A16+1 -> 8 | D18: Equity (% of Capital) | I18: =1-I15 -> 0.5 | J18: =1-J15 -> 0.5 | K18: =1-K15 -> 0.5 | L18: =1-L15 -> 0.5 | M18: =1-M15 -> 0.5 | N18: =1-N15 -> 0.5 | O18: =1-O15 -> 0.5 | P18: =1-P15 -> 0.5 | ... W18: =1-W15 -> 0.5
A19: =A18+1 -> 9 | D19: Cost of Equity (%) | F19: 0.11 | I19: =$F19 -> 0.11 | J19: =$F19 -> 0.11 | K19: =$F19 -> 0.11 | L19: =$F19 -> 0.11 | M19: =$F19 -> 0.11 | N19: =$F19 -> 0.11 | O19: =$F19 -> 0.11 | P19: =$F19 -> 0.11 | ... W19: =$F19 -> 0.11
A21: =A19+1 -> 10 | D21: Average Return Rate | I21: =I15*I16+I18*I19 -> 0.085 | J21: =J15*J16+J18*J19 -> 0.085 | K21: =K15*K16+K18*K19 -> 0.085 | L21: =L15*L16+L18*L19 -> 0.085 | M21: =M15*M16+M18*M19 -> 0.085 | N21: =N15*N16+N18*N19 -> 0.085 | O21: =O15*O16+O18*O19 -> 0.085 | P21: =P15*P16+P18*P19 -> 0.085 | ... W21: =W15*W16+W18*W19 -> 0.085
A23: =A21+1 -> 11 | D23: Federal Income Tax (MACRS 15-year) | I23: 0.05 | J23: =MAX(0.1*(1-SUM($I23:I23)),(1-SUM($I23:I23))/(16.5-J4)) -> 0.095 | K23: =MAX(0.1*(1-SUM($I23:J23)),(1-SUM($I23:J23))/(16.5-K4)) -> 0.0855 | L23: =MAX(0.1*(1-SUM($I23:K23)),(1-SUM($I23:K23))/(16.5-L4)) -> 0.07695 | M23: =MAX(0.1*(1-SUM($I23:L23)),(1-SUM($I23:L23))/(16.5-M4)) -> 0.069255 | N23: =MAX(0.1*(1-SUM($I23:M23)),(1-SUM($I23:M23))/(16.5-N4)) -> 0.0623295 | O23: =MAX(0.1*(1-SUM($I23:N23)),(1-SUM($I23:N23))/(16.5-O4)) -> 0.059049 | P23: =MAX(0.1*(1-SUM($I23:O23)),(1-SUM($I23:O23))/(16.5-P4)) -> 0.059049 | Q23: =MAX(0.1*(1-SUM($I23:P23)),(1-SUM($I23:P23))/(16.5-Q4)) -> 0.059049 | ... W23: =MAX(0.1*(1-SUM($I23:V23)),(1-SUM($I23:V23))/(16.5-W4)) -> 0.059049 | X23: =MAX(0.1*(1-SUM($I23:W23)),(1-SUM($I23:W23))/0.5)/2 -> 0.0295245
A24: =A23+1 -> 12 | D24: Deferred Federal Income Tax (Y or N) | F24: Y
A25: =A24+1 -> 13 | D25: Federal Income Tax Rate (%) | F25: 0.21 | I25: =$F25 -> 0.21 | J25: =$F25 -> 0.21 | K25: =$F25 -> 0.21 | L25: =$F25 -> 0.21 | M25: =$F25 -> 0.21 | N25: =$F25 -> 0.21 | O25: =$F25 -> 0.21 | P25: =$F25 -> 0.21 | ... W25: =$F25 -> 0.21
A27: =A25+1 -> 14 | D27: State Income Tax Declining Balance (%) | F27: 2
A28: =A27+1 -> 15 | D28: Deferred State Income Tax (Y or N) | F28: Y
A29: =A28+1 -> 16 | D29: State Income Tax Rate | F29: 0.0884 | I29: =$F29 -> 0.0884 | J29: =$F29 -> 0.0884 | K29: =$F29 -> 0.0884 | L29: =$F29 -> 0.0884 | M29: =$F29 -> 0.0884 | N29: =$F29 -> 0.0884 | O29: =$F29 -> 0.0884 | P29: =$F29 -> 0.0884 | ... W29: =$F29 -> 0.0884
A31: =A29+1 -> 17 | D31: O&M (% of Capital Additions) | F31: 0.02 | I31: =$F31 -> 0.02 | J31: =$F31 -> 0.02 | K31: =$F31 -> 0.02 | L31: =$F31 -> 0.02 | M31: =$F31 -> 0.02 | N31: =$F31 -> 0.02 | O31: =$F31 -> 0.02 | P31: =$F31 -> 0.02 | ... W31: =$F31 -> 0.02
A32: =A31+1 -> 18 | D32: O&M Escalation Rate (%) | F32: 0.02 | I32: =$F32 -> 0.02 | J32: =$F32 -> 0.02 | K32: =$F32 -> 0.02 | L32: =$F32 -> 0.02 | M32: =$F32 -> 0.02 | N32: =$F32 -> 0.02 | O32: =$F32 -> 0.02 | P32: =$F32 -> 0.02 | ... W32: =$F32 -> 0.02
C34: Construction Work in Progress
A35: =A32+1 -> 19 | D35: Opening Balance | I35: 0 | J35: =I39 -> 0 | K35: =J39 -> 0 | L35: =K39 -> 0 | M35: =L39 -> 0 | N35: =M39 -> 0 | O35: =N39 -> 0 | P35: =O39 -> 0 | Q35: =P39 -> 0 | ... W35: =V39 -> 0
A36: =A35+1 -> 20 | D36: Capital Expenditures | I36: =I8 -> 0 | J36: =J8 -> 0 | K36: =K8 -> 0 | L36: =L8 -> 0 | M36: =M8 -> 0 | N36: =N8 -> 0 | O36: =O8 -> 0 | P36: =P8 -> 0 | ... W36: =W8 -> 0
A37: =A36+1 -> 21 | D37: =IF(F11="Y","N/A (CWIP in Rate Base)", IF(F10="IDC","Interest During Construction","AFUDC")) -> N/A (CWIP in Rate Base) | I37: =($F11="N")*((I3<$F7)*(I16*($F10="IDC")+I21*($F10="AFUDC"))*(I35+0.5*I36)+(I3>=$F7)*0.5*I35*(I16*($F10="IDC")+I21*($F10="AFUDC"))/(1+0.5*(I16*($F10="IDC")+I21*($F10="AFUDC")))) -> 0 | J37: =($F11="N")*((J3<$F7)*(J16*($F10="IDC")+J21*($F10="AFUDC"))*(J35+0.5*J36)+(J3>=$F7)*0.5*J35*(J16*($F10="IDC")+J21*($F10="AFUDC"))/(1+0.5*(J16*($F10="IDC")+J21*($F10="AFUDC")))) -> 0 | K37: =($F11="N")*((K3<$F7)*(K16*($F10="IDC")+K21*($F10="AFUDC"))*(K35+0.5*K36)+(K3>=$F7)*0.5*K35*(K16*($F10="IDC")+K21*($F10="AFUDC"))/(1+0.5*(K16*($F10="IDC")+K21*($F10="AFUDC")))) -> 0 | L37: =($F11="N")*((L3<$F7)*(L16*($F10="IDC")+L21*($F10="AFUDC"))*(L35+0.5*L36)+(L3>=$F7)*0.5*L35*(L16*($F10="IDC")+L21*($F10="AFUDC"))/(1+0.5*(L16*($F10="IDC")+L21*($F10="AFUDC")))) -> 0 | M37: =($F11="N")*((M3<$F7)*(M16*($F10="IDC")+M21*($F10="AFUDC"))*(M35+0.5*M36)+(M3>=$F7)*0.5*M35*(M16*($F10="IDC")+M21*($F10="AFUDC"))/(1+0.5*(M16*($F10="IDC")+M21*($F10="AFUDC")))) -> 0 | N37: =($F11="N")*((N3<$F7)*(N16*($F10="IDC")+N21*($F10="AFUDC"))*(N35+0.5*N36)+(N3>=$F7)*0.5*N35*(N16*($F10="IDC")+N21*($F10="AFUDC"))/(1+0.5*(N16*($F10="IDC")+N21*($F10="AFUDC")))) -> 0 | O37: =($F11="N")*((O3<$F7)*(O16*($F10="IDC")+O21*($F10="AFUDC"))*(O35+0.5*O36)+(O3>=$F7)*0.5*O35*(O16*($F10="IDC")+O21*($F10="AFUDC"))/(1+0.5*(O16*($F10="IDC")+O21*($F10="AFUDC")))) -> 0 | P37: =($F11="N")*((P3<$F7)*(P16*($F10="IDC")+P21*($F10="AFUDC"))*(P35+0.5*P36)+(P3>=$F7)*0.5*P35*(P16*($F10="IDC")+P21*($F10="AFUDC"))/(1+0.5*(P16*($F10="IDC")+P21*($F10="AFUDC")))) -> 0 | ... W37: =($F11="N")*((W3<$F7)*(W16*($F10="IDC")+W21*($F10="AFUDC"))*(W35+0.5*W36)+(W3>=$F7)*0.5*W35*(W16*($F10="IDC")+W21*($F10="AFUDC"))/(1+0.5*(W16*($F10="IDC")+W21*($F10="AFUDC")))) -> 0
A38: =A37+1 -> 22 | D38: Capital Additions | I38: =IF(I3>=$F7,-SUM(I35:I37),0) -> 0 | J38: =IF(J3>=$F7,-SUM(J35:J37),0) -> 0 | K38: =IF(K3>=$F7,-SUM(K35:K37),0) -> 0 | L38: =IF(L3>=$F7,-SUM(L35:L37),0) -> 0 | M38: =IF(M3>=$F7,-SUM(M35:M37),0) -> 0 | N38: =IF(N3>=$F7,-SUM(N35:N37),0) -> 0 | O38: =IF(O3>=$F7,-SUM(O35:O37),0) -> 0 | P38: =IF(P3>=$F7,-SUM(P35:P37),0) -> 0 | ... W38: =IF(W3>=$F7,-SUM(W35:W37),0) -> 0
A39: =A38+1 -> 23 | D39: Closing Balance | I39: =SUM(I35:I38) -> 0 | J39: =SUM(J35:J38) -> 0 | K39: =SUM(K35:K38) -> 0 | L39: =SUM(L35:L38) -> 0 | M39: =SUM(M35:M38) -> 0 | N39: =SUM(N35:N38) -> 0 | O39: =SUM(O35:O38) -> 0 | P39: =SUM(P35:P38) -> 0 | ... W39: =SUM(W35:W38) -> 0
A40: =A39+1 -> 24 | D40: Mid-Year Balance | I40: =(I35+I39)/2 -> 0 | J40: =(J35+J39)/2 -> 0 | K40: =(K35+K39)/2 -> 0 | L40: =(L35+L39)/2 -> 0 | M40: =(M35+M39)/2 -> 0 | N40: =(N35+N39)/2 -> 0 | O40: =(O35+O39)/2 -> 0 | P40: =(P35+P39)/2 -> 0 | ... W40: =(W35+W39)/2 -> 0
C42: Gross Plant
A43: =A40+1 -> 25 | D43: Opening Balance | I43: 0 | J43: =I46 -> 0 | K43: =J46 -> 0 | L43: =K46 -> 0 | M43: =L46 -> 0 | N43: =M46 -> 0 | O43: =N46 -> 0 | P43: =O46 -> 0 | Q43: =P46 -> 0 | ... W43: =V46 -> 0
A44: =A43+1 -> 26 | D44: Capital Additions | I44: =-I38 -> 0 | J44: =-J38 -> 0 | K44: =-K38 -> 0 | L44: =-L38 -> 0 | M44: =-M38 -> 0 | N44: =-N38 -> 0 | O44: =-O38 -> 0 | P44: =-P38 -> 0 | ... W44: =-W38 -> 0
A45: =A44+1 -> 27 | D45: Retirements | I45: =IF((I43+I44)>(I50+I51),0,-(I43+I44)) -> 0 | J45: =IF((J43+J44)>(J50+J51),0,-(J43+J44)) -> 0 | K45: =IF((K43+K44)>(K50+K51),0,-(K43+K44)) -> 0 | L45: =IF((L43+L44)>(L50+L51),0,-(L43+L44)) -> 0 | M45: =IF((M43+M44)>(M50+M51),0,-(M43+M44)) -> 0 | N45: =IF((N43+N44)>(N50+N51),0,-(N43+N44)) -> 0 | O45: =IF((O43+O44)>(O50+O51),0,-(O43+O44)) -> 0 | P45: =IF((P43+P44)>(P50+P51),0,-(P43+P44)) -> 0 | ... W45: =IF((W43+W44)>(W50+W51),0,-(W43+W44)) -> 0
A46: =A45+1 -> 28 | D46: Closing Balance | I46: =SUM(I43:I45) -> 0 | J46: =SUM(J43:J45) -> 0 | K46: =SUM(K43:K45) -> 0 | L46: =SUM(L43:L45) -> 0 | M46: =SUM(M43:M45) -> 0 | N46: =SUM(N43:N45) -> 0 | O46: =SUM(O43:O45) -> 0 | P46: =SUM(P43:P45) -> 0 | ... W46: =SUM(W43:W45) -> 0
A47: =A46+1 -> 29 | D47: Mid-Year Balance | I47: =(I43+I46)/2 -> 0 | J47: =(J43+J46)/2 -> 0 | K47: =(K43+K46)/2 -> 0 | L47: =(L43+L46)/2 -> 0 | M47: =(M43+M46)/2 -> 0 | N47: =(N43+N46)/2 -> 0 | O47: =(O43+O46)/2 -> 0 | P47: =(P43+P46)/2 -> 0 | ... W47: =(W43+W46)/2 -> 0
C49: Accumulated Depreciation
A50: =A47+1 -> 30 | D50: Opening Balance | I50: 0 | J50: =I53 -> 0 | K50: =J53 -> 0 | L50: =K53 -> 0 | M50: =L53 -> 0 | N50: =M53 -> 0 | O50: =N53 -> 0 | P50: =O53 -> 0 | Q50: =P53 -> 0 | ... W50: =V53 -> 0
A51: =A50+1 -> 31 | D51: Depreciation | I51: =MAX(I13*(I43+0.5*I44),0) -> 0 | J51: =MIN(J13*(J43+0.5*J44),J43+J44-I53) -> 0 | K51: =MIN(K13*(K43+0.5*K44),K43+K44-J53) -> 0 | L51: =MIN(L13*(L43+0.5*L44),L43+L44-K53) -> 0 | M51: =MIN(M13*(M43+0.5*M44),M43+M44-L53) -> 0 | N51: =MIN(N13*(N43+0.5*N44),N43+N44-M53) -> 0 | O51: =MIN(O13*(O43+0.5*O44),O43+O44-N53) -> 0 | P51: =MIN(P13*(P43+0.5*P44),P43+P44-O53) -> 0 | Q51: =MIN(Q13*(Q43+0.5*Q44),Q43+Q44-P53) -> 0 | ... W51: =MIN(W13*(W43+0.5*W44),W43+W44-V53) -> 0
A52: =A51+1 -> 32 | D52: Retirements | I52: =I45 -> 0 | J52: =J45 -> 0 | K52: =K45 -> 0 | L52: =L45 -> 0 | M52: =M45 -> 0 | N52: =N45 -> 0 | O52: =O45 -> 0 | P52: =P45 -> 0 | ... W52: =W45 -> 0
A53: =A52+1 -> 33 | D53: Closing Balance | I53: =SUM(I50:I52) -> 0 | J53: =SUM(J50:J52) -> 0 | K53: =SUM(K50:K52) -> 0 | L53: =SUM(L50:L52) -> 0 | M53: =SUM(M50:M52) -> 0 | N53: =SUM(N50:N52) -> 0 | O53: =SUM(O50:O52) -> 0 | P53: =SUM(P50:P52) -> 0 | ... W53: =SUM(W50:W52) -> 0
A54: =A53+1 -> 34 | D54: Mid-Year Balance | I54: =(I50+I53)/2 -> 0 | J54: =(J50+J53)/2 -> 0 | K54: =(K50+K53)/2 -> 0 | L54: =(L50+L53)/2 -> 0 | M54: =(M50+M53)/2 -> 0 | N54: =(N50+N53)/2 -> 0 | O54: =(O50+O53)/2 -> 0 | P54: =(P50+P53)/2 -> 0 | ... W54: =(W50+W53)/2 -> 0
C56: Depreciation - Federal Income Tax
A57: =A54+1 -> 35 | D57: Opening Balance | I57: 0 | J57: =I60 -> 0 | K57: =J60 -> 0 | L57: =K60 -> 0 | M57: =L60 -> 0 | N57: =M60 -> 0 | O57: =N60 -> 0 | P57: =O60 -> 0 | Q57: =P60 -> 0 | ... W57: =V60 -> 0
A58: =A57+1 -> 36 | D58: Capital Additions | I58: =-I38 -> 0 | J58: =-J38 -> 0 | K58: =-K38 -> 0 | L58: =-L38 -> 0 | M58: =-M38 -> 0 | N58: =-N38 -> 0 | O58: =-O38 -> 0 | P58: =-P38 -> 0 | ... W58: =-W38 -> 0
A59: =A58+1 -> 37 | D59: Depreciation - Federal Income Tax | I59: =-I23*I58 -> 0 | J59: =-I23*J58-J23*I58 -> 0 | K59: =-I23*K58-J23*J58-K23*I58 -> 0 | L59: =-I23*L58-J23*K58-K23*J58-L23*I58 -> 0 | M59: =-I23*M58-J23*L58-K23*K58-L23*J58-M23*I58 -> 0 | N59: =-I23*N58-J23*M58-K23*L58-L23*K58-M23*J58-N23*I58 -> 0 | O59: =-I23*O58-J23*N58-K23*M58-L23*L58-M23*K58-N23*J58-O23*I58 -> 0 | P59: =-I23*P58-J23*O58-K23*N58-L23*M58-M23*L58-N23*K58-O23*J58-P23*I58 -> 0 | Q59: =-I23*Q58-J23*P58-K23*O58-L23*N58-M23*M58-N23*L58-O23*K58-P23*J58-Q23*I58 -> 0 | R59: =-I23*R58-J23*Q58-K23*P58-L23*O58-M23*N58-N23*M58-O23*L58-P23*K58-Q23*J58-R23*I58 -> 0 | S59: =-I23*S58-J23*R58-K23*Q58-L23*P58-M23*O58-N23*N58-O23*M58-P23*L58-Q23*K58-R23*J58-S23*I58 -> 0 | T59: =-I23*T58-J23*S58-K23*R58-L23*Q58-M23*P58-N23*O58-O23*N58-P23*M58-Q23*L58-R23*K58-S23*J58-T23*I58 -> 0 | U59: =-I23*U58-J23*T58-K23*S58-L23*R58-M23*Q58-N23*P58-O23*O58-P23*N58-Q23*M58-R23*L58-S23*K58-T23*J58-U23*I58 -> 0 | V59: =-I23*V58-J23*U58-K23*T58-L23*S58-M23*R58-N23*Q58-O23*P58-P23*O58-Q23*N58-R23*M58-S23*L58-T23*K58-U23*J58-V23*I58 -> 0 | W59: =-I23*W58-J23*V58-K23*U58-L23*T58-M23*S58-N23*R58-O23*Q58-P23*P58-Q23*O58-R23*N58-S23*M58-T23*L58-U23*K58-V23*J58-W23*I58 -> 0
A60: =A59+1 -> 38 | D60: Closing Balance | I60: =SUM(I57:I59) -> 0 | J60: =SUM(J57:J59) -> 0 | K60: =SUM(K57:K59) -> 0 | L60: =SUM(L57:L59) -> 0 | M60: =SUM(M57:M59) -> 0 | N60: =SUM(N57:N59) -> 0 | O60: =SUM(O57:O59) -> 0 | P60: =SUM(P57:P59) -> 0 | ... W60: =SUM(W57:W59) -> 0
C62: Depreciation - State Income Tax
A63: =A60+1 -> 39 | D63: Opening Balance | I63: 0 | J63: =I66 -> 0 | K63: =J66 -> 0 | L63: =K66 -> 0 | M63: =L66 -> 0 | N63: =M66 -> 0 | O63: =N66 -> 0 | P63: =O66 -> 0 | Q63: =P66 -> 0 | ... W63: =V66 -> 0
A64: =A63+1 -> 40 | D64: Capital Additions | I64: =-I38 -> 0 | J64: =-J38 -> 0 | K64: =-K38 -> 0 | L64: =-L38 -> 0 | M64: =-M38 -> 0 | N64: =-N38 -> 0 | O64: =-O38 -> 0 | P64: =-P38 -> 0 | ... W64: =-W38 -> 0
A65: =A64+1 -> 41 | D65: Depreciation - State Income Tax | I65: =-I13*$F27*(I63+0.5*I64) -> 0 | J65: =-J13*$F27*(J63+0.5*J64) -> 0 | K65: =-K13*$F27*(K63+0.5*K64) -> 0 | L65: =-L13*$F27*(L63+0.5*L64) -> 0 | M65: =-M13*$F27*(M63+0.5*M64) -> 0 | N65: =-N13*$F27*(N63+0.5*N64) -> 0 | O65: =-O13*$F27*(O63+0.5*O64) -> 0 | P65: =-P13*$F27*(P63+0.5*P64) -> 0 | ... W65: =-W13*$F27*(W63+0.5*W64) -> 0
A66: =A65+1 -> 42 | D66: Closing Balance | I66: =SUM(I63:I65) -> 0 | J66: =SUM(J63:J65) -> 0 | K66: =SUM(K63:K65) -> 0 | L66: =SUM(L63:L65) -> 0 | M66: =SUM(M63:M65) -> 0 | N66: =SUM(N63:N65) -> 0 | O66: =SUM(O63:O65) -> 0 | P66: =SUM(P63:P65) -> 0 | ... W66: =SUM(W63:W65) -> 0
C68: Deferred Income Taxes
A69: =A66+1 -> 43 | D69: Opening Balance | I69: 0 | J69: =I72 -> 0 | K69: =J72 -> 0 | L69: =K72 -> 0 | M69: =L72 -> 0 | N69: =M72 -> 0 | O69: =N72 -> 0 | P69: =O72 -> 0 | Q69: =P72 -> 0 | ... W69: =V72 -> 0
A70: =A69+1 -> 44 | D70: Deferred Income Taxes - Federal | I70: =($F24="Y")*I25*(-I59-I51-I71) -> 0 | J70: =($F24="Y")*J25*(-J59-J51-J71) -> 0 | K70: =($F24="Y")*K25*(-K59-K51-K71) -> 0 | L70: =($F24="Y")*L25*(-L59-L51-L71) -> 0 | M70: =($F24="Y")*M25*(-M59-M51-M71) -> 0 | N70: =($F24="Y")*N25*(-N59-N51-N71) -> 0 | O70: =($F24="Y")*O25*(-O59-O51-O71) -> 0 | P70: =($F24="Y")*P25*(-P59-P51-P71) -> 0 | ... W70: =($F24="Y")*W25*(-W59-W51-W71) -> 0
A71: =A70+1 -> 45 | D71: Deferred Income Taxes - State | I71: =($F28="Y")*I29*(-I65-I51) -> 0 | J71: =($F28="Y")*J29*(-J65-J51) -> 0 | K71: =($F28="Y")*K29*(-K65-K51) -> 0 | L71: =($F28="Y")*L29*(-L65-L51) -> 0 | M71: =($F28="Y")*M29*(-M65-M51) -> 0 | N71: =($F28="Y")*N29*(-N65-N51) -> 0 | O71: =($F28="Y")*O29*(-O65-O51) -> 0 | P71: =($F28="Y")*P29*(-P65-P51) -> 0 | ... W71: =($F28="Y")*W29*(-W65-W51) -> 0
A72: =A71+1 -> 46 | D72: Closing Balance | I72: =SUM(I69:I71) -> 0 | J72: =SUM(J69:J71) -> 0 | K72: =SUM(K69:K71) -> 0 | L72: =SUM(L69:L71) -> 0 | M72: =SUM(M69:M71) -> 0 | N72: =SUM(N69:N71) -> 0 | O72: =SUM(O69:O71) -> 0 | P72: =SUM(P69:P71) -> 0 | ... W72: =SUM(W69:W71) -> 0
A73: =A72+1 -> 47 | D73: Mid-Year Balance | I73: =(I69+I72)/2 -> 0 | J73: =(J69+J72)/2 -> 0 | K73: =(K69+K72)/2 -> 0 | L73: =(L69+L72)/2 -> 0 | M73: =(M69+M72)/2 -> 0 | N73: =(N69+N72)/2 -> 0 | O73: =(O69+O72)/2 -> 0 | P73: =(P69+P72)/2 -> 0 | ... W73: =(W69+W72)/2 -> 0
C75: Mid-Year Rate Base
A76: =A73+1 -> 48 | D76: Gross Property | I76: =I47 -> 0 | J76: =J47 -> 0 | K76: =K47 -> 0 | L76: =L47 -> 0 | M76: =M47 -> 0 | N76: =N47 -> 0 | O76: =O47 -> 0 | P76: =P47 -> 0 | ... W76: =W47 -> 0
A77: =A76+1 -> 49 | D77: Accumulated Depreciation | I77: =-I54 -> 0 | J77: =-J54 -> 0 | K77: =-K54 -> 0 | L77: =-L54 -> 0 | M77: =-M54 -> 0 | N77: =-N54 -> 0 | O77: =-O54 -> 0 | P77: =-P54 -> 0 | ... W77: =-W54 -> 0
A78: =A77+1 -> 50 | D78: CWIP in Rate Base | I78: =($F11="Y")*I40 -> 0 | J78: =($F11="Y")*J40 -> 0 | K78: =($F11="Y")*K40 -> 0 | L78: =($F11="Y")*L40 -> 0 | M78: =($F11="Y")*M40 -> 0 | N78: =($F11="Y")*N40 -> 0 | O78: =($F11="Y")*O40 -> 0 | P78: =($F11="Y")*P40 -> 0 | ... W78: =($F11="Y")*W40 -> 0
A79: =A78+1 -> 51 | D79: Deferred Income Tax Account | I79: =-I73 -> 0 | J79: =-J73 -> 0 | K79: =-K73 -> 0 | L79: =-L73 -> 0 | M79: =-M73 -> 0 | N79: =-N73 -> 0 | O79: =-O73 -> 0 | P79: =-P73 -> 0 | ... W79: =-W73 -> 0
A80: =A79+1 -> 52 | D80: Total | I80: =SUM(I76:I79) -> 0 | J80: =SUM(J76:J79) -> 0 | K80: =SUM(K76:K79) -> 0 | L80: =SUM(L76:L79) -> 0 | M80: =SUM(M76:M79) -> 0 | N80: =SUM(N76:N79) -> 0 | O80: =SUM(O76:O79) -> 0 | P80: =SUM(P76:P79) -> 0 | ... W80: =SUM(W76:W79) -> 0
C82: Revenue Requirements
A83: =A80+1 -> 53 | D83: Amortization | I83: =I51 -> 0 | J83: =J51 -> 0 | K83: =K51 -> 0 | L83: =L51 -> 0 | M83: =M51 -> 0 | N83: =N51 -> 0 | O83: =O51 -> 0 | P83: =P51 -> 0 | ... W83: =W51 -> 0
A84: =A83+1 -> 54 | D84: Cost of Debt | I84: =I15*I16*I80 -> 0 | J84: =J15*J16*J80 -> 0 | K84: =K15*K16*K80 -> 0 | L84: =L15*L16*L80 -> 0 | M84: =M15*M16*M80 -> 0 | N84: =N15*N16*N80 -> 0 | O84: =O15*O16*O80 -> 0 | P84: =P15*P16*P80 -> 0 | ... W84: =W15*W16*W80 -> 0
A85: =A84+1 -> 55 | D85: Cost of Equity | I85: =I18*I19*I80 -> 0 | J85: =J18*J19*J80 -> 0 | K85: =K18*K19*K80 -> 0 | L85: =L18*L19*L80 -> 0 | M85: =M18*M19*M80 -> 0 | N85: =N18*N19*N80 -> 0 | O85: =O18*O19*O80 -> 0 | P85: =P18*P19*P80 -> 0 | ... W85: =W18*W19*W80 -> 0
A86: =A85+1 -> 56 | D86: Income Taxes - Federal | I86: =IF($F24="Y",I85*I25/(1-I25),I85*I25/(1-I25)+(I51+I59)*I25) -> 0 | J86: =IF($F24="Y",J85*J25/(1-J25),J85*J25/(1-J25)+(J51+J59)*J25) -> 0 | K86: =IF($F24="Y",K85*K25/(1-K25),K85*K25/(1-K25)+(K51+K59)*K25) -> 0 | L86: =IF($F24="Y",L85*L25/(1-L25),L85*L25/(1-L25)+(L51+L59)*L25) -> 0 | M86: =IF($F24="Y",M85*M25/(1-M25),M85*M25/(1-M25)+(M51+M59)*M25) -> 0 | N86: =IF($F24="Y",N85*N25/(1-N25),N85*N25/(1-N25)+(N51+N59)*N25) -> 0 | O86: =IF($F24="Y",O85*O25/(1-O25),O85*O25/(1-O25)+(O51+O59)*O25) -> 0 | P86: =IF($F24="Y",P85*P25/(1-P25),P85*P25/(1-P25)+(P51+P59)*P25) -> 0 | ... W86: =IF($F24="Y",W85*W25/(1-W25),W85*W25/(1-W25)+(W51+W59)*W25) -> 0
A87: =A86+1 -> 57 | D87: Income Taxes - State | I87: =IF($F28="Y",(I85+I86)*I29/(1-I29),(I85+I86)*I29/(1-I29)+(I51+I65)*I29) -> 0 | J87: =IF($F28="Y",(J85+J86)*J29/(1-J29),(J85+J86)*J29/(1-J29)+(J51+J65)*J29) -> 0 | K87: =IF($F28="Y",(K85+K86)*K29/(1-K29),(K85+K86)*K29/(1-K29)+(K51+K65)*K29) -> 0 | L87: =IF($F28="Y",(L85+L86)*L29/(1-L29),(L85+L86)*L29/(1-L29)+(L51+L65)*L29) -> 0 | M87: =IF($F28="Y",(M85+M86)*M29/(1-M29),(M85+M86)*M29/(1-M29)+(M51+M65)*M29) -> 0 | N87: =IF($F28="Y",(N85+N86)*N29/(1-N29),(N85+N86)*N29/(1-N29)+(N51+N65)*N29) -> 0 | O87: =IF($F28="Y",(O85+O86)*O29/(1-O29),(O85+O86)*O29/(1-O29)+(O51+O65)*O29) -> 0 | P87: =IF($F28="Y",(P85+P86)*P29/(1-P29),(P85+P86)*P29/(1-P29)+(P51+P65)*P29) -> 0 | ... W87: =IF($F28="Y",(W85+W86)*W29/(1-W29),(W85+W86)*W29/(1-W29)+(W51+W65)*W29) -> 0
A88: =A87+1 -> 58 | D88: Operations & Maintenance | I88: 0 | J88: =(J80>0)*(I88*(1+J32)+(I44+I45)*J31) -> 0 | K88: =(K80>0)*(J88*(1+K32)+J44*K31) -> 0 | L88: =(L80>0)*(K88*(1+L32)+K44*L31) -> 0 | M88: =(M80>0)*(L88*(1+M32)+L44*M31) -> 0 | N88: =(N80>0)*(M88*(1+N32)+M44*N31) -> 0 | O88: =(O80>0)*(N88*(1+O32)+N44*O31) -> 0 | P88: =(P80>0)*(O88*(1+P32)+O44*P31) -> 0 | Q88: =(Q80>0)*(P88*(1+Q32)+P44*Q31) -> 0 | R88: =(R80>0)*(Q88*(1+R32)+Q44*R31) -> 0 | ... W88: =(W80>0)*(V88*(1+W32)+V44*W31) -> 0
A89: =A88+1 -> 59 | D89: Total | I89: =SUM(I83:I88) -> 0 | J89: =SUM(J83:J88) -> 0 | K89: =SUM(K83:K88) -> 0 | L89: =SUM(L83:L88) -> 0 | M89: =SUM(M83:M88) -> 0 | N89: =SUM(N83:N88) -> 0 | O89: =SUM(O83:O88) -> 0 | P89: =SUM(P83:P88) -> 0 | ... W89: =SUM(W83:W88) -> 0
C91: Link
A92: =A89+1 -> 60 | D92: CAISO 2024-2025 Transmission Plan High Voltage Transmission Access Charge Capital Costs | K92: https://www.caiso.com/documents/2024-2025-transmission-access-charge-high-voltage-capital-cost-estimates.xlsx

Sheet Red Bluff 2AA Bank
A1: Project: | E1: Red Bluff 2nd 'AA' Bank | F1: CAISO PUBLIC
A2: ($ million)
F3: Reference | H3: =Summary!H3 -> 2025 | I3: =Summary!I3 -> 2026 | J3: =Summary!J3 -> 2027 | K3: =Summary!K3 -> 2028 | L3: =Summary!L3 -> 2029 | M3: =Summary!M3 -> 2030 | N3: =Summary!N3 -> 2031 | O3: =Summary!O3 -> 2032 | ... W3: =Summary!W3 -> 2040
A4: Line | E4: Column | H4: 0 | I4: 1 | J4: =I4+1 -> 2 | K4: =J4+1 -> 3 | L4: =K4+1 -> 4 | M4: =L4+1 -> 5 | N4: =M4+1 -> 6 | O4: =N4+1 -> 7 | P4: =O4+1 -> 8 | Q4: =P4+1 -> 9 | ... W4: =V4+1 -> 15
C6: Forecast Assumptions:
A7: 1 | D7: In-Service Year (yyyy) | F7: 2022
A8: =A7+1 -> 2 | D8: Capital Expenditures (nominal $ millions) | I8: 0 | J8: 0 | K8: 0 | L8: 0 | M8: 0 | N8: 0 | O8: 0 | P8: 0 | Q8: 0 | R8: 0 | S8: 0 | T8: 0 | U8: 0 | V8: 0 | W8: 0
A10: =A8+1 -> 3 | D10: CWIP Carrying Cost (IDC or AFUDC) | F10: AFUDC
A11: =A10+1 -> 4 | D11: CWIP in Rate Base (Y or N) | F11: N
A13: =A11+1 -> 5 | D13: Depreciation Rate (%) | F13: 0.025 | I13: =$F13 -> 0.025 | J13: =$F13 -> 0.025 | K13: =$F13 -> 0.025 | L13: =$F13 -> 0.025 | M13: =$F13 -> 0.025 | N13: =$F13 -> 0.025 | O13: =$F13 -> 0.025 | P13: =$F13 -> 0.025 | ... W13: =$F13 -> 0.025
A15: =A13+1 -> 6 | D15: Debt (% of Capital) | F15: 0.5 | I15: =$F15 -> 0.5 | J15: =$F15 -> 0.5 | K15: =$F15 -> 0.5 | L15: =$F15 -> 0.5 | M15: =$F15 -> 0.5 | N15: =$F15 -> 0.5 | O15: =$F15 -> 0.5 | P15: =$F15 -> 0.5 | ... W15: =$F15 -> 0.5
A16: =A15+1 -> 7 | D16: Cost of Debt (%) | F16: 0.06 | I16: =$F16 -> 0.06 | J16: =$F16 -> 0.06 | K16: =$F16 -> 0.06 | L16: =$F16 -> 0.06 | M16: =$F16 -> 0.06 | N16: =$F16 -> 0.06 | O16: =$F16 -> 0.06 | P16: =$F16 -> 0.06 | ... W16: =$F16 -> 0.06
A18: =A16+1 -> 8 | D18: Equity (% of Capital) | I18: =1-I15 -> 0.5 | J18: =1-J15 -> 0.5 | K18: =1-K15 -> 0.5 | L18: =1-L15 -> 0.5 | M18: =1-M15 -> 0.5 | N18: =1-N15 -> 0.5 | O18: =1-O15 -> 0.5 | P18: =1-P15 -> 0.5 | ... W18: =1-W15 -> 0.5
A19: =A18+1 -> 9 | D19: Cost of Equity (%) | F19: 0.11 | I19: =$F19 -> 0.11 | J19: =$F19 -> 0.11 | K19: =$F19 -> 0.11 | L19: =$F19 -> 0.11 | M19: =$F19 -> 0.11 | N19: =$F19 -> 0.11 | O19: =$F19 -> 0.11 | P19: =$F19 -> 0.11 | ... W19: =$F19 -> 0.11
A21: =A19+1 -> 10 | D21: Average Return Rate | I21: =I15*I16+I18*I19 -> 0.085 | J21: =J15*J16+J18*J19 -> 0.085 | K21: =K15*K16+K18*K19 -> 0.085 | L21: =L15*L16+L18*L19 -> 0.085 | M21: =M15*M16+M18*M19 -> 0.085 | N21: =N15*N16+N18*N19 -> 0.085 | O21: =O15*O16+O18*O19 -> 0.085 | P21: =P15*P16+P18*P19 -> 0.085 | ... W21: =W15*W16+W18*W19 -> 0.085
A23: =A21+1 -> 11 | D23: Federal Income Tax (MACRS 15-year) | I23: 0.05 | J23: =MAX(0.1*(1-SUM($I23:I23)),(1-SUM($I23:I23))/(16.5-J4)) -> 0.095 | K23: =MAX(0.1*(1-SUM($I23:J23)),(1-SUM($I23:J23))/(16.5-K4)) -> 0.0855 | L23: =MAX(0.1*(1-SUM($I23:K23)),(1-SUM($I23:K23))/(16.5-L4)) -> 0.07695 | M23: =MAX(0.1*(1-SUM($I23:L23)),(1-SUM($I23:L23))/(16.5-M4)) -> 0.069255 | N23: =MAX(0.1*(1-SUM($I23:M23)),(1-SUM($I23:M23))/(16.5-N4)) -> 0.0623295 | O23: =MAX(0.1*(1-SUM($I23:N23)),(1-SUM($I23:N23))/(16.5-O4)) -> 0.059049 | P23: =MAX(0.1*(1-SUM($I23:O23)),(1-SUM($I23:O23))/(16.5-P4)) -> 0.059049 | Q23: =MAX(0.1*(1-SUM($I23:P23)),(1-SUM($I23:P23))/(16.5-Q4)) -> 0.059049 | ... W23: =MAX(0.1*(1-SUM($I23:V23)),(1-SUM($I23:V23))/(16.5-W4)) -> 0.059049 | X23: =MAX(0.1*(1-SUM($I23:W23)),(1-SUM($I23:W23))/0.5)/2 -> 0.0295245
A24: =A23+1 -> 12 | D24: Deferred Federal Income Tax (Y or N) | F24: Y
A25: =A24+1 -> 13 | D25: Federal Income Tax Rate (%) | F25: 0.21 | I25: =$F25 -> 0.21 | J25: =$F25 -> 0.21 | K25: =$F25 -> 0.21 | L25: =$F25 -> 0.21 | M25: =$F25 -> 0.21 | N25: =$F25 -> 0.21 | O25: =$F25 -> 0.21 | P25: =$F25 -> 0.21 | ... W25: =$F25 -> 0.21
A27: =A25+1 -> 14 | D27: State Income Tax Declining Balance (%) | F27: 2
A28: =A27+1 -> 15 | D28: Deferred State Income Tax (Y or N) | F28: Y
A29: =A28+1 -> 16 | D29: State Income Tax Rate | F29: 0.0884 | I29: =$F29 -> 0.0884 | J29: =$F29 -> 0.0884 | K29: =$F29 -> 0.0884 | L29: =$F29 -> 0.0884 | M29: =$F29 -> 0.0884 | N29: =$F29 -> 0.0884 | O29: =$F29 -> 0.0884 | P29: =$F29 -> 0.0884 | ... W29: =$F29 -> 0.0884
A31: =A29+1 -> 17 | D31: O&M (% of Capital Additions) | F31: 0.02 | I31: =$F31 -> 0.02 | J31: =$F31 -> 0.02 | K31: =$F31 -> 0.02 | L31: =$F31 -> 0.02 | M31: =$F31 -> 0.02 | N31: =$F31 -> 0.02 | O31: =$F31 -> 0.02 | P31: =$F31 -> 0.02 | ... W31: =$F31 -> 0.02
A32: =A31+1 -> 18 | D32: O&M Escalation Rate (%) | F32: 0.02 | I32: =$F32 -> 0.02 | J32: =$F32 -> 0.02 | K32: =$F32 -> 0.02 | L32: =$F32 -> 0.02 | M32: =$F32 -> 0.02 | N32: =$F32 -> 0.02 | O32: =$F32 -> 0.02 | P32: =$F32 -> 0.02 | ... W32: =$F32 -> 0.02
C34: Construction Work in Progress
A35: =A32+1 -> 19 | D35: Opening Balance | I35: 0 | J35: =I39 -> 0 | K35: =J39 -> 0 | L35: =K39 -> 0 | M35: =L39 -> 0 | N35: =M39 -> 0 | O35: =N39 -> 0 | P35: =O39 -> 0 | Q35: =P39 -> 0 | ... W35: =V39 -> 0
A36: =A35+1 -> 20 | D36: Capital Expenditures | I36: =I8 -> 0 | J36: =J8 -> 0 | K36: =K8 -> 0 | L36: =L8 -> 0 | M36: =M8 -> 0 | N36: =N8 -> 0 | O36: =O8 -> 0 | P36: =P8 -> 0 | ... W36: =W8 -> 0
A37: =A36+1 -> 21 | D37: =IF(F11="Y","N/A (CWIP in Rate Base)", IF(F10="IDC","Interest During Construction","AFUDC")) -> AFUDC | I37: =($F11="N")*((I3<$F7)*(I16*($F10="IDC")+I21*($F10="AFUDC"))*(I35+0.5*I36)+(I3>=$F7)*0.5*I35*(I16*($F10="IDC")+I21*($F10="AFUDC"))/(1+0.5*(I16*($F10="IDC")+I21*($F10="AFUDC")))) -> 0 | J37: =($F11="N")*((J3<$F7)*(J16*($F10="IDC")+J21*($F10="AFUDC"))*(J35+0.5*J36)+(J3>=$F7)*0.5*J35*(J16*($F10="IDC")+J21*($F10="AFUDC"))/(1+0.5*(J16*($F10="IDC")+J21*($F10="AFUDC")))) -> 0 | K37: =($F11="N")*((K3<$F7)*(K16*($F10="IDC")+K21*($F10="AFUDC"))*(K35+0.5*K36)+(K3>=$F7)*0.5*K35*(K16*($F10="IDC")+K21*($F10="AFUDC"))/(1+0.5*(K16*($F10="IDC")+K21*($F10="AFUDC")))) -> 0 | L37: =($F11="N")*((L3<$F7)*(L16*($F10="IDC")+L21*($F10="AFUDC"))*(L35+0.5*L36)+(L3>=$F7)*0.5*L35*(L16*($F10="IDC")+L21*($F10="AFUDC"))/(1+0.5*(L16*($F10="IDC")+L21*($F10="AFUDC")))) -> 0 | M37: =($F11="N")*((M3<$F7)*(M16*($F10="IDC")+M21*($F10="AFUDC"))*(M35+0.5*M36)+(M3>=$F7)*0.5*M35*(M16*($F10="IDC")+M21*($F10="AFUDC"))/(1+0.5*(M16*($F10="IDC")+M21*($F10="AFUDC")))) -> 0 | N37: =($F11="N")*((N3<$F7)*(N16*($F10="IDC")+N21*($F10="AFUDC"))*(N35+0.5*N36)+(N3>=$F7)*0.5*N35*(N16*($F10="IDC")+N21*($F10="AFUDC"))/(1+0.5*(N16*($F10="IDC")+N21*($F10="AFUDC")))) -> 0 | O37: =($F11="N")*((O3<$F7)*(O16*($F10="IDC")+O21*($F10="AFUDC"))*(O35+0.5*O36)+(O3>=$F7)*0.5*O35*(O16*($F10="IDC")+O21*($F10="AFUDC"))/(1+0.5*(O16*($F10="IDC")+O21*($F10="AFUDC")))) -> 0 | P37: =($F11="N")*((P3<$F7)*(P16*($F10="IDC")+P21*($F10="AFUDC"))*(P35+0.5*P36)+(P3>=$F7)*0.5*P35*(P16*($F10="IDC")+P21*($F10="AFUDC"))/(1+0.5*(P16*($F10="IDC")+P21*($F10="AFUDC")))) -> 0 | ... W37: =($F11="N")*((W3<$F7)*(W16*($F10="IDC")+W21*($F10="AFUDC"))*(W35+0.5*W36)+(W3>=$F7)*0.5*W35*(W16*($F10="IDC")+W21*($F10="AFUDC"))/(1+0.5*(W16*($F10="IDC")+W21*($F10="AFUDC")))) -> 0
A38: =A37+1 -> 22 | D38: Capital Additions | I38: =IF(I3>=$F7,-SUM(I35:I37),0) -> 0 | J38: =IF(J3>=$F7,-SUM(J35:J37),0) -> 0 | K38: =IF(K3>=$F7,-SUM(K35:K37),0) -> 0 | L38: =IF(L3>=$F7,-SUM(L35:L37),0) -> 0 | M38: =IF(M3>=$F7,-SUM(M35:M37),0) -> 0 | N38: =IF(N3>=$F7,-SUM(N35:N37),0) -> 0 | O38: =IF(O3>=$F7,-SUM(O35:O37),0) -> 0 | P38: =IF(P3>=$F7,-SUM(P35:P37),0) -> 0 | ... W38: =IF(W3>=$F7,-SUM(W35:W37),0) -> 0
A39: =A38+1 -> 23 | D39: Closing Balance | I39: =SUM(I35:I38) -> 0 | J39: =SUM(J35:J38) -> 0 | K39: =SUM(K35:K38) -> 0 | L39: =SUM(L35:L38) -> 0 | M39: =SUM(M35:M38) -> 0 | N39: =SUM(N35:N38) -> 0 | O39: =SUM(O35:O38) -> 0 | P39: =SUM(P35:P38) -> 0 | ... W39: =SUM(W35:W38) -> 0
A40: =A39+1 -> 24 | D40: Mid-Year Balance | I40: =(I35+I39)/2 -> 0 | J40: =(J35+J39)/2 -> 0 | K40: =(K35+K39)/2 -> 0 | L40: =(L35+L39)/2 -> 0 | M40: =(M35+M39)/2 -> 0 | N40: =(N35+N39)/2 -> 0 | O40: =(O35+O39)/2 -> 0 | P40: =(P35+P39)/2 -> 0 | ... W40: =(W35+W39)/2 -> 0
C42: Gross Plant
A43: =A40+1 -> 25 | D43: Opening Balance | I43: 0 | J43: =I46 -> 0 | K43: =J46 -> 0 | L43: =K46 -> 0 | M43: =L46 -> 0 | N43: =M46 -> 0 | O43: =N46 -> 0 | P43: =O46 -> 0 | Q43: =P46 -> 0 | ... W43: =V46 -> 0
A44: =A43+1 -> 26 | D44: Capital Additions | I44: =-I38 -> 0 | J44: =-J38 -> 0 | K44: =-K38 -> 0 | L44: =-L38 -> 0 | M44: =-M38 -> 0 | N44: =-N38 -> 0 | O44: =-O38 -> 0 | P44: =-P38 -> 0 | ... W44: =-W38 -> 0
A45: =A44+1 -> 27 | D45: Retirements | I45: =IF((I43+I44)>(I50+I51),0,-(I43+I44)) -> 0 | J45: =IF((J43+J44)>(J50+J51),0,-(J43+J44)) -> 0 | K45: =IF((K43+K44)>(K50+K51),0,-(K43+K44)) -> 0 | L45: =IF((L43+L44)>(L50+L51),0,-(L43+L44)) -> 0 | M45: =IF((M43+M44)>(M50+M51),0,-(M43+M44)) -> 0 | N45: =IF((N43+N44)>(N50+N51),0,-(N43+N44)) -> 0 | O45: =IF((O43+O44)>(O50+O51),0,-(O43+O44)) -> 0 | P45: =IF((P43+P44)>(P50+P51),0,-(P43+P44)) -> 0 | ... W45: =IF((W43+W44)>(W50+W51),0,-(W43+W44)) -> 0
A46: =A45+1 -> 28 | D46: Closing Balance | I46: =SUM(I43:I45) -> 0 | J46: =SUM(J43:J45) -> 0 | K46: =SUM(K43:K45) -> 0 | L46: =SUM(L43:L45) -> 0 | M46: =SUM(M43:M45) -> 0 | N46: =SUM(N43:N45) -> 0 | O46: =SUM(O43:O45) -> 0 | P46: =SUM(P43:P45) -> 0 | ... W46: =SUM(W43:W45) -> 0
A47: =A46+1 -> 29 | D47: Mid-Year Balance | I47: =(I43+I46)/2 -> 0 | J47: =(J43+J46)/2 -> 0 | K47: =(K43+K46)/2 -> 0 | L47: =(L43+L46)/2 -> 0 | M47: =(M43+M46)/2 -> 0 | N47: =(N43+N46)/2 -> 0 | O47: =(O43+O46)/2 -> 0 | P47: =(P43+P46)/2 -> 0 | ... W47: =(W43+W46)/2 -> 0
C49: Accumulated Depreciation
A50: =A47+1 -> 30 | D50: Opening Balance | I50: 0 | J50: =I53 -> 0 | K50: =J53 -> 0 | L50: =K53 -> 0 | M50: =L53 -> 0 | N50: =M53 -> 0 | O50: =N53 -> 0 | P50: =O53 -> 0 | Q50: =P53 -> 0 | ... W50: =V53 -> 0
A51: =A50+1 -> 31 | D51: Depreciation | I51: =MAX(I13*(I43+0.5*I44),0) -> 0 | J51: =MIN(J13*(J43+0.5*J44),J43+J44-I53) -> 0 | K51: =MIN(K13*(K43+0.5*K44),K43+K44-J53) -> 0 | L51: =MIN(L13*(L43+0.5*L44),L43+L44-K53) -> 0 | M51: =MIN(M13*(M43+0.5*M44),M43+M44-L53) -> 0 | N51: =MIN(N13*(N43+0.5*N44),N43+N44-M53) -> 0 | O51: =MIN(O13*(O43+0.5*O44),O43+O44-N53) -> 0 | P51: =MIN(P13*(P43+0.5*P44),P43+P44-O53) -> 0 | Q51: =MIN(Q13*(Q43+0.5*Q44),Q43+Q44-P53) -> 0 | ... W51: =MIN(W13*(W43+0.5*W44),W43+W44-V53) -> 0
A52: =A51+1 -> 32 | D52: Retirements | I52: =I45 -> 0 | J52: =J45 -> 0 | K52: =K45 -> 0 | L52: =L45 -> 0 | M52: =M45 -> 0 | N52: =N45 -> 0 | O52: =O45 -> 0 | P52: =P45 -> 0 | ... W52: =W45 -> 0
A53: =A52+1 -> 33 | D53: Closing Balance | I53: =SUM(I50:I52) -> 0 | J53: =SUM(J50:J52) -> 0 | K53: =SUM(K50:K52) -> 0 | L53: =SUM(L50:L52) -> 0 | M53: =SUM(M50:M52) -> 0 | N53: =SUM(N50:N52) -> 0 | O53: =SUM(O50:O52) -> 0 | P53: =SUM(P50:P52) -> 0 | ... W53: =SUM(W50:W52) -> 0
A54: =A53+1 -> 34 | D54: Mid-Year Balance | I54: =(I50+I53)/2 -> 0 | J54: =(J50+J53)/2 -> 0 | K54: =(K50+K53)/2 -> 0 | L54: =(L50+L53)/2 -> 0 | M54: =(M50+M53)/2 -> 0 | N54: =(N50+N53)/2 -> 0 | O54: =(O50+O53)/2 -> 0 | P54: =(P50+P53)/2 -> 0 | ... W54: =(W50+W53)/2 -> 0
C56: Depreciation - Federal Income Tax
A57: =A54+1 -> 35 | D57: Opening Balance | I57: 0 | J57: =I60 -> 0 | K57: =J60 -> 0 | L57: =K60 -> 0 | M57: =L60 -> 0 | N57: =M60 -> 0 | O57: =N60 -> 0 | P57: =O60 -> 0 | Q57: =P60 -> 0 | ... W57: =V60 -> 0
A58: =A57+1 -> 36 | D58: Capital Additions | I58: =-I38 -> 0 | J58: =-J38 -> 0 | K58: =-K38 -> 0 | L58: =-L38 -> 0 | M58: =-M38 -> 0 | N58: =-N38 -> 0 | O58: =-O38 -> 0 | P58: =-P38 -> 0 | ... W58: =-W38 -> 0
A59: =A58+1 -> 37 | D59: Depreciation - Federal Income Tax | I59: =-I23*I58 -> 0 | J59: =-I23*J58-J23*I58 -> 0 | K59: =-I23*K58-J23*J58-K23*I58 -> 0 | L59: =-I23*L58-J23*K58-K23*J58-L23*I58 -> 0 | M59: =-I23*M58-J23*L58-K23*K58-L23*J58-M23*I58 -> 0 | N59: =-I23*N58-J23*M58-K23*L58-L23*K58-M23*J58-N23*I58 -> 0 | O59: =-I23*O58-J23*N58-K23*M58-L23*L58-M23*K58-N23*J58-O23*I58 -> 0 | P59: =-I23*P58-J23*O58-K23*N58-L23*M58-M23*L58-N23*K58-O23*J58-P23*I58 -> 0 | Q59: =-I23*Q58-J23*P58-K23*O58-L23*N58-M23*M58-N23*L58-O23*K58-P23*J58-Q23*I58 -> 0 | R59: =-I23*R58-J23*Q58-K23*P58-L23*O58-M23*N58-N23*M58-O23*L58-P23*K58-Q23*J58-R23*I58 -> 0 | S59: =-I23*S58-J23*R58-K23*Q58-L23*P58-M23*O58-N23*N58-O23*M58-P23*L58-Q23*K58-R23*J58-S23*I58 -> 0 | T59: =-I23*T58-J23*S58-K23*R58-L23*Q58-M23*P58-N23*O58-O23*N58-P23*M58-Q23*L58-R23*K58-S23*J58-T23*I58 -> 0 | U59: =-I23*U58-J23*T58-K23*S58-L23*R58-M23*Q58-N23*P58-O23*O58-P23*N58-Q23*M58-R23*L58-S23*K58-T23*J58-U23*I58 -> 0 | V59: =-I23*V58-J23*U58-K23*T58-L23*S58-M23*R58-N23*Q58-O23*P58-P23*O58-Q23*N58-R23*M58-S23*L58-T23*K58-U23*J58-V23*I58 -> 0 | W59: =-I23*W58-J23*V58-K23*U58-L23*T58-M23*S58-N23*R58-O23*Q58-P23*P58-Q23*O58-R23*N58-S23*M58-T23*L58-U23*K58-V23*J58-W23*I58 -> 0
A60: =A59+1 -> 38 | D60: Closing Balance | I60: =SUM(I57:I59) -> 0 | J60: =SUM(J57:J59) -> 0 | K60: =SUM(K57:K59) -> 0 | L60: =SUM(L57:L59) -> 0 | M60: =SUM(M57:M59) -> 0 | N60: =SUM(N57:N59) -> 0 | O60: =SUM(O57:O59) -> 0 | P60: =SUM(P57:P59) -> 0 | ... W60: =SUM(W57:W59) -> 0
C62: Depreciation - State Income Tax
A63: =A60+1 -> 39 | D63: Opening Balance | I63: 0 | J63: =I66 -> 0 | K63: =J66 -> 0 | L63: =K66 -> 0 | M63: =L66 -> 0 | N63: =M66 -> 0 | O63: =N66 -> 0 | P63: =O66 -> 0 | Q63: =P66 -> 0 | ... W63: =V66 -> 0
A64: =A63+1 -> 40 | D64: Capital Additions | I64: =-I38 -> 0 | J64: =-J38 -> 0 | K64: =-K38 -> 0 | L64: =-L38 -> 0 | M64: =-M38 -> 0 | N64: =-N38 -> 0 | O64: =-O38 -> 0 | P64: =-P38 -> 0 | ... W64: =-W38 -> 0
A65: =A64+1 -> 41 | D65: Depreciation - State Income Tax | I65: =-I13*$F27*(I63+0.5*I64) -> 0 | J65: =-J13*$F27*(J63+0.5*J64) -> 0 | K65: =-K13*$F27*(K63+0.5*K64) -> 0 | L65: =-L13*$F27*(L63+0.5*L64) -> 0 | M65: =-M13*$F27*(M63+0.5*M64) -> 0 | N65: =-N13*$F27*(N63+0.5*N64) -> 0 | O65: =-O13*$F27*(O63+0.5*O64) -> 0 | P65: =-P13*$F27*(P63+0.5*P64) -> 0 | ... W65: =-W13*$F27*(W63+0.5*W64) -> 0
A66: =A65+1 -> 42 | D66: Closing Balance | I66: =SUM(I63:I65) -> 0 | J66: =SUM(J63:J65) -> 0 | K66: =SUM(K63:K65) -> 0 | L66: =SUM(L63:L65) -> 0 | M66: =SUM(M63:M65) -> 0 | N66: =SUM(N63:N65) -> 0 | O66: =SUM(O63:O65) -> 0 | P66: =SUM(P63:P65) -> 0 | ... W66: =SUM(W63:W65) -> 0
C68: Deferred Income Taxes
A69: =A66+1 -> 43 | D69: Opening Balance | I69: 0 | J69: =I72 -> 0 | K69: =J72 -> 0 | L69: =K72 -> 0 | M69: =L72 -> 0 | N69: =M72 -> 0 | O69: =N72 -> 0 | P69: =O72 -> 0 | Q69: =P72 -> 0 | ... W69: =V72 -> 0
A70: =A69+1 -> 44 | D70: Deferred Income Taxes - Federal | I70: =($F24="Y")*I25*(-I59-I51-I71) -> 0 | J70: =($F24="Y")*J25*(-J59-J51-J71) -> 0 | K70: =($F24="Y")*K25*(-K59-K51-K71) -> 0 | L70: =($F24="Y")*L25*(-L59-L51-L71) -> 0 | M70: =($F24="Y")*M25*(-M59-M51-M71) -> 0 | N70: =($F24="Y")*N25*(-N59-N51-N71) -> 0 | O70: =($F24="Y")*O25*(-O59-O51-O71) -> 0 | P70: =($F24="Y")*P25*(-P59-P51-P71) -> 0 | ... W70: =($F24="Y")*W25*(-W59-W51-W71) -> 0
A71: =A70+1 -> 45 | D71: Deferred Income Taxes - State | I71: =($F28="Y")*I29*(-I65-I51) -> 0 | J71: =($F28="Y")*J29*(-J65-J51) -> 0 | K71: =($F28="Y")*K29*(-K65-K51) -> 0 | L71: =($F28="Y")*L29*(-L65-L51) -> 0 | M71: =($F28="Y")*M29*(-M65-M51) -> 0 | N71: =($F28="Y")*N29*(-N65-N51) -> 0 | O71: =($F28="Y")*O29*(-O65-O51) -> 0 | P71: =($F28="Y")*P29*(-P65-P51) -> 0 | ... W71: =($F28="Y")*W29*(-W65-W51) -> 0
A72: =A71+1 -> 46 | D72: Closing Balance | I72: =SUM(I69:I71) -> 0 | J72: =SUM(J69:J71) -> 0 | K72: =SUM(K69:K71) -> 0 | L72: =SUM(L69:L71) -> 0 | M72: =SUM(M69:M71) -> 0 | N72: =SUM(N69:N71) -> 0 | O72: =SUM(O69:O71) -> 0 | P72: =SUM(P69:P71) -> 0 | ... W72: =SUM(W69:W71) -> 0
A73: =A72+1 -> 47 | D73: Mid-Year Balance | I73: =(I69+I72)/2 -> 0 | J73: =(J69+J72)/2 -> 0 | K73: =(K69+K72)/2 -> 0 | L73: =(L69+L72)/2 -> 0 | M73: =(M69+M72)/2 -> 0 | N73: =(N69+N72)/2 -> 0 | O73: =(O69+O72)/2 -> 0 | P73: =(P69+P72)/2 -> 0 | ... W73: =(W69+W72)/2 -> 0
C75: Mid-Year Rate Base
A76: =A73+1 -> 48 | D76: Gross Property | I76: =I47 -> 0 | J76: =J47 -> 0 | K76: =K47 -> 0 | L76: =L47 -> 0 | M76: =M47 -> 0 | N76: =N47 -> 0 | O76: =O47 -> 0 | P76: =P47 -> 0 | ... W76: =W47 -> 0
A77: =A76+1 -> 49 | D77: Accumulated Depreciation | I77: =-I54 -> 0 | J77: =-J54 -> 0 | K77: =-K54 -> 0 | L77: =-L54 -> 0 | M77: =-M54 -> 0 | N77: =-N54 -> 0 | O77: =-O54 -> 0 | P77: =-P54 -> 0 | ... W77: =-W54 -> 0
A78: =A77+1 -> 50 | D78: CWIP in Rate Base | I78: =($F11="Y")*I40 -> 0 | J78: =($F11="Y")*J40 -> 0 | K78: =($F11="Y")*K40 -> 0 | L78: =($F11="Y")*L40 -> 0 | M78: =($F11="Y")*M40 -> 0 | N78: =($F11="Y")*N40 -> 0 | O78: =($F11="Y")*O40 -> 0 | P78: =($F11="Y")*P40 -> 0 | ... W78: =($F11="Y")*W40 -> 0
A79: =A78+1 -> 51 | D79: Deferred Income Tax Account | I79: =-I73 -> 0 | J79: =-J73 -> 0 | K79: =-K73 -> 0 | L79: =-L73 -> 0 | M79: =-M73 -> 0 | N79: =-N73 -> 0 | O79: =-O73 -> 0 | P79: =-P73 -> 0 | ... W79: =-W73 -> 0
A80: =A79+1 -> 52 | D80: Total | I80: =SUM(I76:I79) -> 0 | J80: =SUM(J76:J79) -> 0 | K80: =SUM(K76:K79) -> 0 | L80: =SUM(L76:L79) -> 0 | M80: =SUM(M76:M79) -> 0 | N80: =SUM(N76:N79) -> 0 | O80: =SUM(O76:O79) -> 0 | P80: =SUM(P76:P79) -> 0 | ... W80: =SUM(W76:W79) -> 0
C82: Revenue Requirements
A83: =A80+1 -> 53 | D83: Amortization | I83: =I51 -> 0 | J83: =J51 -> 0 | K83: =K51 -> 0 | L83: =L51 -> 0 | M83: =M51 -> 0 | N83: =N51 -> 0 | O83: =O51 -> 0 | P83: =P51 -> 0 | ... W83: =W51 -> 0
A84: =A83+1 -> 54 | D84: Cost of Debt | I84: =I15*I16*I80 -> 0 | J84: =J15*J16*J80 -> 0 | K84: =K15*K16*K80 -> 0 | L84: =L15*L16*L80 -> 0 | M84: =M15*M16*M80 -> 0 | N84: =N15*N16*N80 -> 0 | O84: =O15*O16*O80 -> 0 | P84: =P15*P16*P80 -> 0 | ... W84: =W15*W16*W80 -> 0
A85: =A84+1 -> 55 | D85: Cost of Equity | I85: =I18*I19*I80 -> 0 | J85: =J18*J19*J80 -> 0 | K85: =K18*K19*K80 -> 0 | L85: =L18*L19*L80 -> 0 | M85: =M18*M19*M80 -> 0 | N85: =N18*N19*N80 -> 0 | O85: =O18*O19*O80 -> 0 | P85: =P18*P19*P80 -> 0 | ... W85: =W18*W19*W80 -> 0
A86: =A85+1 -> 56 | D86: Income Taxes - Federal | I86: =IF($F24="Y",I85*I25/(1-I25),I85*I25/(1-I25)+(I51+I59)*I25) -> 0 | J86: =IF($F24="Y",J85*J25/(1-J25),J85*J25/(1-J25)+(J51+J59)*J25) -> 0 | K86: =IF($F24="Y",K85*K25/(1-K25),K85*K25/(1-K25)+(K51+K59)*K25) -> 0 | L86: =IF($F24="Y",L85*L25/(1-L25),L85*L25/(1-L25)+(L51+L59)*L25) -> 0 | M86: =IF($F24="Y",M85*M25/(1-M25),M85*M25/(1-M25)+(M51+M59)*M25) -> 0 | N86: =IF($F24="Y",N85*N25/(1-N25),N85*N25/(1-N25)+(N51+N59)*N25) -> 0 | O86: =IF($F24="Y",O85*O25/(1-O25),O85*O25/(1-O25)+(O51+O59)*O25) -> 0 | P86: =IF($F24="Y",P85*P25/(1-P25),P85*P25/(1-P25)+(P51+P59)*P25) -> 0 | ... W86: =IF($F24="Y",W85*W25/(1-W25),W85*W25/(1-W25)+(W51+W59)*W25) -> 0
A87: =A86+1 -> 57 | D87: Income Taxes - State | I87: =IF($F28="Y",(I85+I86)*I29/(1-I29),(I85+I86)*I29/(1-I29)+(I51+I65)*I29) -> 0 | J87: =IF($F28="Y",(J85+J86)*J29/(1-J29),(J85+J86)*J29/(1-J29)+(J51+J65)*J29) -> 0 | K87: =IF($F28="Y",(K85+K86)*K29/(1-K29),(K85+K86)*K29/(1-K29)+(K51+K65)*K29) -> 0 | L87: =IF($F28="Y",(L85+L86)*L29/(1-L29),(L85+L86)*L29/(1-L29)+(L51+L65)*L29) -> 0 | M87: =IF($F28="Y",(M85+M86)*M29/(1-M29),(M85+M86)*M29/(1-M29)+(M51+M65)*M29) -> 0 | N87: =IF($F28="Y",(N85+N86)*N29/(1-N29),(N85+N86)*N29/(1-N29)+(N51+N65)*N29) -> 0 | O87: =IF($F28="Y",(O85+O86)*O29/(1-O29),(O85+O86)*O29/(1-O29)+(O51+O65)*O29) -> 0 | P87: =IF($F28="Y",(P85+P86)*P29/(1-P29),(P85+P86)*P29/(1-P29)+(P51+P65)*P29) -> 0 | ... W87: =IF($F28="Y",(W85+W86)*W29/(1-W29),(W85+W86)*W29/(1-W29)+(W51+W65)*W29) -> 0
A88: =A87+1 -> 58 | D88: Operations & Maintenance | I88: 0 | J88: =(J80>0)*(I88*(1+J32)+(I44+I45)*J31) -> 0 | K88: =(K80>0)*(J88*(1+K32)+J44*K31) -> 0 | L88: =(L80>0)*(K88*(1+L32)+K44*L31) -> 0 | M88: =(M80>0)*(L88*(1+M32)+L44*M31) -> 0 | N88: =(N80>0)*(M88*(1+N32)+M44*N31) -> 0 | O88: =(O80>0)*(N88*(1+O32)+N44*O31) -> 0 | P88: =(P80>0)*(O88*(1+P32)+O44*P31) -> 0 | Q88: =(Q80>0)*(P88*(1+Q32)+P44*Q31) -> 0 | R88: =(R80>0)*(Q88*(1+R32)+Q44*R31) -> 0 | ... W88: =(W80>0)*(V88*(1+W32)+V44*W31) -> 0
A89: =A88+1 -> 59 | D89: Total | I89: =SUM(I83:I88) -> 0 | J89: =SUM(J83:J88) -> 0 | K89: =SUM(K83:K88) -> 0 | L89: =SUM(L83:L88) -> 0 | M89: =SUM(M83:M88) -> 0 | N89: =SUM(N83:N88) -> 0 | O89: =SUM(O83:O88) -> 0 | P89: =SUM(P83:P88) -> 0 | ... W89: =SUM(W83:W88) -> 0
C91: Link
A92: =A89+1 -> 60 | D92: CAISO 2024-2025 Transmission Plan High Voltage Transmission Access Charge Capital Costs | K92: https://www.caiso.com/documents/2024-2025-transmission-access-charge-high-voltage-capital-cost-estimates.xlsx

Sheet Calcite
A1: Project: | E1: Calcite | F1: CAISO PUBLIC
A2: ($ million)
F3: Reference | H3: =Existing!H3 -> 2025 | I3: =Existing!I3 -> 2026 | J3: =Existing!J3 -> 2027 | K3: =Existing!K3 -> 2028 | L3: =Existing!L3 -> 2029 | M3: =Existing!M3 -> 2030 | N3: =Existing!N3 -> 2031 | O3: =Existing!O3 -> 2032 | ... W3: =Existing!W3 -> 2040
A4: Line | E4: Column | H4: 0 | I4: 1 | J4: =I4+1 -> 2 | K4: =J4+1 -> 3 | L4: =K4+1 -> 4 | M4: =L4+1 -> 5 | N4: =M4+1 -> 6 | O4: =N4+1 -> 7 | P4: =O4+1 -> 8 | Q4: =P4+1 -> 9 | ... W4: =V4+1 -> 15
C6: Forecast Assumptions:
A7: 1 | D7: In-Service Year (yyyy) | F7: 2023
A8: =A7+1 -> 2 | D8: Capital Expenditures (nominal $ millions) | I8: 0 | J8: 33.463696 | K8: 4.2332393 | L8: 27.30596 | W8: 0
A10: =A8+1 -> 3 | D10: CWIP Carrying Cost (IDC or AFUDC) | F10: AFUDC
A11: =A10+1 -> 4 | D11: CWIP in Rate Base (Y or N) | F11: Y
A13: =A11+1 -> 5 | D13: Depreciation Rate (%) | F13: 0.025 | I13: =$F13 -> 0.025 | J13: =$F13 -> 0.025 | K13: =$F13 -> 0.025 | L13: =$F13 -> 0.025 | M13: =$F13 -> 0.025 | N13: =$F13 -> 0.025 | O13: =$F13 -> 0.025 | P13: =$F13 -> 0.025 | ... W13: =$F13 -> 0.025
A15: =A13+1 -> 6 | D15: Debt (% of Capital) | F15: 0.5 | I15: =$F15 -> 0.5 | J15: =$F15 -> 0.5 | K15: =$F15 -> 0.5 | L15: =$F15 -> 0.5 | M15: =$F15 -> 0.5 | N15: =$F15 -> 0.5 | O15: =$F15 -> 0.5 | P15: =$F15 -> 0.5 | ... W15: =$F15 -> 0.5
A16: =A15+1 -> 7 | D16: Cost of Debt (%) | F16: 0.06 | I16: =$F16 -> 0.06 | J16: =$F16 -> 0.06 | K16: =$F16 -> 0.06 | L16: =$F16 -> 0.06 | M16: =$F16 -> 0.06 | N16: =$F16 -> 0.06 | O16: =$F16 -> 0.06 | P16: =$F16 -> 0.06 | ... W16: =$F16 -> 0.06
A18: =A16+1 -> 8 | D18: Equity (% of Capital) | I18: =1-I15 -> 0.5 | J18: =1-J15 -> 0.5 | K18: =1-K15 -> 0.5 | L18: =1-L15 -> 0.5 | M18: =1-M15 -> 0.5 | N18: =1-N15 -> 0.5 | O18: =1-O15 -> 0.5 | P18: =1-P15 -> 0.5 | ... W18: =1-W15 -> 0.5
A19: =A18+1 -> 9 | D19: Cost of Equity (%) | F19: 0.11 | I19: =$F19 -> 0.11 | J19: =$F19 -> 0.11 | K19: =$F19 -> 0.11 | L19: =$F19 -> 0.11 | M19: =$F19 -> 0.11 | N19: =$F19 -> 0.11 | O19: =$F19 -> 0.11 | P19: =$F19 -> 0.11 | ... W19: =$F19 -> 0.11
A21: =A19+1 -> 10 | D21: Average Return Rate | I21: =I15*I16+I18*I19 -> 0.085 | J21: =J15*J16+J18*J19 -> 0.085 | K21: =K15*K16+K18*K19 -> 0.085 | L21: =L15*L16+L18*L19 -> 0.085 | M21: =M15*M16+M18*M19 -> 0.085 | N21: =N15*N16+N18*N19 -> 0.085 | O21: =O15*O16+O18*O19 -> 0.085 | P21: =P15*P16+P18*P19 -> 0.085 | ... W21: =W15*W16+W18*W19 -> 0.085
A23: =A21+1 -> 11 | D23: Federal Income Tax (MACRS 15-year) | I23: 0.05 | J23: =MAX(0.1*(1-SUM($I23:I23)),(1-SUM($I23:I23))/(16.5-J4)) -> 0.095 | K23: =MAX(0.1*(1-SUM($I23:J23)),(1-SUM($I23:J23))/(16.5-K4)) -> 0.0855 | L23: =MAX(0.1*(1-SUM($I23:K23)),(1-SUM($I23:K23))/(16.5-L4)) -> 0.07695 | M23: =MAX(0.1*(1-SUM($I23:L23)),(1-SUM($I23:L23))/(16.5-M4)) -> 0.069255 | N23: =MAX(0.1*(1-SUM($I23:M23)),(1-SUM($I23:M23))/(16.5-N4)) -> 0.0623295 | O23: =MAX(0.1*(1-SUM($I23:N23)),(1-SUM($I23:N23))/(16.5-O4)) -> 0.059049 | P23: =MAX(0.1*(1-SUM($I23:O23)),(1-SUM($I23:O23))/(16.5-P4)) -> 0.059049 | Q23: =MAX(0.1*(1-SUM($I23:P23)),(1-SUM($I23:P23))/(16.5-Q4)) -> 0.059049 | ... W23: =MAX(0.1*(1-SUM($I23:V23)),(1-SUM($I23:V23))/(16.5-W4)) -> 0.059049 | X23: =MAX(0.1*(1-SUM($I23:W23)),(1-SUM($I23:W23))/0.5)/2 -> 0.0295245
A24: =A23+1 -> 12 | D24: Deferred Federal Income Tax (Y or N) | F24: Y
A25: =A24+1 -> 13 | D25: Federal Income Tax Rate (%) | F25: 0.21 | I25: =$F25 -> 0.21 | J25: =$F25 -> 0.21 | K25: =$F25 -> 0.21 | L25: =$F25 -> 0.21 | M25: =$F25 -> 0.21 | N25: =$F25 -> 0.21 | O25: =$F25 -> 0.21 | P25: =$F25 -> 0.21 | ... W25: =$F25 -> 0.21
A27: =A25+1 -> 14 | D27: State Income Tax Declining Balance (%) | F27: 2
A28: =A27+1 -> 15 | D28: Deferred State Income Tax (Y or N) | F28: Y
A29: =A28+1 -> 16 | D29: State Income Tax Rate | F29: 0.0884 | I29: =$F29 -> 0.0884 | J29: =$F29 -> 0.0884 | K29: =$F29 -> 0.0884 | L29: =$F29 -> 0.0884 | M29: =$F29 -> 0.0884 | N29: =$F29 -> 0.0884 | O29: =$F29 -> 0.0884 | P29: =$F29 -> 0.0884 | ... W29: =$F29 -> 0.0884
A31: =A29+1 -> 17 | D31: O&M (% of Capital Additions) | F31: 0.02 | I31: =$F31 -> 0.02 | J31: =$F31 -> 0.02 | K31: =$F31 -> 0.02 | L31: =$F31 -> 0.02 | M31: =$F31 -> 0.02 | N31: =$F31 -> 0.02 | O31: =$F31 -> 0.02 | P31: =$F31 -> 0.02 | ... W31: =$F31 -> 0.02
A32: =A31+1 -> 18 | D32: O&M Escalation Rate (%) | F32: 0.02 | I32: =$F32 -> 0.02 | J32: =$F32 -> 0.02 | K32: =$F32 -> 0.02 | L32: =$F32 -> 0.02 | M32: =$F32 -> 0.02 | N32: =$F32 -> 0.02 | O32: =$F32 -> 0.02 | P32: =$F32 -> 0.02 | ... W32: =$F32 -> 0.02
C34: Construction Work in Progress
A35: =A32+1 -> 19 | D35: Opening Balance | I35: 0 | J35: =I39 -> 0 | K35: =J39 -> 0 | L35: =K39 -> 0 | M35: =L39 -> 0 | N35: =M39 -> 0 | O35: =N39 -> 0 | P35: =O39 -> 0 | Q35: =P39 -> 0 | ... W35: =V39 -> 0
A36: =A35+1 -> 20 | D36: Capital Expenditures | I36: =I8 -> 0 | J36: =J8 -> 33.463696 | K36: =K8 -> 4.2332393 | L36: =L8 -> 27.30596 | M36: =M8 -> 0 | N36: =N8 -> 0 | O36: =O8 -> 0 | P36: =P8 -> 0 | ... W36: =W8 -> 0
A37: =A36+1 -> 21 | D37: =IF(F11="Y","N/A (CWIP in Rate Base)", IF(F10="IDC","Interest During Construction","AFUDC")) -> N/A (CWIP in Rate Base) | I37: =($F11="N")*((I3<$F7)*(I16*($F10="IDC")+I21*($F10="AFUDC"))*(I35+0.5*I36)+(I3>=$F7)*0.5*I35*(I16*($F10="IDC")+I21*($F10="AFUDC"))/(1+0.5*(I16*($F10="IDC")+I21*($F10="AFUDC")))) -> 0 | J37: =($F11="N")*((J3<$F7)*(J16*($F10="IDC")+J21*($F10="AFUDC"))*(J35+0.5*J36)+(J3>=$F7)*0.5*J35*(J16*($F10="IDC")+J21*($F10="AFUDC"))/(1+0.5*(J16*($F10="IDC")+J21*($F10="AFUDC")))) -> 0 | K37: =($F11="N")*((K3<$F7)*(K16*($F10="IDC")+K21*($F10="AFUDC"))*(K35+0.5*K36)+(K3>=$F7)*0.5*K35*(K16*($F10="IDC")+K21*($F10="AFUDC"))/(1+0.5*(K16*($F10="IDC")+K21*($F10="AFUDC")))) -> 0 | L37: =($F11="N")*((L3<$F7)*(L16*($F10="IDC")+L21*($F10="AFUDC"))*(L35+0.5*L36)+(L3>=$F7)*0.5*L35*(L16*($F10="IDC")+L21*($F10="AFUDC"))/(1+0.5*(L16*($F10="IDC")+L21*($F10="AFUDC")))) -> 0 | M37: =($F11="N")*((M3<$F7)*(M16*($F10="IDC")+M21*($F10="AFUDC"))*(M35+0.5*M36)+(M3>=$F7)*0.5*M35*(M16*($F10="IDC")+M21*($F10="AFUDC"))/(1+0.5*(M16*($F10="IDC")+M21*($F10="AFUDC")))) -> 0 | N37: =($F11="N")*((N3<$F7)*(N16*($F10="IDC")+N21*($F10="AFUDC"))*(N35+0.5*N36)+(N3>=$F7)*0.5*N35*(N16*($F10="IDC")+N21*($F10="AFUDC"))/(1+0.5*(N16*($F10="IDC")+N21*($F10="AFUDC")))) -> 0 | O37: =($F11="N")*((O3<$F7)*(O16*($F10="IDC")+O21*($F10="AFUDC"))*(O35+0.5*O36)+(O3>=$F7)*0.5*O35*(O16*($F10="IDC")+O21*($F10="AFUDC"))/(1+0.5*(O16*($F10="IDC")+O21*($F10="AFUDC")))) -> 0 | P37: =($F11="N")*((P3<$F7)*(P16*($F10="IDC")+P21*($F10="AFUDC"))*(P35+0.5*P36)+(P3>=$F7)*0.5*P35*(P16*($F10="IDC")+P21*($F10="AFUDC"))/(1+0.5*(P16*($F10="IDC")+P21*($F10="AFUDC")))) -> 0 | ... W37: =($F11="N")*((W3<$F7)*(W16*($F10="IDC")+W21*($F10="AFUDC"))*(W35+0.5*W36)+(W3>=$F7)*0.5*W35*(W16*($F10="IDC")+W21*($F10="AFUDC"))/(1+0.5*(W16*($F10="IDC")+W21*($F10="AFUDC")))) -> 0
A38: =A37+1 -> 22 | D38: Capital Additions | I38: =IF(I3>=$F7,-SUM(I35:I37),0) -> 0 | J38: =IF(J3>=$F7,-SUM(J35:J37),0) -> -33.463696 | K38: =IF(K3>=$F7,-SUM(K35:K37),0) -> -4.2332393 | L38: =IF(L3>=$F7,-SUM(L35:L37),0) -> -27.30596 | M38: =IF(M3>=$F7,-SUM(M35:M37),0) -> 0 | N38: =IF(N3>=$F7,-SUM(N35:N37),0) -> 0 | O38: =IF(O3>=$F7,-SUM(O35:O37),0) -> 0 | P38: =IF(P3>=$F7,-SUM(P35:P37),0) -> 0 | ... W38: =IF(W3>=$F7,-SUM(W35:W37),0) -> 0
A39: =A38+1 -> 23 | D39: Closing Balance | I39: =SUM(I35:I38) -> 0 | J39: =SUM(J35:J38) -> 0 | K39: =SUM(K35:K38) -> 0 | L39: =SUM(L35:L38) -> 0 | M39: =SUM(M35:M38) -> 0 | N39: =SUM(N35:N38) -> 0 | O39: =SUM(O35:O38) -> 0 | P39: =SUM(P35:P38) -> 0 | ... W39: =SUM(W35:W38) -> 0
A40: =A39+1 -> 24 | D40: Mid-Year Balance | I40: =(I35+I39)/2 -> 0 | J40: =(J35+J39)/2 -> 0 | K40: =(K35+K39)/2 -> 0 | L40: =(L35+L39)/2 -> 0 | M40: =(M35+M39)/2 -> 0 | N40: =(N35+N39)/2 -> 0 | O40: =(O35+O39)/2 -> 0 | P40: =(P35+P39)/2 -> 0 | ... W40: =(W35+W39)/2 -> 0
C42: Gross Plant
A43: =A40+1 -> 25 | D43: Opening Balance | I43: 0 | J43: =I46 -> 0 | K43: =J46 -> 33.463696 | L43: =K46 -> 37.696936 | M43: =L46 -> 65.002896 | N43: =M46 -> 65.002896 | O43: =N46 -> 65.002896 | P43: =O46 -> 65.002896 | Q43: =P46 -> 65.002896 | ... W43: =V46 -> 65.002896
A44: =A43+1 -> 26 | D44: Capital Additions | I44: =-I38 -> 0 | J44: =-J38 -> 33.463696 | K44: =-K38 -> 4.2332393 | L44: =-L38 -> 27.30596 | M44: =-M38 -> 0 | N44: =-N38 -> 0 | O44: =-O38 -> 0 | P44: =-P38 -> 0 | ... W44: =-W38 -> 0
A45: =A44+1 -> 27 | D45: Retirements | I45: =IF((I43+I44)>(I50+I51),0,-(I43+I44)) -> 0 | J45: =IF((J43+J44)>(J50+J51),0,-(J43+J44)) -> 0 | K45: =IF((K43+K44)>(K50+K51),0,-(K43+K44)) -> 0 | L45: =IF((L43+L44)>(L50+L51),0,-(L43+L44)) -> 0 | M45: =IF((M43+M44)>(M50+M51),0,-(M43+M44)) -> 0 | N45: =IF((N43+N44)>(N50+N51),0,-(N43+N44)) -> 0 | O45: =IF((O43+O44)>(O50+O51),0,-(O43+O44)) -> 0 | P45: =IF((P43+P44)>(P50+P51),0,-(P43+P44)) -> 0 | ... W45: =IF((W43+W44)>(W50+W51),0,-(W43+W44)) -> 0
A46: =A45+1 -> 28 | D46: Closing Balance | I46: =SUM(I43:I45) -> 0 | J46: =SUM(J43:J45) -> 33.463696 | K46: =SUM(K43:K45) -> 37.696936 | L46: =SUM(L43:L45) -> 65.002896 | M46: =SUM(M43:M45) -> 65.002896 | N46: =SUM(N43:N45) -> 65.002896 | O46: =SUM(O43:O45) -> 65.002896 | P46: =SUM(P43:P45) -> 65.002896 | ... W46: =SUM(W43:W45) -> 65.002896
A47: =A46+1 -> 29 | D47: Mid-Year Balance | I47: =(I43+I46)/2 -> 0 | J47: =(J43+J46)/2 -> 16.731848 | K47: =(K43+K46)/2 -> 35.580316 | L47: =(L43+L46)/2 -> 51.349916 | M47: =(M43+M46)/2 -> 65.002896 | N47: =(N43+N46)/2 -> 65.002896 | O47: =(O43+O46)/2 -> 65.002896 | P47: =(P43+P46)/2 -> 65.002896 | ... W47: =(W43+W46)/2 -> 65.002896
C49: Accumulated Depreciation
A50: =A47+1 -> 30 | D50: Opening Balance | I50: 0 | J50: =I53 -> 0 | K50: =J53 -> 0.41829621 | L50: =K53 -> 1.3078041 | M50: =L53 -> 2.591552 | N50: =M53 -> 4.2166244 | O50: =N53 -> 5.8416968 | P50: =O53 -> 7.4667692 | Q50: =P53 -> 9.0918416 | ... W50: =V53 -> 18.842276
A51: =A50+1 -> 31 | D51: Depreciation | I51: =MAX(I13*(I43+0.5*I44),0) -> 0 | J51: =MIN(J13*(J43+0.5*J44),J43+J44-I53) -> 0.41829621 | K51: =MIN(K13*(K43+0.5*K44),K43+K44-J53) -> 0.8895079 | L51: =MIN(L13*(L43+0.5*L44),L43+L44-K53) -> 1.2837479 | M51: =MIN(M13*(M43+0.5*M44),M43+M44-L53) -> 1.6250724 | N51: =MIN(N13*(N43+0.5*N44),N43+N44-M53) -> 1.6250724 | O51: =MIN(O13*(O43+0.5*O44),O43+O44-N53) -> 1.6250724 | P51: =MIN(P13*(P43+0.5*P44),P43+P44-O53) -> 1.6250724 | Q51: =MIN(Q13*(Q43+0.5*Q44),Q43+Q44-P53) -> 1.6250724 | ... W51: =MIN(W13*(W43+0.5*W44),W43+W44-V53) -> 1.6250724
A52: =A51+1 -> 32 | D52: Retirements | I52: =I45 -> 0 | J52: =J45 -> 0 | K52: =K45 -> 0 | L52: =L45 -> 0 | M52: =M45 -> 0 | N52: =N45 -> 0 | O52: =O45 -> 0 | P52: =P45 -> 0 | ... W52: =W45 -> 0
A53: =A52+1 -> 33 | D53: Closing Balance | I53: =SUM(I50:I52) -> 0 | J53: =SUM(J50:J52) -> 0.41829621 | K53: =SUM(K50:K52) -> 1.3078041 | L53: =SUM(L50:L52) -> 2.591552 | M53: =SUM(M50:M52) -> 4.2166244 | N53: =SUM(N50:N52) -> 5.8416968 | O53: =SUM(O50:O52) -> 7.4667692 | P53: =SUM(P50:P52) -> 9.0918416 | ... W53: =SUM(W50:W52) -> 20.467348
A54: =A53+1 -> 34 | D54: Mid-Year Balance | I54: =(I50+I53)/2 -> 0 | J54: =(J50+J53)/2 -> 0.2091481 | K54: =(K50+K53)/2 -> 0.86305016 | L54: =(L50+L53)/2 -> 1.9496781 | M54: =(M50+M53)/2 -> 3.4040882 | N54: =(N50+N53)/2 -> 5.0291606 | O54: =(O50+O53)/2 -> 6.654233 | P54: =(P50+P53)/2 -> 8.2793054 | ... W54: =(W50+W53)/2 -> 19.654812
C56: Depreciation - Federal Income Tax
A57: =A54+1 -> 35 | D57: Opening Balance | I57: 0 | J57: =I60 -> 0 | K57: =J60 -> 31.790512 | L57: =K60 -> 32.633038 | M57: =L60 -> 55.310396 | N57: =M60 -> 49.779356 | O57: =N60 -> 44.801421 | P57: =O60 -> 40.321279 | Q57: =P60 -> 36.190351 | ... W57: =V60 -> 13.070638
A58: =A57+1 -> 36 | D58: Capital Additions | I58: =-I38 -> 0 | J58: =-J38 -> 33.463696 | K58: =-K38 -> 4.2332393 | L58: =-L38 -> 27.30596 | M58: =-M38 -> 0 | N58: =-N38 -> 0 | O58: =-O38 -> 0 | P58: =-P38 -> 0 | ... W58: =-W38 -> 0
A59: =A58+1 -> 37 | D59: Depreciation - Federal Income Tax | I59: =-I23*I58 -> 0 | J59: =-I23*J58-J23*I58 -> -1.6731848 | K59: =-I23*K58-J23*J58-K23*I58 -> -3.3907131 | L59: =-I23*L58-J23*K58-K23*J58-L23*I58 -> -4.6286018 | M59: =-I23*M58-J23*L58-K23*K58-L23*J58-M23*I58 -> -5.5310396 | N59: =-I23*N58-J23*M58-K23*L58-L23*K58-M23*J58-N23*I58 -> -4.9779356 | O59: =-I23*O58-J23*N58-K23*M58-L23*L58-M23*K58-N23*J58-O23*I58 -> -4.4801421 | P59: =-I23*P58-J23*O58-K23*N58-L23*M58-M23*L58-N23*K58-O23*J58-P23*I58 -> -4.1309278 | Q59: =-I23*Q58-J23*P58-K23*O58-L23*N58-M23*M58-N23*L58-O23*K58-P23*J58-Q23*I58 -> -3.9279332 | R59: =-I23*R58-J23*Q58-K23*P58-L23*O58-M23*N58-N23*M58-O23*L58-P23*K58-Q23*J58-R23*I58 -> -3.838356 | S59: =-I23*S58-J23*R58-K23*Q58-L23*P58-M23*O58-N23*N58-O23*M58-P23*L58-Q23*K58-R23*J58-S23*I58 -> -3.838356 | T59: =-I23*T58-J23*S58-K23*R58-L23*Q58-M23*P58-N23*O58-O23*N58-P23*M58-Q23*L58-R23*K58-S23*J58-T23*I58 -> -3.838356 | U59: =-I23*U58-J23*T58-K23*S58-L23*R58-M23*Q58-N23*P58-O23*O58-P23*N58-Q23*M58-R23*L58-S23*K58-T23*J58-U23*I58 -> -3.838356 | V59: =-I23*V58-J23*U58-K23*T58-L23*S58-M23*R58-N23*Q58-O23*P58-P23*O58-Q23*N58-R23*M58-S23*L58-T23*K58-U23*J58-V23*I58 -> -3.838356 | W59: =-I23*W58-J23*V58-K23*U58-L23*T58-M23*S58-N23*R58-O23*Q58-P23*P58-Q23*O58-R23*N58-S23*M58-T23*L58-U23*K58-V23*J58-W23*I58 -> -3.838356
A60: =A59+1 -> 38 | D60: Closing Balance | I60: =SUM(I57:I59) -> 0 | J60: =SUM(J57:J59) -> 31.790512 | K60: =SUM(K57:K59) -> 32.633038 | L60: =SUM(L57:L59) -> 55.310396 | M60: =SUM(M57:M59) -> 49.779356 | N60: =SUM(N57:N59) -> 44.801421 | O60: =SUM(O57:O59) -> 40.321279 | P60: =SUM(P57:P59) -> 36.190351 | ... W60: =SUM(W57:W59) -> 9.2322818
C62: Depreciation - State Income Tax
A63: =A60+1 -> 39 | D63: Opening Balance | I63: 0 | J63: =I66 -> 0 | K63: =J66 -> 32.627104 | L63: =K66 -> 35.123157 | M63: =L66 -> 59.99031 | N63: =M66 -> 56.990795 | O63: =N66 -> 54.141255 | P63: =O66 -> 51.434192 | Q63: =P66 -> 48.862483 | ... W63: =V66 -> 35.918415
A64: =A63+1 -> 40 | D64: Capital Additions | I64: =-I38 -> 0 | J64: =-J38 -> 33.463696 | K64: =-K38 -> 4.2332393 | L64: =-L38 -> 27.30596 | M64: =-M38 -> 0 | N64: =-N38 -> 0 | O64: =-O38 -> 0 | P64: =-P38 -> 0 | ... W64: =-W38 -> 0
A65: =A64+1 -> 41 | D65: Depreciation - State Income Tax | I65: =-I13*$F27*(I63+0.5*I64) -> 0 | J65: =-J13*$F27*(J63+0.5*J64) -> -0.83659241 | K65: =-K13*$F27*(K63+0.5*K64) -> -1.7371862 | L65: =-L13*$F27*(L63+0.5*L64) -> -2.4388069 | M65: =-M13*$F27*(M63+0.5*M64) -> -2.9995155 | N65: =-N13*$F27*(N63+0.5*N64) -> -2.8495397 | O65: =-O13*$F27*(O63+0.5*O64) -> -2.7070628 | P65: =-P13*$F27*(P63+0.5*P64) -> -2.5717096 | ... W65: =-W13*$F27*(W63+0.5*W64) -> -1.7959207
A66: =A65+1 -> 42 | D66: Closing Balance | I66: =SUM(I63:I65) -> 0 | J66: =SUM(J63:J65) -> 32.627104 | K66: =SUM(K63:K65) -> 35.123157 | L66: =SUM(L63:L65) -> 59.99031 | M66: =SUM(M63:M65) -> 56.990795 | N66: =SUM(N63:N65) -> 54.141255 | O66: =SUM(O63:O65) -> 51.434192 | P66: =SUM(P63:P65) -> 48.862483 | ... W66: =SUM(W63:W65) -> 34.122494
C68: Deferred Income Taxes
A69: =A66+1 -> 43 | D69: Opening Balance | I69: 0 | J69: =I72 -> 0 | K69: =J72 -> 0.29273874 | L69: =K72 -> 0.8771903 | M69: =L72 -> 1.6602743 | N69: =M72 -> 2.576513 | O69: =N72 -> 3.3661262 | P69: =O72 -> 4.0412527 | Q69: =P72 -> 4.6335917 | ... W69: =V72 -> 7.6641709
A70: =A69+1 -> 44 | D70: Deferred Income Taxes - Federal | I70: =($F24="Y")*I25*(-I59-I51-I71) -> 0 | J70: =($F24="Y")*J25*(-J59-J51-J71) -> 0.25576136 | K70: =($F24="Y")*K25*(-K59-K51-K71) -> 0.5095168 | L70: =($F24="Y")*L25*(-L59-L51-L71) -> 0.6809768 | M70: =($F24="Y")*M25*(-M59-M51-M71) -> 0.79473795 | N70: =($F24="Y")*N25*(-N59-N51-N71) -> 0.68137027 | O70: =($F24="Y")*O25*(-O59-O51-O71) -> 0.57947856 | P70: =($F24="Y")*P25*(-P59-P51-P71) -> 0.50865625 | ... W70: =($F24="Y")*W25*(-W59-W51-W71) -> 0.46161793
A71: =A70+1 -> 45 | D71: Deferred Income Taxes - State | I71: =($F28="Y")*I29*(-I65-I51) -> 0 | J71: =($F28="Y")*J29*(-J65-J51) -> 0.036977385 | K71: =($F28="Y")*K29*(-K65-K51) -> 0.07493476 | L71: =($F28="Y")*L29*(-L65-L51) -> 0.10210721 | M71: =($F28="Y")*M29*(-M65-M51) -> 0.12150077 | N71: =($F28="Y")*N29*(-N65-N51) -> 0.10824291 | O71: =($F28="Y")*O29*(-O65-O51) -> 0.095647948 | P71: =($F28="Y")*P29*(-P65-P51) -> 0.08368273 | ... W71: =($F28="Y")*W29*(-W65-W51) -> 0.015102994
A72: =A71+1 -> 46 | D72: Closing Balance | I72: =SUM(I69:I71) -> 0 | J72: =SUM(J69:J71) -> 0.29273874 | K72: =SUM(K69:K71) -> 0.8771903 | L72: =SUM(L69:L71) -> 1.6602743 | M72: =SUM(M69:M71) -> 2.576513 | N72: =SUM(N69:N71) -> 3.3661262 | O72: =SUM(O69:O71) -> 4.0412527 | P72: =SUM(P69:P71) -> 4.6335917 | ... W72: =SUM(W69:W71) -> 8.1408918
A73: =A72+1 -> 47 | D73: Mid-Year Balance | I73: =(I69+I72)/2 -> 0 | J73: =(J69+J72)/2 -> 0.14636937 | K73: =(K69+K72)/2 -> 0.58496452 | L73: =(L69+L72)/2 -> 1.2687323 | M73: =(M69+M72)/2 -> 2.1183937 | N73: =(N69+N72)/2 -> 2.9713196 | O73: =(O69+O72)/2 -> 3.7036895 | P73: =(P69+P72)/2 -> 4.3374222 | ... W73: =(W69+W72)/2 -> 7.9025313
C75: Mid-Year Rate Base
A76: =A73+1 -> 48 | D76: Gross Property | I76: =I47 -> 0 | J76: =J47 -> 16.731848 | K76: =K47 -> 35.580316 | L76: =L47 -> 51.349916 | M76: =M47 -> 65.002896 | N76: =N47 -> 65.002896 | O76: =O47 -> 65.002896 | P76: =P47 -> 65.002896 | ... W76: =W47 -> 65.002896
A77: =A76+1 -> 49 | D77: Accumulated Depreciation | I77: =-I54 -> 0 | J77: =-J54 -> -0.2091481 | K77: =-K54 -> -0.86305016 | L77: =-L54 -> -1.9496781 | M77: =-M54 -> -3.4040882 | N77: =-N54 -> -5.0291606 | O77: =-O54 -> -6.654233 | P77: =-P54 -> -8.2793054 | ... W77: =-W54 -> -19.654812
A78: =A77+1 -> 50 | D78: CWIP in Rate Base | I78: =($F11="Y")*I40 -> 0 | J78: =($F11="Y")*J40 -> 0 | K78: =($F11="Y")*K40 -> 0 | L78: =($F11="Y")*L40 -> 0 | M78: =($F11="Y")*M40 -> 0 | N78: =($F11="Y")*N40 -> 0 | O78: =($F11="Y")*O40 -> 0 | P78: =($F11="Y")*P40 -> 0 | ... W78: =($F11="Y")*W40 -> 0
A79: =A78+1 -> 51 | D79: Deferred Income Tax Account | I79: =-I73 -> 0 | J79: =-J73 -> -0.14636937 | K79: =-K73 -> -0.58496452 | L79: =-L73 -> -1.2687323 | M79: =-M73 -> -2.1183937 | N79: =-N73 -> -2.9713196 | O79: =-O73 -> -3.7036895 | P79: =-P73 -> -4.3374222 | ... W79: =-W73 -> -7.9025313
A80: =A79+1 -> 52 | D80: Total | I80: =SUM(I76:I79) -> 0 | J80: =SUM(J76:J79) -> 16.376331 | K80: =SUM(K76:K79) -> 34.132301 | L80: =SUM(L76:L79) -> 48.131505 | M80: =SUM(M76:M79) -> 59.480414 | N80: =SUM(N76:N79) -> 57.002416 | O80: =SUM(O76:O79) -> 54.644973 | P80: =SUM(P76:P79) -> 52.386168 | ... W80: =SUM(W76:W79) -> 37.445552
C82: Revenue Requirements
A83: =A80+1 -> 53 | D83: Amortization | I83: =I51 -> 0 | J83: =J51 -> 0.41829621 | K83: =K51 -> 0.8895079 | L83: =L51 -> 1.2837479 | M83: =M51 -> 1.6250724 | N83: =N51 -> 1.6250724 | O83: =O51 -> 1.6250724 | P83: =P51 -> 1.6250724 | ... W83: =W51 -> 1.6250724
A84: =A83+1 -> 54 | D84: Cost of Debt | I84: =I15*I16*I80 -> 0 | J84: =J15*J16*J80 -> 0.49128992 | K84: =K15*K16*K80 -> 1.023969 | L84: =L15*L16*L80 -> 1.4439452 | M84: =M15*M16*M80 -> 1.7844124 | N84: =N15*N16*N80 -> 1.7100725 | O84: =O15*O16*O80 -> 1.6393492 | P84: =P15*P16*P80 -> 1.571585 | ... W84: =W15*W16*W80 -> 1.1233666
A85: =A84+1 -> 55 | D85: Cost of Equity | I85: =I18*I19*I80 -> 0 | J85: =J18*J19*J80 -> 0.90069819 | K85: =K18*K19*K80 -> 1.8772766 | L85: =L18*L19*L80 -> 2.6472328 | M85: =M18*M19*M80 -> 3.2714228 | N85: =N18*N19*N80 -> 3.1351329 | O85: =O18*O19*O80 -> 3.0054735 | P85: =P18*P19*P80 -> 2.8812392 | ... W85: =W18*W19*W80 -> 2.0595054
A86: =A85+1 -> 56 | D86: Income Taxes - Federal | I86: =IF($F24="Y",I85*I25/(1-I25),I85*I25/(1-I25)+(I51+I59)*I25) -> 0 | J86: =IF($F24="Y",J85*J25/(1-J25),J85*J25/(1-J25)+(J51+J59)*J25) -> 0.2394261 | K86: =IF($F24="Y",K85*K25/(1-K25),K85*K25/(1-K25)+(K51+K59)*K25) -> 0.49902289 | L86: =IF($F24="Y",L85*L25/(1-L25),L85*L25/(1-L25)+(L51+L59)*L25) -> 0.70369479 | M86: =IF($F24="Y",M85*M25/(1-M25),M85*M25/(1-M25)+(M51+M59)*M25) -> 0.86961871 | N86: =IF($F24="Y",N85*N25/(1-N25),N85*N25/(1-N25)+(N51+N59)*N25) -> 0.83338975 | O86: =IF($F24="Y",O85*O25/(1-O25),O85*O25/(1-O25)+(O51+O59)*O25) -> 0.79892334 | P86: =IF($F24="Y",P85*P25/(1-P25),P85*P25/(1-P25)+(P51+P59)*P25) -> 0.76589904 | ... W86: =IF($F24="Y",W85*W25/(1-W25),W85*W25/(1-W25)+(W51+W59)*W25) -> 0.54746345
A87: =A86+1 -> 57 | D87: Income Taxes - State | I87: =IF($F28="Y",(I85+I86)*I29/(1-I29),(I85+I86)*I29/(1-I29)+(I51+I65)*I29) -> 0 | J87: =IF($F28="Y",(J85+J86)*J29/(1-J29),(J85+J86)*J29/(1-J29)+(J51+J65)*J29) -> 0.11056054 | K87: =IF($F28="Y",(K85+K86)*K29/(1-K29),(K85+K86)*K29/(1-K29)+(K51+K65)*K29) -> 0.23043536 | L87: =IF($F28="Y",(L85+L86)*L29/(1-L29),(L85+L86)*L29/(1-L29)+(L51+L65)*L29) -> 0.32494734 | M87: =IF($F28="Y",(M85+M86)*M29/(1-M29),(M85+M86)*M29/(1-M29)+(M51+M65)*M29) -> 0.40156655 | N87: =IF($F28="Y",(N85+N86)*N29/(1-N29),(N85+N86)*N29/(1-N29)+(N51+N65)*N29) -> 0.38483699 | O87: =IF($F28="Y",(O85+O86)*O29/(1-O29),(O85+O86)*O29/(1-O29)+(O51+O65)*O29) -> 0.36892133 | P87: =IF($F28="Y",(P85+P86)*P29/(1-P29),(P85+P86)*P29/(1-P29)+(P51+P65)*P29) -> 0.35367159 | ... W87: =IF($F28="Y",(W85+W86)*W29/(1-W29),(W85+W86)*W29/(1-W29)+(W51+W65)*W29) -> 0.25280391
A88: =A87+1 -> 58 | D88: Operations & Maintenance | I88: 0 | J88: =(J80>0)*(I88*(1+J32)+(I44+I45)*J31) -> 0 | K88: =(K80>0)*(J88*(1+K32)+J44*K31) -> 0.66927393 | L88: =(L80>0)*(K88*(1+L32)+K44*L31) -> 0.76732419 | M88: =(M80>0)*(L88*(1+M32)+L44*M31) -> 1.3287899 | N88: =(N80>0)*(M88*(1+N32)+M44*N31) -> 1.3553657 | O88: =(O80>0)*(N88*(1+O32)+N44*O31) -> 1.382473 | P88: =(P80>0)*(O88*(1+P32)+O44*P31) -> 1.4101224 | Q88: =(Q80>0)*(P88*(1+Q32)+P44*Q31) -> 1.4383249 | R88: =(R80>0)*(Q88*(1+R32)+Q44*R31) -> 1.4670914 | ... W88: =(W80>0)*(V88*(1+W32)+V44*W31) -> 1.6197874
A89: =A88+1 -> 59 | D89: Total | I89: =SUM(I83:I88) -> 0 | J89: =SUM(J83:J88) -> 2.160271 | K89: =SUM(K83:K88) -> 5.1894857 | L89: =SUM(L83:L88) -> 7.1708922 | M89: =SUM(M83:M88) -> 9.2808827 | N89: =SUM(N83:N88) -> 9.0438701 | O89: =SUM(O83:O88) -> 8.8202128 | P89: =SUM(P83:P88) -> 8.6075898 | ... W89: =SUM(W83:W88) -> 7.2279991
C91: Link
A92: =A89+1 -> 60 | D92: CAISO 2024-2025 Transmission Plan High Voltage Transmission Access Charge Capital Costs | K92: https://www.caiso.com/documents/2024-2025-transmission-access-charge-high-voltage-capital-cost-estimates.xlsx
